 Dungeon Crawl Stone Soup version 0.32-a0-560-g4c7f4391e0 (webtiles) character file.

Game seed: 13810742604643585996

1889999 Asceticacid the Shapeless Vine Stalker (level 27, -27/174 HPs)
             Began as a Vine Stalker Fighter on Feb 28, 2024.
             Was an Initiate of Gozag.
             Annihilated by a seraph
             ... wielding a +3 great sword of flaming
              (56 damage)
             ... on level 21 of a ziggurat on Feb 29, 2024.
             The game lasted 05:43:58 (158317 turns).

Asceticacid the Shapeless Vine Stalker (VSFi)     Turns: 158317, Time: 05:43:59

Health: -27/174    AC: 54    Str: 32    XL:     27
Magic:  0/55       EV: 45    Int: 29    God:    Gozag
Gold:   13040      SH:  0    Dex: 40    Spells: 20/80 levels left

rFire   + + +        a - +3 Elemental Staff {ele, rElec rF+ rC+ AC+3}
rCold   + + +        B - orb of the Lich-sworn {mayhem, Int+3 Summ}
rNeg    + + +        N - +10 shadow dragon scales of the End {+Blink Dex+2 Stlth++++}
rPois   ∞            T - +3 crown of Dyrovepreva {rElec Int+2 SInv}
rElec   +            Z - +1 cloak "Riut Jaipt" {rC+ rCorr Dex+3 Stlth-}
rCorr   +            x - +2 pair of gloves of Virtue {rPois rN+ Str-5 Dex+4}
SInv    +            j - +4 pair of boots of Nipeik {+Inv rN+ Stlth+}
Will    +++++        g - macabre finger necklace {Finger+ rN+}
Stlth   +++++        V - ring "Hoxzeff" {rF+ Str+4 Int+6 Dex+2 Stlth+}
HPRegen 1.29/turn    M - ring "Ofaidem" {*Corrode Will+ Str+5 Int+8}
MPRegen 0.34/turn    F - ring "Husut" {rF+ rC+ rN++ Str+3 Dex+6}

%: corrode self (3%), mayhem, clarity, guardian spirit
@: mighty, brilliant, death-form, resistant, gold aura, hasted, glowing,
studying Ranged Weapons, invisible (but backlit and visible), very quick
A: vile attack, torment immunity, no potions, fangs 3, regeneration 1, magic
shield, antimagic bite, no potion heal 2, clarity, screaming 1, electricity
resistance, noise suppression
}: 15/15 runes: serpentine, barnacled, slimy, silver, golden, iron, obsidian,
icy, bone, abyssal, demonic, glowing, magical, fiery, dark
a: Siphon Essence, Begin Untransformation, Renounce Religion, Evoke Blink, Evoke
Invisibility, Potion Petition, Call Merchant, Bribe Branch


You were on level 21 of a ziggurat.
You worshipped Gozag.
Gozag was extremely pleased with you.
You were an undying horror.
You visited 18 branches of the dungeon, and saw 87 of its levels.
You visited Pandemonium 5 times, and saw 59 of its levels.
You visited the Abyss 5 times.
You visited 1 bazaar.
You visited 4 ziggurats (completing 3), and saw 102 of their levels.
You also visited: Trove, Sewer, Ice Cave and Wizlab.

You collected 156929 gold pieces.
You spent 10098 gold pieces at shops.
You paid 133791 gold pieces to Gozag.

Inventory:

Hand Weapons
 a - the +3 Elemental Staff (weapon) {ele, rElec rF+ rC+ AC+3}
   (You found it on level 19 of a ziggurat)

   AC+3:      It affects your AC (+3).
   rF+:       It protects you from fire.
   rC+:       It protects you from cold.
   rElec:     It insulates you from electricity.
 s - the +8 mithril axe "Arga" {speed, Will+}
   (You found it on level 4 of a ziggurat)

   Will+:     It increases your willpower.
 O - a +0 dagger of distortion
 U - a +2 mace of distortion
Missiles
 I - 17 throwing nets
Armour
 j - the +4 pair of boots of Nipeik (worn) {+Inv rN+ Stlth+}
   (You found it on level 9 of a ziggurat)

   rN+:       It protects you from negative energy.
   +Inv:      It lets you turn invisible.
   Stlth+:    It makes you more stealthy.
 x - the +2 pair of gloves of Virtue (worn) {rPois rN+ Str-5 Dex+4}
   (You found it on level 9 of a ziggurat)

   Str-5:     It affects your strength (-5).
   Dex+4:     It affects your dexterity (+4).
   rPois:     It protects you from poison rN+: It protects you from negative
   energy.
 B - the orb of the Lich-sworn (worn) {mayhem, Int+3 Summ}
   (You took it off a mummy priest on level 2 of the Crypt)

   Int+3:     It affects your intelligence (+3).
   Summ:      It increases the power of your Summonings spells.
 N - the +10 shadow dragon scales of the End (worn) {+Blink Dex+2 Stlth++++}
   (You found it on level 7 of Tartarus)

   Dex+2:     It affects your dexterity (+2).
   +Blink:    It lets you blink.
   Stlth++++: It makes you much more stealthy.
 T - the +3 crown of Dyrovepreva (worn) {rElec Int+2 SInv}
   (You found it on level 26 of a ziggurat)

   Int+2:     It affects your intelligence (+2).
   rElec:     It insulates you from electricity.
   SInv:      It lets you see invisible.
 Z - the +1 cloak "Riut Jaipt" (worn) {rC+ rCorr Dex+3 Stlth-}
   (You found it on level 15 of a ziggurat)

   Dex+3:     It affects your dexterity (+3).
   rC+:       It protects you from cold.
   rCorr:     It protects you from acid and corrosion.
   Stlth-:    It makes you less stealthy.
Jewellery
 g - the macabre finger necklace (around neck) {Finger+ rN+}
   (You found it on level 15 of a ziggurat)

   [amulet of nothing]

   Finger+:   It enables you to equip an extra ring.
   rN+:       It protects you from negative energy.
 i - an amulet of regeneration
 q - the amulet "Lywuodog" {Spirit MP+9 Str+3 SInv}
   (You found it in a treasure trove)

   [amulet of guardian spirit]

   Spirit:    It causes incoming damage to be divided between your reserves of
   health and magic.
   Str+3:     It affects your strength (+3).
   MP+9:      It affects your magic capacity (+9).
   SInv:      It lets you see invisible.
 A - the amulet "Viteat" {RegenMP Rampage Regen+ RegenMP+ SInv}
   (You found it on level 16 of a ziggurat)

   [amulet of magic regeneration]

   RegenMP:   It increases your rate of magic regeneration.
   SInv:      It lets you see invisible.
   Regen+:    It increases your rate of health regeneration.
   Rampage:   It bestows one free step when moving towards enemies.
   RegenMP+:  It increases your rate of magic regeneration.
 C - the amulet of Royalty {RegenMP rF+ Will+ RegenMP+}
   (You found it on level 8 of a ziggurat)

   [amulet of magic regeneration]

   RegenMP:   It increases your rate of magic regeneration.
   rF+:       It protects you from fire.
   Will+:     It increases your willpower.
   RegenMP+:  It increases your rate of magic regeneration.
 F - the ring "Husut" (on amulet) {rF+ rC+ rN++ Str+3 Dex+6}
   (You found it on level 10 of the Dungeon)

   [ring of dexterity]

   Str+3:     It affects your strength (+3).
   Dex+6:     It affects your dexterity (+6).
   rF+:       It protects you from fire.
   rC+:       It protects you from cold.
   rN++:      It greatly protects you from negative energy.
 J - the ring "Dycorol" {rPois Int+6 Dex+3}
   (You found it on level 9 of a ziggurat)

   [ring of intelligence]

   Int+6:     It affects your intelligence (+6).
   Dex+3:     It affects your dexterity (+3).
   rPois:     It protects you from poison
 M - the ring "Ofaidem" (right hand) {*Corrode Will+ Str+5 Int+8}
   (You found it on level 5 of the Pits of Slime)

   [ring of willpower]

   Str+5:     It affects your strength (+5).
   Int+8:     It affects your intelligence (+8).
   Will+:     It increases your willpower.
   *Corrode:  It may corrode you when you take damage.
 P - the ring of Emosurig {rF+ rC+ rN+ rCorr Str+2}
   (You found it on level 25 of a ziggurat)

   [ring of protection from fire]

   Str+2:     It affects your strength (+2).
   rF+:       It protects you from fire.
   rC+:       It protects you from cold.
   rN+:       It protects you from negative energy.
   rCorr:     It protects you from acid and corrosion.
 R - the ring "Cimievao" {rElec MP+9 Dex+2 Slay+4}
   (You found it in Pandemonium)

   [ring of slaying]

   Dex+2:     It affects your dexterity (+2).
   Slay+4:    It affects your accuracy & damage with ranged weapons and melee
   (+4).
   rElec:     It insulates you from electricity.
   MP+9:      It affects your magic capacity (+9).
 V - the ring "Hoxzeff" (left hand) {rF+ Str+4 Int+6 Dex+2 Stlth+}
   (You found it on level 14 of a ziggurat)

   [ring of intelligence]

   Str+4:     It affects your strength (+4).
   Int+6:     It affects your intelligence (+6).
   Dex+2:     It affects your dexterity (+2).
   rF+:       It protects you from fire.
   Stlth+:    It makes you more stealthy.
 W - the amulet of Vitality {Regen++ RegenMP++}
   (You found it on level 11 of a ziggurat)

   [amulet of nothing]

   Regen++:   It increases your rate of health regeneration.
   RegenMP++: It increases your rate of magic regeneration.
Talismans
 u - the death talisman "Quisirid" (active) {Str+3}
   (You found it in a wizard's laboratory)

   [talisman of death]

   Str+3:     It affects your strength (+3).
Wands
 r - a wand of light (267)
 t - a wand of digging (140)
 G - a wand of warping (335)
 K - a wand of paralysis (329)
Scrolls
 c - 12 scrolls of butterflies
 e - 117 scrolls of teleportation
 f - 50 scrolls of enchant armour
 w - 57 scrolls of fog
 y - 25 scrolls of fear
 L - 2 scrolls of acquirement
 X - 61 scrolls of blinking
Potions
 b - 29 potions of experience
 h - 26 potions of haste
 n - 20 potions of magic
 p - 58 potions of curing
 v - a potion of might
 z - 14 potions of resistance
 E - 25 potions of cancellation
 H - 98 potions of mutation
Miscellaneous
 d - a phial of floods
 k - a lightning rod (4/4)
 l - the horn of Geryon
 m - a box of beasts
 o - a condenser vane
 D - a +3 figurine of a ziggurat
 Q - a phantom mirror


   Skills:
 O Level 27 Fighting
 + Level 23.5(26.7) Short Blades
 + Level 21.8(25.9) Long Blades
 + Level 15.3(24.0) Axes
 + Level 26.3(27) Maces & Flails
 + Level 15.1(19.9) Polearms
 + Level 15.3(24.0) Staves
 + Level 24.3 Throwing
 O Level 27 Armour
 O Level 27 Dodging
 O Level 27 Stealth
 O Level 27 Shields
 O Level 27 Unarmed Combat
 O Level 27 Spellcasting
 O Level 27 Conjurations
 + Level 24.6 Hexes
 + Level 23.4 Summonings
 + Level 24.6 Necromancy
 + Level 23.1 Translocations
 O Level 27 Fire Magic
 O Level 27 Ice Magic
 O Level 27 Air Magic
 O Level 27 Earth Magic
 O Level 27 Evocations
 O Level 27 Shapeshifting


You had 20 spell levels left.
You knew the following spells:

 Your Spells              Type           Power      Damage    Failure   Level
a - Ignition              Fire           82%        3d21      1%          8
b - Polar Vortex          Ice            82%        12d10*    1%          9
c - Shatter               Erth           82%        3d59*     1%          9
d - Chain Lightning       Conj/Air       82%        3d109     1%          9
e - Fire Storm            Conj/Fire      82%        8d21      1%          9
f - Maxwell's Capacitive  Air            82%        ∞         1%          8
g - Discord               Hex            67%        N/A       1%          8

Your spell library contained the following spells:

 Spells                   Type           Power      Damage    Failure   Level
 Apportation              Tloc           100%       N/A       0%          1
 Foxfire                  Conj/Fire      100%       2x1d9     0%          1
 Freeze                   Ice            100%       1d10      0%          1
 Kiss of Death            Conj/Necr      100%       2d13      0%          1
 Magic Dart               Conj           100%       1d8       0%          1
 Necrotise                Necr           100%       1d9       0%          1
 Sandblast                Erth           100%       2d20      0%          1
 Shock                    Conj/Air       100%       1d9       0%          1
 Slow                     Hex            100%       N/A       0%          1
 Sting                    Conj/Alch      100%       1d9       0%          1
 Summon Small Mammal      Summ           100%       N/A       0%          1
 Blink                    Tloc           100%       N/A       0%          2
 Call Imp                 Summ           100%       N/A       0%          2
 Cigotuvi's Dreadful Rot  Necr/Alch/Air  100%       N/A       0%          2
 Ensorcelled Hibernation  Hex/Ice        100%       N/A       0%          2
 Jinxbite                 Hex            100%       N/A       0%          2
 Lesser Beckoning         Tloc           100%       N/A       0%          2
 Mercury Vapours          Alch/Air       100%       N/A       0%          2
 Momentum Strike          Conj/Tloc      100%       3d10      0%          2
 Scorch                   Fire           100%       2d9       0%          2
 Searing Ray              Conj           100%       2d8       0%          2
 Static Discharge         Conj/Air       100%       3-8/arc   0%          2
 Sublimation of Blood     Necr           100%       N/A       0%          2
 Call Canine Familiar     Summ           100%       N/A       0%          3
 Confusing Touch          Hex            100%       N/A       0%          3
 Dazzling Flash           Conj/Hex       100%       N/A       0%          3
 Frozen Ramparts          Ice            100%       1d16      0%          3
 Fugue of the Fallen      Necr           100%       N/A       0%          3
 Gell's Gravitas          Tloc           100%       N/A       0%          3
 Hailstorm                Conj/Ice       100%       3d16      0%          3
 Inner Flame              Hex/Fire       100%       N/A       0%          3
 Mephitic Cloud           Conj/Alch/Air  100%       N/A       0%          3
 Ozocubu's Armour         Ice            100%       N/A       0%          3
 Passwall                 Erth           100%       N/A       0%          3
 Sigil of Binding         Hex            100%       N/A       0%          3
 Stone Arrow              Conj/Erth      100%       3d13      0%          3
 Summon Ice Beast         Ice/Summ       100%       N/A       0%          3
 Swiftness                Air            100%       N/A       0%          3
 Teleport Other           Tloc           100%       N/A       0%          3
 Tukima's Dance           Hex            100%       N/A       0%          3
 Vampiric Draining        Necr           100%       2d13      0%          3
 Volatile Blastmotes      Fire/Tloc      100%       2d18      0%          3
 Airstrike                Air            82%        2d(12-28) 0%          4
 Anguish                  Hex/Necr       67%        N/A       0%          4
 Animate Armour           Summ/Erth      100%       N/A       0%          4
 Brom's Barrelling Bould  Conj/Erth      100%       2d11      0%          4
 Cause Fear               Hex            67%        N/A       0%          4
 Dimensional Bullseye     Hex/Tloc       66%        N/A       0%          4
 Dispel Undead            Necr           100%       3d31      0%          4
 Flame Wave               Conj/Fire      100%       2d21      0%          4
 Iskenderun's Mystic Bla  Conj/Tloc      100%       2d19      0%          4
 Manifold Assault         Tloc           100%       N/A       0%          4
 Martyr's Knell           Necr/Summ      100%       N/A       0%          4
 Passage of Golubria      Tloc           100%       N/A       0%          4
 Summon Blazeheart Golem  Fire/Summ      100%       N/A       0%          4
 Summon Lightning Spire   Summ/Air       100%       N/A       0%          4
 Vhi's Electric Charge    Tloc/Air       100%       N/A       0%          4
 Arcjolt                  Conj/Air       82%        1d92      0%          5
 Borgnjor's Vile Clutch   Necr/Erth      81%        N/A       0%          5
 Curse of Agony           Necr           100%       N/A       0%          5
 Fireball                 Conj/Fire      82%        3d30      0%          5
 Freezing Cloud           Conj/Ice/Air   95%        6-21      0%          5
 Iskenderun's Battlesphe  Conj           100%       2d15      0%          5
 Lee's Rapid Deconstruct  Erth           82%        3d36*     0%          5
 Metabolic Englaciation   Hex/Ice        81%        N/A       0%          5
 Silence                  Hex/Air        81%        N/A       0%          5
 Summon Forest            Summ/Tloc      78%        N/A       0%          5
 Summon Mana Viper        Hex/Summ       100%       N/A       0%          5
 Bombard                  Conj/Erth      82%        9d13      0%          6
 Conjure Ball Lightning   Conj/Air       82%        3x3d31    0%          6
 Death Channel            Necr           67%        N/A       0%          6
 Dispersal                Tloc           65%        N/A       0%          6
 Plasma Beam              Fire/Air       95%        2x1d115   0%          6
 Starburst                Conj/Fire      82%        6d21      0%          6
 Summon Cactus Giant      Summ           78%        N/A       0%          6
 Orb of Destruction       Conj           69%        9d16      0%          7
 Ozocubu's Refrigeration  Ice            82%        4d25      0%          7
 Fulminant Prism          Conj/Alch      54%        3d23      1%          4
 Ignite Poison            Fire/Alch      100%       N/A       1%          4
 Leda's Liquefaction      Alch/Erth      66%        N/A       1%          4
 Petrify                  Alch/Erth      100%       N/A       1%          4
 Sticky Flame             Fire/Alch      100%       2d15      1%          4
 Irradiate                Conj/Alch      54%        3d29      1%          5
 Yara's Violent Unravell  Hex/Alch       52%        3d20      1%          5
 Sculpt Simulacrum        Ice/Alch       66%        N/A       1%          6
 Enfeeble                 Hex            67%        N/A       1%          7
 Haunt                    Necr/Summ      79%        N/A       1%          7
 Malign Gateway           Summ/Tloc      78%        N/A       1%          7
 Monstrous Menagerie      Summ           78%        N/A       1%          7
 Spellforged Servitor     Conj/Summ      80%        N/A       1%          7
 Summon Hydra             Summ           78%        N/A       1%          7
 Borgnjor's Revivificati  Necr           67%        N/A       1%          8
 Disjunction              Tloc           65%        N/A       1%          8
 Infestation              Necr           67%        N/A       1%          8
 Lehudib's Crystal Spear  Conj/Erth      82%        10d18     1%          8
 Summon Horrible Things   Summ           78%        N/A       1%          8
 Death's Door             Necr           67%        N/A       5%          9
 Dragon's Call            Summ           78%        N/A       9%          9
 Olgreb's Toxic Radiance  Alch           56%        N/A       12%         4
 Alistair's Intoxication  Alch           37%        N/A       34%         5
 Eringya's Noxious Bog    Alch           28%        4d6       88%         6
 Animate Dead             Necr           Unusable   N/A       N/A         4

Dungeon Overview and Level Annotations

Branches:
Dungeon (15/15)            Temple (1/1) D:7            Lair (5/5) D:10
 Shoals (4/4) Lair:2        Snake (4/4) Lair:2        Slime (5/5) Lair:4
    Orc (2/2) D:11            Elf (3/3) Orc:2        Vaults (5/5) D:14
  Crypt (3/3) Vaults:3       Tomb (3/3) Crypt:3      Depths (4/4) D:15
   Hell (visited)             Dis (7/7) Hell            Geh (7/7) Hell
    Coc (7/7) Hell            Tar (7/7) Hell            Zot (5/5) Depths:4
  Sewer (visited)           IceCv (visited)          WizLab (visited)

Altars:
Ashenzari
Cheibriados
Dithmenos
Elyvilon
Fedhas
Gozag
Hepliaklqana
Kikubaaqudgha
Makhleb
Nemelex Xobeh
Okawaru
Qazlal
Ru
Sif Muna
Trog
Uskayaw
Vehumet
Wu Jian
Xom
Yredelemnul
Zin
The Shining One
Beogh
Jiyva

Shops:
D:14 ?   Orc:2 :=[?(   Elf:1 :   Lair:1 [   Lair:4 [*=*   Shoals:1 :
Shoals:3 *   Snake:2 =:=   Vaults:1 (   Vaults:2 *=[*   Vaults:3 (
Crypt:2 =[[**[[*   Zot:5 *   Depths:1 !=*=   Depths:2 [=*[[[**[**=*[
Depths:3 :   Depths:4 *=*

Portals:
Hell: Depths:1 Depths:2 Depths:3 Depths:4
Abyss: Depths:2 Depths:3
Pandemonium: Depths:2 Depths:4

Annotations:
Elf:3 6 transporters


Innate Abilities, Weirdness & Mutations

You are an undying horror.
Your melee and unarmed attacks drain, slow and weaken victims.
You are immune to unholy pain and torment.
You cannot drink.
You are immune to poison.
You have razor-sharp teeth.
Your natural rate of healing is unusually fast.
When hurt, damage is shared between your health and your magic reserves.
Your bite disrupts and absorbs the magic of your enemies.
Potions cannot restore your health.
You possess an exceptional clarity of mind.
You occasionally shout uncontrollably at your foes.
You are resistant to electric shocks. (rElec)
You passively dampen the noise of your surroundings.


Message History

The seraph is no longer distracted by gold.
The fireball engulfs the daeva!
The daeva is heavily wounded.
The fireball engulfs the seraph.
The seraph completely resists.
The seraph is lightly wounded.
The fireball engulfs the seraph but does no damage.
The fireball engulfs the seraph.
The seraph completely resists.
The seraph is lightly wounded.
The fireball engulfs the seraph.
The seraph completely resists.
The seraph is heavily wounded.
The fireball engulfs the seraph.
The seraph completely resists.
The fireball engulfs the seraph.
The seraph completely resists.
The fireball engulfs the daeva!
The daeva is almost dead.
The fireball engulfs the cherub!
The cherub resists.
The cherub is almost dead.
The fireball engulfs the seraph.
The seraph completely resists.
The seraph is heavily wounded.
The daeva flies into a frenzy! x2; The fireball engulfs the daeva!!
You kill the daeva!
The seraph hits you with a +3 great sword of flaming!!
The seraph burns you.
The seraph hits you with a +3 great sword of flaming!!
The seraph burns you.
The seraph hits something with a +4 great sword of flaming!!!
The seraph burns something.
The cherub unwields a +0 longbow.
The cherub wields a +1 falchion of flaming.
It bursts into flame!
The cherub hits the seraph with a +1 falchion of flaming!!
The cherub bites the seraph but does no damage.
The seraph closely misses the seraph.
The seraph hits the seraph but does no damage.
The seraph hits you with a +3 great sword of flaming!!
* * * LOW HITPOINT WARNING * * *
The seraph burns you.
* * * LOW HITPOINT WARNING * * *
The seraph hits you but does no damage.
The seraph hits you with a +3 great sword of flaming!!!
You die...
Your body crumbles into a pile of gold.

▓▓............
▓▓...........$.
▓▓....$$$.$$.$$A
▓▓..$..$$$$$$.$$.
▓▓.......$$$$$$$$.
▓▓....$....$$.$$$$A
▓▓.....$...§.A$$$$.$
▓▓....§§§$.$§zA$.$$$$
▓.∩...§.§$$.$§A$$$$$$
▓▓....§§$$..$$A$..$$$
▓▓......$$$..$$$$$$$
▓▓...........$$$$$A
▓▓.........$.$$$.$
▓▓......$..$$$..$
▓▓.....$...$....
▓▓........$...


You could see 4 neutral seraphim, 2 neutral daevas and a neutral cherub
(summoned, fast, strong, frenzied, distracted).

Vanquished Creatures
  Cerebov (Pan)
  Antaeus (Coc:7)
  Asmodeus (Geh:7)
  the Royal Jelly (Slime:5)
  Gloorx Vloq (Pan)
  Ereshkigal (Tar:7)
  The ghost of Suwusiqo the Wishgranter, a legendary DjCj of Jiyva (Zig:20)
  The ghost of Suwusiqo the Wishgranter, a legendary DjCj of Jiyva (Zig:20)
  The ghost of Suwusiqo the Wishgranter, a legendary DjCj of Jiyva (Zig:17)
  Mnoleg (Pan)
  The ghost of Tejiel the Englaciator, a legendary GrFi of Fedhas (Zig:8)
  The ghost of Tejiel the Englaciator, a legendary GrFi of Fedhas (Zig:20)
  The ghost of Tejiel the Englaciator, a legendary GrFi of Fedhas (Zig:14)
  The ghost of Tejiel the Englaciator, a legendary GrFi of Fedhas (Zig:20)
  The ghost of Tejiel the Englaciator, a legendary GrFi of Fedhas (Zig:14)
  The ghost of Bines the Petrodigitator, a legendary OpSh of Gozag (Zig:17)
  The ghost of Bines the Petrodigitator, a legendary OpSh of Gozag (Zig:17)
  Lom Lobon (Pan)
  Ignacio (Pan)
  The ghost of Ini Deriu the Infernalist, a legendary DECj of Vehumet (Zig:20)
  the Serpent of Hell (Dis:7)
  9 seraphim
  The ghost of Pixogrep the Metallomancer, a legendary OpCj of Gozag (Zig:14)
  The ghost of Pixogrep the Metallomancer, a legendary OpCj of Gozag (Zig:8)
  The ghost of Pixogrep the Metallomancer, a legendary OpCj of Gozag (Zig:8)
  The ghost of Pixogrep the Metallomancer, a legendary OpCj of Gozag (Zig:17)
  The ghost of Mibih the Annihilator, a legendary DjAE of the Shining One (Zig:14)
  The ghost of Mibih the Annihilator, a legendary DjAE of the Shining One (Zig:14)
  The ghost of Ometuamn the Heavyweight Champion, a legendary OnSh of Ru (Zig:20)
  Dispater (Dis:7)
  57 dread liches
  The ghost of Oxtuo the Archmage, a legendary DECj of Gozag (Zig:20)
  Frederick (Depths:4)
  47 ancient liches
  Mennas (Pan)
  46 orbs of fire
  The ghost of Nalaklye the Slayer, a legendary DjCA of Cheibriados (Zig:20)
  The ghost of Nalaklye the Slayer, a legendary DjCA of Cheibriados (Zig:17)
  The ghost of Nalaklye the Slayer, a legendary DjCA of Cheibriados (Zig:14)
  The ghost of Nalaklye the Slayer, a legendary DjCA of Cheibriados (Zig:20)
  The ghost of Nalaklye the Slayer, a legendary DjCA of Cheibriados (Zig:17)
  The ghost of Bealaq the Black Belt, a legendary GnFE of Okawaru (Zot:3)
  The ghost of Quogoet the Shapeless Octopus, a legendary OpSh of Cheibriados (Zig:20)
  The ghost of Quogoet the Shapeless Octopus, a legendary OpSh of Cheibriados (Zig:17)
  The ghost of Quogoet the Shapeless Octopus, a legendary OpSh of Cheibriados (Zig:14)
  The ghost of Quogoet the Shapeless Octopus, a legendary OpSh of Cheibriados (Zig:14)
  The ghost of Quogoet the Shapeless Octopus, a legendary OpSh of Cheibriados (Zig:17)
  The ghost of Omay the Minotaur Barricade, a master MiFi of Okawaru (Zig:17)
  The ghost of Ussulutyn the Demonic Barricade, a legendary DsFi of Qazlal (Zig:14)
  The ghost of Ussulutyn the Demonic Barricade, a legendary DsFi of Qazlal (Zig:17)
  The ghost of Coyd the Hill Orc Mishap, a legendary HOMo of Qazlal (Zig:14)
  The ghost of Coyd the Hill Orc Mishap, a legendary HOMo of Qazlal (Zig:14)
  The ghost of Coyd the Hill Orc Mishap, a legendary HOMo of Qazlal (Zig:17)
  The ghost of Duta the Crack Shot, a legendary FoHu of Okawaru (Zig:14)
  The ghost of Duta the Crack Shot, a legendary FoHu of Okawaru (Zig:14)
  The ghost of Duta the Crack Shot, a legendary FoHu of Okawaru (Zig:17)
  The ghost of Lagif the Conqueror, a legendary MiFi of Zin (Zig:20)
  The ghost of Lagif the Conqueror, a legendary MiFi of Zin (Zig:20)
  40 juggernauts
  The ghost of Feuw the Executioner, a veteran MiBe of Trog (Zig:14)
  The ghost of Feuw the Executioner, a veteran MiBe of Trog (Zig:14)
  The ghost of Hoiham the Axe Maniac, a legendary MiFi of Okawaru (Zig:20)
  The ghost of Hoiham the Axe Maniac, a legendary MiFi of Okawaru (Zig:17)
  The ghost of Hoiham the Axe Maniac, a legendary MiFi of Okawaru (Zig:14)
  45 royal mummies
  The ghost of Ysol the Archmage, a legendary OpHW of Jiyva (Zig:14)
  The ghost of Ysol the Archmage, a legendary OpHW of Jiyva (Zig:17)
  The ghost of Canwutygu the Executioner, a veteran MiFi of Okawaru (Zig:20)
  The ghost of Canwutygu the Executioner, a veteran MiFi of Okawaru (Zig:17)
  The ghost of Canwutygu the Executioner, a veteran MiFi of Okawaru (Zig:17)
  141 pandemonium lords
  12 shard shrikes
  42 Killer Klowns
  Saint Roka (Elf:2)
  The ghost of Joextigh the Crack Shot, a veteran KoHu of Okawaru (Vaults:3)
  9 curse toes
  58 caustic shrikes
  Nikola (Shoals:4)
  Geryon (Hell)
  35 golden dragons
  9 profane servitors
  33 bone dragons
  53 pearl dragons
  43 Tzitzimimeh
  Norris (Elf:1)
  11 electric golems
  2 spectral shard shrikes
  20 doom hounds
  54 Brimstone Fiends
  49 Hell Sentinels
  2 iron giants (shapeshifter) (Zig:21)
  59 hellephants
  Rupert (D:15)
  32 iron giants
  36 tentacled monstrosities
  Mlioglotl (Shoals:3)
  18 tainted leviathans
  25 Orb Guardians (Zot:5)
  42 Ice Fiends
  A moon troll (WizLab)
  48 titans
  3 quicksilver dragons (shapeshifter)
  Grunn (Crypt:2)
  51 quicksilver dragons
  53 searing wretches
  21 deep elf blademasters
  16 sphinxes
  24 deep elf master archers
  26 liches
  84 acid blobs
  73 Executioners
  7 sphinxes (shapeshifter)
  73 ancient champions
  Polyphemus (Shoals:4)
  15 death cobs
  An eldritch tentacle (Zig:12)
  5 krakens
  46 tentacled starspawn
  Agnes (D:15)
  Aizul (Snake:1)
  30 shadow dragons
  A thorn hunter (Zig:9)
  18 tengu reavers
  Donald (Orc:2)
  Gastronok (D:10)
  Roxanne (Shoals:3)
  24 storm dragons
  93 revenants
  38 protean progenitors
  54 draconian monks
  13 fenstrider witches
  34 narguns
  An azure jelly (shapeshifter) (Zig:10)
  108 nagarajas
  21 rockslimes
  50 demonspawn warmongers (Pan)
  24 quicksilver elementals
  A fire giant (shapeshifter) (Zig:21)
  35 fire giants
  5 fenstrider witches (shapeshifter)
  34 azure jellies
  35 frost giants
  56 draconian knights
  9 emperor scorpions
  Ilsuiw (Shoals:2)
  77 daevas
  21 iron dragons
  2 emperor scorpions (shapeshifter)
  43 draconian shifters
  A spectral juggernaut (Tar:3)
  3 ghost moths (shapeshifter)
  A caustic shrike zombie (Abyss:5)
  9 deep elf sorcerers
  31 vault wardens
  52 ghost moths
  5 shard shrike simulacra
  2 deep elf elementalists (Elf:3)
  111 draconian stormcallers
  106 balrugs
  2 frost giants (shapeshifter)
  67 curse skulls
  101 draconian scorchers
  97 cacodemons
  6 formless jellyfish
  66 orc warlords
  2 spriggan defenders
  49 angels
  16 ghouls
  3 spectral caustic shrikes
  A juggernaut zombie (Tomb:1)
  98 reapers
  26 ironbound preservers
  11 juggernaut skeletons
  56 demonspawn blood saints
  A formless jellyfish (shapeshifter) (Zig:9)
  2 broodmothers (shapeshifter) (Zig:21)
  31 quicksilver oozes
  69 stone giants
  83 demonspawn corrupters
  60 draconian annihilators
  2 broodmothers
  6 caustic shrike skeletons
  59 ophanim
  A stone giant (shapeshifter) (Zig:25)
  9 ironbound thunderhulks
  33 deep elf death magi
  29 deep elf demonologists
  2 eleionomae (shapeshifter) (Zig:25)
  40 vampire knights
  50 apis
  2 occultists (Abyss:5)
  40 black draconians
  16 putrid mouths
  19 bennus
  77 lorocyprocas
  54 very ugly things
  41 green draconians
  46 purple draconians
  33 yellow draconians
  2 eleionomae (Zig:9)
  22 elemental wellsprings
  22 wendigos
  2 dire elephants (shapeshifter)
  59 war gargoyles
  26 deep elf annihilators
  43 white draconians
  77 demonspawn black suns
  A bunyip (shapeshifter) (Zig:12)
  20 dire elephants
  20 spark wasps
  A spectral titan (Tar:2)
  2 spark wasps (shapeshifter)
  44 red draconians
  2 bunyips
  Azrael (Orc:2)
  91 eidola
  48 iron golems
  A spectral quicksilver dragon (Zot:3)
  61 green deaths
  An ettin (shapeshifter) (Zig:21)
  37 ettins
  5 spectral spriggans
  9 merfolk impalers
  40 mummy priests
  62 blizzard demons
  15 jiangshi
  13 merfolk javelineers
  A fire dragon (shapeshifter) (Zig:25)
  31 entropy weavers
  21 deep elf high priests
  16 crystal guardians
  19 great orbs of eyes
  15 fire dragons
  28 hydras
  13 rakshasas
  9 shambling mangroves
  A spectral kraken (Zig:16)
  An entropy weaver (shapeshifter) (Zig:21)
  18 yaktaur captains
  Harold (Lair:1)
  33 ice dragons
  A great orb of eyes (shapeshifter) (Zig:2)
  26 hell beasts
  33 vault guards
  A quicksilver dragon skeleton (Abyss:5)
  10 peacekeepers
  2 alligator snapping turtles
  7 caustic shrike simulacra
  6 jorogumos
  9 spriggan air magi
  27 ghost crabs
  88 salamander tyrants
  19 anacondas
  4 spriggan skeletons
  14 catoblepae
  18 boulder beetles
  25 merfolk aquamancers
  A spectral stone giant (Tar:5)
  3 alligators
  2 sphinx zombies
  5 merfolk avatars
  10 radroaches
  Erolcha (Orc:2)
  14 centaur warriors
  2 anacondas (shapeshifter)
  An alligator (shapeshifter) (Zig:21)
  8 ironbound frosthearts
  18 two-headed ogres
  2 juggernaut simulacra
  3 death knights
  13 satyrs
  13 stokers
  82 dancing weapons
  A sphinx skeleton (Zig:14)
  A two-headed ogre (shapeshifter) (Zig:6)
  10 ogre magi
  3 deep troll shamans
  A boulder beetle (shapeshifter) (Zig:21)
  8 deep troll earth magi
  3 alligator snapping turtles (shapeshifter)
  7 tengu warriors
  41 vampire magi
  96 death scarabs
  36 thrashing horrors
  85 orc high priests
  15 death yaks
  83 demonic crawlers
  30 hell hogs
  Sonja (D:10)
  3 titan zombies
  2 spectral storm dragons (Zot:3)
  A storm dragon zombie (Crypt:3)
  2 spectral dire elephants
  31 naga sharpshooters
  15 hell knights
  38 shock serpents
  258 sun demons
  A titan skeleton (Tomb:3)
  Nergalle (D:12)
  40 deep elf knights
  39 naga warriors
  191 soul eaters
  22 iron trolls
  105 sixfirhies
  21 crystal echidnas
  A death drake (shapeshifter) (Zig:24)
  29 wretched stars
  A hellephant skeleton (Pan)
  9 pharaoh ants
  10 salamander mystics
  A skyshark (shapeshifter) (Depths:1)
  17 skeletal warriors
  39 shadow wraiths
  3 fire crabs (Zig:18)
  8 orange crystal statues
  29 flayed ghosts
  2 orb spiders (shapeshifter)
  169 large abominations
  25 skysharks
  8 spatial maelstroms
  A spectral anaconda (Tar:2)
  5 glowing orange brains (shapeshifter)
  4 goliath frogs
  14 death drakes
  A deep troll (shapeshifter) (Vaults:1)
  A storm dragon skeleton (Hell)
  9 spriggan druids
  22 glowing orange brains
  86 shadow demons
  40 cherubim
  7 arcanists
  2 bog bodies (Crypt:3)
  48 phantasmal warriors
  22 sea snakes
  A spectral iron dragon (Tar:2)
  22 mana vipers
  21 naga ritualists
  64 deep trolls
  8 sun moths
  4 orb spiders
  7 obsidian statues
  2 quicksilver dragon simulacra
  161 slime creatures
  7 lindwurms
  25 swamp dragons
  A shadow dragon zombie (Zig:14)
  A golden dragon skeleton (Hell)
  28 deep elf archers
  66 deep elf pyromancers
  2 kraken simulacra
  A harpy (shapeshifter) (Zig:18)
  31 ironbound convokers
  3 lightning spires (Zig:17)
  46 deep elf zephyrmancers
  A steelbarb worm (shapeshifter) (Elf:2)
  A lindwurm (shapeshifter) (Zig:25)
  Pikel (D:4)
  2 iron dragon zombies
  11 thermic dynamos
  2 fauns (shapeshifter)
  25 harpies
  12 necromancers
  49 orc knights
  3 cyclopes (shapeshifter)
  10 steelbarb worms
  46 orc sorcerers
  A sphinx simulacrum (Zig:18)
  A jorogumo zombie (Crypt:1)
  17 shining eyes
  31 ugly things
  4 shining eyes (shapeshifter)
  An ugly thing (shapeshifter) (Zig:21)
  4 tengu skeletons
  A moth of wrath (shapeshifter) (Zig:21)
  31 fauns
  9 will-o-the-wisps
  22 cyclopes
  An elephant (shapeshifter) (Zig:24)
  26 salamanders
  10 wolf spiders
  40 moths of wrath
  A toenail golem (Pan)
  2 meliai
  23 vault sentinels
  2 spectral centaurs (Tar:1)
  23 manticores
  113 black mambas
  3 water nymphs (shapeshifter)
  2 stone giant skeletons
  3 titan simulacra
  6 worldbinders
  8 ice statues
  100 orange demons
  20 elephants
  14 merfolk sirens
  15 eyes of devastation
  22 kobold blastminers
  41 guardian serpents
  18 rust devils
  2 storm dragon simulacra (Zot:3)
  50 naga magi
  56 water nymphs
  A shock serpent skeleton (Crypt:1)
  An iron dragon skeleton (Zig:25)
  229 smoke demons
  93 hellions
  18 apocalypse crabs
  A molten gargoyle (Depths:4)
  53 torpor snails
  29 cane toads
  6 gargoyles
  An eye of devastation (shapeshifter) (Zig:9)
  Jeremiah (D:7)
  14 komodo dragons
  68 tormentors
  13 rime drakes
  A komodo dragon (shapeshifter) (Zig:3)
  Maggie (D:7)
  40 yaktaurs
  14 efreet
  2 unseen horrors (shapeshifter)
  2 unseen horrors
  A redback zombie (Crypt:2)
  An alligator snapping turtle skeleton (Tomb:1)
  25 freezing wraiths
  2 iron giant simulacra
  21 ice devils
  3 kobold demonologists (Crypt:2)
  A queen bee (shapeshifter) (D:14)
  3 anaconda simulacra
  21 ancient zymes
  2 tengu conjurers
  16 spectral harpies
  26 red devils
  83 guardian mummies
  42 trolls
  2 harpy zombies (Tomb:2)
  42 merfolk
  3 silent spectres
  A hydra zombie (Abyss:5)
  12 tyrant leeches
  A troll (shapeshifter) (Zig:21)
  5 bloated husks
  A golden dragon simulacrum (Coc:7)
  A tarantella (shapeshifter) (Zig:10)
  A wolf spider simulacrum (D:14)
  3 polar bears
  23 hornets
  2 harpy skeletons
  4 merfolk (shapeshifter)
  81 hellwings
  2 blink frogs (shapeshifter)
  A shadow dragon simulacrum (Zig:25)
  14 tarantellas
  24 wind drakes
  2 iron dragon simulacra
  A raiju (shapeshifter) (Zig:12)
  40 blink frogs
  31 raiju
  A jumping spider zombie (Crypt:2)
  A death drake skeleton (Crypt:1)
  A snapping turtle (shapeshifter) (Zig:12)
  2 stone giant simulacra (Coc:2)
  14 snapping turtles
  19 glass eyes
  2 ettin skeletons
  2 hydra skeletons
  23 dream sheep
  A human simulacrum (Tomb:2)
  A dream sheep (shapeshifter) (Zig:6)
  8 jumping spiders
  2 spectral black mambas
  8 spriggans
  A jumping spider (shapeshifter) (Depths:2)
  4 shadows
  7 culicivoras
  A centaur simulacrum (D:15)
  2 vampires
  16 air elementals
  9 wyverns
  33 water elementals
  33 yaks
  166 ynoxinuls
  10 dire elephant simulacra
  10 small abominations
  13 wraiths
  28 ushabtiu
  14 fire elementals
  3 fire bats (Pan)
  A human (shapeshifter) (Zig:9)
  33 wargs
  2 alligator snapping turtle simulacra
  11 basilisks
  A black mamba skeleton (Crypt:2)
  30 golden eyes
  9 steam dragons
  A death yak simulacrum (Orc:2)
  2 redbacks (shapeshifter)
  11 vampire mosquitoes
  118 neqoxecs
  150 chaos spawn
  13 redbacks
  24 spatial vortices
  9 harpy simulacra
  3 swamp worms (Zig:25)
  59 nagas
  A swamp worm (shapeshifter) (Zig:21)
  9 acid dragons (Zig:26)
  3 hydra simulacra
  An acid dragon (shapeshifter) (Zig:18)
  9 hell hounds
  A glowing shapeshifter zombie (Zig:14)
  A glowing shapeshifter skeleton (Zig:25)
  10 swamp drakes
  34 water moccasins
  195 orc warriors
  47 laughing skulls
  2 sky beasts (D:7)
  2 ice beasts
  4 black bears
  A cane toad skeleton (Crypt:1)
  99 ogres
  5 boggarts
  A snapping turtle skeleton (Crypt:3)
  12 wolves
  6 centaurs
  4 lemures (D:4)
  A phantom (D:6)
  102 starcursed masses
  A fire crab zombie (Crypt:3)
  A kobold brigand (D:7)
  13 weeping skulls
  A yaktaur zombie (Crypt:3)
  17 bullfrogs
  2 gnoll sergeants
  3 scorpions
  15 earth elementals
  2 cane toad simulacra
  8 wights
  2 water moccasin zombies
  A queen bee zombie (Crypt:3)
  4 spriggan zombies
  9 killer bees
  A water moccasin skeleton (Crypt:3)
  A yak zombie (Crypt:3)
  2 elephant simulacra (IceCv)
  2 howler monkeys
  5 electric eels
  A centaur zombie (D:5)
  2 bombardier beetles
  2 jellies
  4 quasits (Abyss:3)
  2 gnoll boudas
  36 orc priests
  2 hounds
  A human zombie (D:5)
  Natasha (thrice) (D:3)
  A scorpion zombie (D:5)
  A sleepcap (D:6)
  4 iguanas
  66 orc wizards
  12 hell rats
  3 troll simulacra (Orc:2)
  4 spriggan simulacra
  A wolf simulacrum (IceCv)
  An ogre zombie (Crypt:1)
  2 hound zombies (D:5)
  111 mummies
  22 gnolls
  9 adders
  6 naga simulacra
  A river rat (D:3)
  2 white imps
  2 ufetubi (Abyss:4)
  An iguana zombie (Crypt:2)
  An iguana skeleton (Crypt:3)
  8 dart slugs (Sewer)
  A ribbon worm (D:3)
  73 orcs
  A bat zombie (Crypt:2)
  10 endoplasms
  10 giant cockroaches
  10 hobgoblins
  4 jackals (D:2)
  A quokka (D:3)
  12 ball pythons
  7 bats
  17 frilled lizards
  7 goblins
  A hobgoblin zombie (Crypt:2)
  12 kobolds
  11 rats
  35 aspiring fleshes
  A ball lightning (Zig:12)
  3 creeping infernos
  21 fire vortices
  3 lurking horrors
  A spectral weapon (Zig:10)
  37 starspawn tentacles
  17 tentacles
12092 creatures vanquished.

Vanquished Creatures (collateral kills)
  The ghost of Bines the Petrodigitator, a legendary OpSh of Gozag (Zig:17)
  The ghost of Mibih the Annihilator, a legendary DjAE of the Shining One (Zig:14)
  The ghost of Oxtuo the Archmage, a legendary DECj of Gozag (Zig:14)
  10 dread liches
  8 ancient liches
  8 juggernauts
  The ghost of Duta the Crack Shot, a legendary FoHu of Okawaru (Zig:14)
  The ghost of Duta the Crack Shot, a legendary FoHu of Okawaru (Zig:14)
  17 pandemonium lords
  6 royal mummies
  2 shard shrikes
  7 Killer Klowns
  4 caustic shrikes
  3 curse toes
  A caustic shrike (shapeshifter) (Zig:12)
  10 golden dragons
  A bone dragon (Zig:10)
  9 Brimstone Fiends
  6 pearl dragons
  2 Tzitzimimeh
  A starcursed mass (Zig:26)
  7 iron giants
  9 hellephants
  9 tentacled monstrosities
  5 liches
  A tainted leviathan (Zig:22)
  3 Ice Fiends
  4 Hell Sentinels
  2 quicksilver dragons (Zig:27)
  7 titans
  11 acid blobs
  3 sphinxes
  An Executioner (Zig:10)
  A deep elf master archer (Zig:20)
  2 sphinxes (shapeshifter)
  3 ancient champions
  2 tengu reavers (Zig:9)
  4 storm dragons
  2 revenants
  3 daevas
  A fire giant (shapeshifter) (Zig:12)
  8 fire giants
  3 draconian knights
  5 narguns
  9 rockslimes
  10 shadow dragons
  3 fenstrider witches
  2 protean progenitors
  17 nagarajas
  3 frost giants (Zig:20)
  2 azure jellies (Coc:7)
  3 quicksilver elementals
  7 draconian monks
  17 iron dragons
  3 draconian shifters
  13 draconian scorchers
  3 ghost moths
  6 balrugs
  A vault warden (Zig:24)
  2 angels (Zig:25)
  A shard shrike simulacrum (Coc:4)
  17 curse skulls
  2 draconian stormcallers
  A demonspawn corrupter (Zig:26)
  5 emperor scorpions
  10 reapers
  A cacodemon (Zig:21)
  An ironbound preserver (Zig:16)
  A quicksilver ooze (Zig:19)
  2 broodmothers
  2 ophanim
  6 draconian annihilators
  15 orc warlords
  10 stone giants
  A juggernaut skeleton (Zig:25)
  6 apis
  A formless jellyfish (Zig:19)
  2 elemental wellsprings (Coc:3)
  3 very ugly things
  2 bennus
  3 green draconians
  6 dire elephants
  A bunyip (Zig:6)
  An ironbound thunderhulk (Zig:13)
  2 deep elf death magi (Zig:20)
  2 demonspawn black suns
  4 vampire knights
  2 black draconians
  4 red draconians
  3 yellow draconians
  4 purple draconians
  2 wendigos
  2 war gargoyles
  A lorocyproca (Zig:11)
  An eleionoma (Zig:9)
  2 white draconians
  A spark wasp (Zig:12)
  3 eidola
  An iron golem (Zig:24)
  3 crystal guardians (Zig:11)
  4 ettins
  A merfolk impaler (Zig:15)
  4 fire dragons
  A green death (Zig:21)
  A blizzard demon (Zig:21)
  6 mummy priests
  7 entropy weavers
  A quicksilver dragon skeleton (Zig:4)
  4 hydras
  A great orb of eyes (Zig:22)
  5 juggernaut simulacra
  A ghost crab (Zig:9)
  28 salamander tyrants
  3 caustic shrike simulacra
  2 ice dragons (Zig:26)
  2 radroaches
  3 alligator snapping turtles (shapeshifter)
  2 jorogumos
  An alligator snapping turtle (Zig:15)
  A catoblepas (Zig:27)
  6 dancing weapons
  2 merfolk aquamancers (Zig:15)
  21 death scarabs
  A demonic crawler (Zig:26)
  A vampire mage (Zig:24)
  6 orc high priests
  6 naga sharpshooters
  3 naga warriors
  A titan skeleton (Zig:25)
  4 soul eaters
  4 crystal echidnas (Zig:24)
  A shock serpent (Zig:18)
  5 skysharks
  2 spatial maelstroms (Zig:10)
  6 sun demons
  An iron troll (shapeshifter) (Zig:6)
  A wretched star (Zig:26)
  5 iron trolls
  A goliath frog (shapeshifter) (Zig:9)
  A fire crab (shapeshifter) (Zig:9)
  A skeletal warrior (Tomb:3)
  3 death drakes
  4 cherubim
  A pharaoh ant (Zig:8)
  A goliath frog (Zig:26)
  A sea snake (shapeshifter) (Zig:9)
  3 flayed ghosts
  A deep troll (shapeshifter) (Zig:25)
  A large abomination (Zig:26)
  2 mana vipers (Zig:17)
  A spriggan druid (Zig:27)
  3 obsidian statues
  A naga ritualist (Zig:18)
  3 orange crystal statues
  A swamp dragon (shapeshifter) (Zig:9)
  4 swamp dragons (Zig:26)
  A phantasmal warrior (Zig:24)
  A kraken simulacrum (Zig:16)
  A steelbarb worm (Zig:16)
  2 orc knights
  2 wolf spiders
  A deep elf zephyrmancer (Zig:20)
  6 orc sorcerers
  A deep elf pyromancer (Zig:3)
  3 shining eyes
  An ugly thing (Zig:21)
  A manticore (Zig:26)
  A cyclops (Zig:20)
  An ice statue (Coc:7)
  2 salamanders
  An elephant (Zig:20)
  3 kobold blastminers
  9 black mambas
  7 apocalypse crabs
  4 water nymphs
  4 naga magi
  9 torpor snails
  4 guardian serpents
  6 smoke demons
  A gargoyle (Zig:11)
  3 hellions
  A cane toad (Zig:20)
  A komodo dragon (shapeshifter) (Zig:21)
  A rime drake (Zig:26)
  A freezing wraith (Coc:7)
  2 komodo dragons (Zig:20)
  An efreet (Zig:5)
  An ice devil (Zig:22)
  4 tormentors
  A golden dragon simulacrum (Zig:18)
  An ancient zyme (Zig:26)
  5 guardian mummies
  3 polar bears
  A red devil (Zig:11)
  3 hornets
  3 trolls
  A merfolk (Zig:15)
  An iron giant simulacrum (Coc:4)
  A hydra zombie (Tomb:2)
  5 wind drakes (Zig:26)
  2 glass eyes
  4 raiju
  3 dream sheep
  A snapping turtle (Zig:15)
  A culicivora (Zig:8)
  7 slime creatures
  A wyvern (Zig:26)
  A yak (Zig:27)
  A dire elephant simulacrum (Coc:7)
  A naga simulacrum (Coc:7)
  A ynoxinul (Zig:26)
  A water elemental (Zig:15)
  4 wargs
  2 steam dragons
  A vampire mosquito (Zig:26)
  A redback (Zig:16)
  3 neqoxecs
  4 chaos spawn
  4 harpy simulacra
  2 nagas
  An acid dragon (Zig:26)
  5 water moccasins
  19 orc warriors
  An ettin simulacrum (Coc:7)
  A laughing skull (Zig:26)
  11 ogres
  4 earth elementals (Zig:7)
  2 orc priests
  An orc wizard (Zig:13)
  A hell rat (Zig:22)
  6 mummies
  4 aspiring fleshes
  2 ball lightnings
  A creeping inferno (Geh:5)
  A fire vortex (Geh:5)
  A spectral weapon (Zig:10)
  A starspawn tentacle (Zig:26)
840 creatures vanquished.

Vanquished Creatures (others)
  The ghost of Pixogrep the Metallomancer, a legendary OpCj of Gozag (Zig:17)
  The ghost of Pixogrep the Metallomancer, a legendary OpCj of Gozag (Zig:17)
  The ghost of Mibih the Annihilator, a legendary DjAE of the Shining One (Zig:17)
  The ghost of Ometuamn the Heavyweight Champion, a legendary OnSh of Ru (Zig:17)
  The ghost of Ometuamn the Heavyweight Champion, a legendary OnSh of Ru (Zig:17)
  6 dread liches
  An orb of fire (Zig:18)
  The ghost of Nalaklye the Slayer, a legendary DjCA of Cheibriados (Zig:20)
  The ghost of Quogoet the Shapeless Octopus, a legendary OpSh of Cheibriados (Zig:17)
  4 ancient liches
  The ghost of Duta the Crack Shot, a legendary FoHu of Okawaru (Zig:20)
  A juggernaut (Zig:12)
  3 royal mummies
  The ghost of Hoiham the Axe Maniac, a legendary MiFi of Okawaru (Zig:17)
  7 curse toes (Zig:17)
  4 Killer Klowns
  6 caustic shrikes (Zig:20)
  2 pearl dragons (Zig:25)
  A profane servitor (Zig:26)
  2 bone dragons (Zig:26)
  2 golden dragons
  6 pandemonium lords (Zig:25)
  A doom hound (Crypt:2)
  4 Brimstone Fiends
  A hellephant (Zig:20)
  5 tentacled monstrosities
  6 iron giants
  2 Hell Sentinels
  4 acid blobs
  A titan (Coc:7)
  3 searing wretches (Zig:16)
  2 Executioners
  An eldritch tentacle (Zig:20)
  A tentacled starspawn (Zig:26)
  2 ancient champions
  A tengu reaver (Zig:16)
  A storm dragon (shapeshifter) (Zig:25)
  10 shadow dragons
  7 revenants
  A protean progenitor (Zig:25)
  4 nagarajas (Zig:27)
  3 daevas
  A fenstrider witch (Zig:26)
  2 rockslimes (Zig:19)
  A fire giant (shapeshifter) (Zig:25)
  A draconian shifter (Zig:19)
  3 draconian knights
  5 fire giants
  2 draconian monks
  2 narguns
  An azure jelly (shapeshifter) (Zig:25)
  An emperor scorpion (Zig:7)
  2 iron dragons (Zig:26)
  2 vault wardens (Zig:24)
  2 draconian stormcallers
  7 draconian scorchers
  6 balrugs
  A shard shrike simulacrum (Coc:3)
  6 orc warlords
  A reaper (Zig:21)
  3 ghost moths
  A demonspawn corrupter (Pan)
  2 ghouls
  An angel (Zig:21)
  2 demonspawn blood saints
  A quicksilver ooze (shapeshifter) (Zig:6)
  9 curse skulls
  An ironbound preserver (Zig:16)
  A stone giant (shapeshifter) (Zig:12)
  An elemental wellspring (Coc:2)
  3 stone giants
  2 very ugly things
  An apis (Zig:25)
  An eleionoma (Zig:9)
  A vampire knight (Zig:23)
  4 demonspawn black suns
  A quicksilver ooze (Zig:19)
  A deep elf demonologist (Zig:15)
  A bennu (Zig:14)
  3 wendigos
  2 white draconians
  A yellow draconian (Zig:14)
  2 dire elephants (Zig:20)
  9 eidola
  An iron golem (Zig:24)
  2 red draconians
  2 green deaths (Zig:5)
  3 fire dragons (Zig:26)
  2 mummy priests
  4 shambling mangroves (Zig:5)
  An ice dragon (Zig:26)
  2 entropy weavers (Zig:16)
  3 hydras
  21 salamander tyrants
  A hell beast (Zig:6)
  A juggernaut simulacrum (Coc:2)
  5 ghost crabs (Zig:17)
  An anaconda (Zig:18)
  A radroach (Zig:9)
  2 dancing weapons
  2 merfolk aquamancers
  19 death scarabs
  A death yak (Zig:20)
  4 naga sharpshooters
  A thrashing horror (Zig:26)
  An orc high priest (Zig:23)
  A shock serpent (Zig:27)
  A hell hog (Zig:22)
  A naga warrior (Zig:18)
  2 soul eaters (Zig:17)
  A skyshark (Zig:20)
  3 wretched stars
  A crystal echidna (Zig:24)
  2 deep elf knights
  A pharaoh ant (Zig:22)
  2 salamander mystics (Zig:27)
  2 iron trolls
  A sea snake (Zig:26)
  A shadow demon (Pan)
  A goliath frog (Zig:5)
  2 swamp dragons (Zig:26)
  3 cherubim
  2 deep elf archers
  6 phantasmal warriors
  A steelbarb worm (Zig:7)
  A wolf spider (Zig:26)
  A wolf spider (shapeshifter) (Zig:21)
  A deep elf pyromancer (Zig:18)
  An orc knight (Zig:12)
  A faun (Zig:9)
  A deep elf zephyrmancer (Zig:18)
  An orc sorcerer (Zig:12)
  A tengu skeleton (Zig:14)
  2 moths of wrath
  A manticore (Zig:12)
  A salamander (Zig:27)
  A naga mage (Zig:26)
  5 apocalypse crabs
  2 smoke demons
  A titan simulacrum (Coc:3)
  A torpor snail (shapeshifter) (Zig:10)
  A centaur zombie (Tomb:2)
  A torpor snail (Zig:16)
  An eye of devastation (Zig:19)
  A hellion (Zig:18)
  13 guardian mummies
  A yaktaur (D:14)
  4 tormentors
  4 spectral harpies (Geh:1)
  A shadow dragon simulacrum (Coc:2)
  6 hornets (Zig:5)
  A snapping turtle (Zig:9)
  A raiju (Zig:26)
  A slime creature (shapeshifter) (Zig:12)
  3 slime creatures
  3 ushabtiu (Zig:25)
  A fire bat (Pan)
  A basilisk (Zig:27)
  11 chaos spawn
  A naga (Snake:4)
  2 orc warriors
  An orc wizard (Orc:2)
  A mummy (Tomb:3)
  An orc (Orc:1)
  A ball python (D:3)
  An aspiring flesh (Zig:3)
  16 ball lightnings
  2 creeping infernos
  11 fire vortices
  15 foxfires
  A lurking horror (Abyss:5)
  2 spectral weapons (Zig:10)
  66 starspawn tentacles
  24 tentacles
550 creatures vanquished.

Grand Total: 13482 creatures vanquished

Notes
Turn   | Place    | Note
-------+----------+-------------------------------------------
     0 | D:1      | Asceticacid the Vine Stalker Fighter began the quest for
                  | the Orb.
     0 | D:1      | Reached XP level 1. HP: 11/11 MP: 2/2
   135 | D:1      | Reached XP level 2. HP: 16/16 MP: 3/3
   308 | D:1      | Reached XP level 3. HP: 10/19 MP: 1/4
   784 | D:2      | Reached XP level 4. HP: 23/23 MP: 5/5
   923 | D:2      | Found a hide-covered altar of Uskayaw.
  1238 | D:3      | Found a blossoming altar of Fedhas.
  1240 | D:3      | Found a stormy altar of Qazlal.
  1248 | D:3      | Reached XP level 5. HP: 27/27 MP: 6/6
  1559 | D:3      | Found a shimmering blue altar of Sif Muna.
  1588 | D:3      | Noticed Natasha
  1598 | D:3      | Killed Natasha
  1599 | D:3      | Reached skill level 5 in Maces & Flails
  1632 | D:3      | Found a hide-covered altar of Uskayaw.
  1779 | D:3      | Noticed Natasha
  1784 | D:3      | Killed Natasha
  1877 | D:3      | Noticed Natasha
  1884 | D:3      | Killed Natasha
  1893 | D:3      | Found a glowing drain.
  1897 | D:3      | Reached XP level 6. HP: 32/32 MP: 3/7
  1905 | Sewer    | Entered a sewer
  2311 | Sewer    | Reached XP level 7. HP: 22/35 MP: 8/8
  2619 | D:3      | Found a shimmering altar of Xom.
  2983 | D:4      | Found a bloodstained altar of Trog.
  3099 | D:4      | Got the Vellum of Lethal Frostbite
  3254 | D:4      | Noticed Pikel
  3272 | D:4      | Killed Pikel
  3273 | D:4      | Gained mutation: You have razor-sharp teeth. [Vine Stalker
                  | growth]
  3273 | D:4      | Reached XP level 8. HP: 36/39 MP: 7/9
  3429 | D:4      | Identified the +0 leather armour of Xunkai {Fly rN+ Dex+3
                  | Stlth-}
  3771 | D:5      | Entered Level 5 of the Dungeon
  4250 | D:5      | Reached skill level 10 in Maces & Flails
  4294 | D:5      | Reached XP level 9. HP: 33/43 MP: 8/10
  4335 | D:5      | Found a basalt altar of Yredelemnul.
  5766 | D:7      | Noticed Jeremiah
  5807 | D:7      | Killed Jeremiah
  5935 | D:7      | Reached XP level 10. HP: 47/47 MP: 11/11
  5941 | D:7      | Found a staircase to the Ecumenical Temple.
  5983 | D:7      | Reached skill level 5 in Armour
  6026 | Temple   | Entered the Ecumenical Temple
  6071 | Temple   | Became a worshipper of Gozag Ym Sagoz the Greedy
  6214 | D:7      | Found a sparkling altar of Nemelex Xobeh.
  6235 | D:7      | Noticed Maggie
  6247 | D:7      | Killed Maggie
  6279 | D:7      | Found a radiant altar of Vehumet.
  7570 | D:9      | Found a burning altar of Makhleb.
  7813 | D:10     | Entered Level 10 of the Dungeon
  7822 | D:10     | Found a staircase to the Lair.
  7822 | D:10     | Noticed an elephant
  7858 | D:10     | Killed an elephant
  7874 | D:10     | Identified the ring "Husut" {rF+ rC+ rN++ Str+3 Dex+6}
  7980 | D:10     | Noticed Gastronok
  7994 | D:10     | Killed Gastronok
  7995 | D:10     | Reached XP level 11. HP: 40/51 MP: 9/12
  8216 | D:10     | Noticed Sonja
  8240 | D:10     | Killed Sonja
  8336 | D:10     | Noticed a two-headed ogre
  8346 | D:10     | Killed a two-headed ogre
  8347 | D:10     | Reached skill level 10 in Armour
  8495 | D:10     | Found an iron altar of Okawaru.
  9196 | D:11     | Noticed a cyclops
  9197 | D:11     | Identified the +0 leather armour of Vehumet, Destroying
                  | {*Slow rF+ Int-3 Dex+7}
  9205 | D:11     | Killed a cyclops
  9335 | D:11     | Found a staircase to the Orcish Mines.
  9574 | D:12     | Noticed a purple ugly thing
  9586 | D:12     | Killed a purple ugly thing
  9725 | D:12     | Noticed Nergalle
  9742 | D:12     | Killed Nergalle
  9795 | D:12     | Noticed a boulder beetle
  9850 | D:12     | Killed a boulder beetle
 10109 | Lair:1   | Entered Level 1 of the Lair of Beasts
 10130 | Lair:1   | Reached XP level 12. HP: 56/56 MP: 11/13
 10443 | Lair:1   | Noticed Harold
 10472 | Lair:1   | Killed Harold
 10473 | Lair:1   | Reached skill level 5 in Fighting
 10473 | Lair:1   | Reached skill level 1 in Evocations
 10504 | Lair:1   | Bought a pair of twisted gloves for 209 gold pieces
 10504 | Lair:1   | Identified the +1 pair of gloves of Hedonism {-Cast Rampage
                  | Str+9 Slay+3} (You bought it in a shop on level 1 of the
                  | Lair of Beasts)
 10509 | Lair:1   | Bought a pair of steaming boots for 209 gold pieces
 10509 | Lair:1   | Identified the +0 pair of boots of Greed {Int+7} (You
                  | bought it in a shop on level 1 of the Lair of Beasts)
 10658 | Lair:1   | Got the Atlas of Evil Rituals
 11182 | Lair:2   | Noticed an eight-headed hydra
 11198 | Lair:2   | Killed an eight-headed hydra
 11282 | Lair:2   | Found a staircase to the Snake Pit.
 11299 | Lair:2   | Reached XP level 13. HP: 44/70 MP: 14/14
 11488 | Lair:2   | Found a radiant altar of Vehumet.
 11692 | Lair:2   | Identified the +12 chain mail of Zeabie {rC+++ Regen+ Dex-2
                  | Slay+5}
 11862 | Lair:2   | Found a staircase to the Shoals.
 12013 | Lair:3   | Reached skill level 5 in Evocations
 13149 | Lair:4   | Reached XP level 14. HP: 75/75 MP: 15/15
 13359 | Lair:4   | Reached skill level 10 in Evocations
 13390 | Lair:4   | Reached skill level 1 in Dodging
 13741 | Lair:4   | Found a viscous altar of Jiyva.
 13742 | Lair:4   | Found a staircase to the Slime Pits.
 13786 | Lair:4   | Bought the +1 pair of boots of the Dwarven Hall {+Blink
                  | Dex+3} for 357 gold pieces
 13820 | Lair:5   | Entered Level 5 of the Lair of Beasts
 14196 | Lair:5   | Reached skill level 5 in Dodging
 14512 | Orc:1    | Entered Level 1 of the Orcish Mines
 14718 | Orc:2    | Entered Level 2 of the Orcish Mines
 14754 | Orc:2    | Found a staircase to the Elven Halls.
 14836 | Orc:2    | Found Guutua's Book Emporium.
 14959 | Orc:2    | Found a frozen archway.
 15077 | IceCv    | Entered an ice cave
 15114 | IceCv    | Got Fiox's Encyclopedia of the Scorched Fifth Circle
 15251 | IceCv    | Identified the staff "Niubbepa" {rElec Int+4 Air}
 15298 | Orc:2    | Noticed Erolcha
 15305 | Orc:2    | Killed Erolcha
 15306 | Orc:2    | Noticed Azrael
 15318 | Orc:2    | Killed Azrael
 15476 | Orc:2    | Noticed Donald
 15505 | Orc:2    | Killed Donald
 15848 | Orc:2    | Found a radiant altar of Vehumet.
 15856 | Orc:2    | Reached XP level 15. HP: 79/79 MP: 16/16
 15864 | Orc:2    | Found Jerywk's Magic Scroll Boutique.
 15887 | Orc:2    | Found a roughly hewn altar of Beogh.
 15887 | Orc:2    | Found Uriut's Antique Weapon Boutique.
 15887 | Orc:2    | Found Kamawn's Jewellery Shop.
 15894 | Orc:2    | Found an ancient bone altar of Kikubaaqudgha.
 15977 | Orc:2    | Bought a scroll of teleportation for 33 gold pieces
 15977 | Orc:2    | Bought a scroll of teleportation for 33 gold pieces
 15977 | Orc:2    | Bought a scroll of immolation for 44 gold pieces
 15977 | Orc:2    | Bought a scroll of fear for 44 gold pieces
 16005 | Orc:2    | Found Vagehigg's Antique Armour Shop.
 16016 | Orc:2    | Bought a pair of brightly glowing gloves for 323 gold
                  | pieces
 16016 | Orc:2    | Identified the +1 pair of gloves of Ignis's Indignation
                  | {Fly Str+2} (You bought it in a shop on level 2 of the
                  | Orcish Mines)
 16025 | Orc:2    | Bought the ring of Brilliance {rF+ rN+ Will+ Dex+6} for 598
                  | gold pieces
 16433 | Orc:1    | Reached skill level 10 in Dodging
 16871 | D:13     | Found a sacrificial altar of Ru.
 17263 | D:14     | Got the Elucidation of the Vexatious Wayfarer
 17557 | D:14     | Found a gate to the Vaults.
 18226 | D:15     | Entered Level 15 of the Dungeon
 18233 | D:15     | Found a radiant altar of Vehumet.
 18240 | D:15     | Noticed Rupert
 18364 | D:15     | Noticed a fire giant
 18367 | D:15     | Found a staircase to the Depths.
 18485 | D:15     | Noticed Agnes
 18682 | Elf:1    | Entered Level 1 of the Elven Halls
 18682 | Elf:1    | Noticed Norris
 18685 | Elf:1    | Paralysed by an air elemental for 1 turns
 18693 | Orc:2    | Paralysed by an air elemental for 1 turns
 18705 | Orc:2    | Paralysed by an air elemental for 1 turns
 18708 | Orc:2    | Reached skill level 5 in Shields
 18830 | Elf:1    | Found a huge runed translucent gate.
 18838 | Elf:1    | Reached XP level 16. HP: 70/84 MP: 17/17
 18948 | Elf:1    | Found Xaotauri's One-of-a-Kind Books.
 19013 | Elf:2    | Noticed Saint Roka
 19025 | Elf:2    | Paralysed by an air elemental for 1 turns
 19029 | Elf:2    | Paralysed by an air elemental for 1 turns
 19047 | Elf:2    | Noticed a deep elf blademaster
 19065 | Elf:2    | Killed Saint Roka
 19096 | Elf:3    | Entered Level 3 of the Elven Halls
 19278 | Elf:2    | Reached skill level 10 in Fighting
 19339 | Elf:2    | Killed a deep elf blademaster
 19808 | Elf:2    | Got Goidap's Anthology of Conjuring
 20092 | Elf:2    | Found a runed translucent gate.
 20092 | Elf:2    | Found a runed translucent gate.
 20093 | Elf:2    | Found a runed translucent gate.
 21140 | Lair:5   | Identified the staff of Destiny {rPois rCorr Str+2 Alchemy}
 21380 | Lair:5   | Reached XP level 17. HP: 73/91 MP: 18/18
 21890 | D:15     | Killed Rupert
 22623 | Depths:1 | Entered Level 1 of the Depths
 22673 | Depths:1 | Found Kejekk's Jewellery Shoppe.
 22674 | Depths:1 | Found Cunecw's Jewellery Emporium.
 22674 | Depths:1 | Found Sekloush's Distillery.
 22746 | Depths:1 | Found Dunkaet's General Store.
 22758 | Depths:1 | Bought a scroll of acquirement for 1040 gold pieces
 22764 | Depths:1 | Bought a potion of curing for 39 gold pieces
 22764 | Depths:1 | Bought a potion of mutation for 104 gold pieces
 22765 | Depths:1 | Acquired 923 gold pieces
 22786 | Depths:1 | Found a broken altar of Ashenzari.
 22839 | Depths:1 | Bought a potion of might for 52 gold pieces
 23064 | Depths:1 | Noticed a lich
 23081 | Depths:1 | Killed a lich
 23205 | Depths:1 | Found a white marble altar of Elyvilon.
 23341 | Depths:1 | Found a gateway to Hell.
 23341 | Depths:1 | Noticed a hellephant
 23365 | Depths:1 | Killed a hellephant
 23704 | Depths:2 | Found a one-way gateway to a ziggurat.
 23783 | Depths:2 | Found a one-way gate to the infinite horrors of the Abyss.
 23885 | Depths:2 | Reached XP level 18. HP: 100/100 MP: 19/19
 23994 | Depths:2 | Noticed a lich
 24001 | Depths:2 | Noticed a golden dragon
 24039 | Depths:2 | Killed a golden dragon
 24048 | Depths:2 | Killed a lich
 24296 | Depths:2 | Noticed a juggernaut
 24422 | Depths:2 | Killed a juggernaut
 24668 | Depths:2 | Found a shadowy altar of Dithmenos.
 24829 | Depths:2 | Found Jupp's Superior Scales.
 24829 | Depths:2 | Noticed a quicksilver dragon
 24835 | Depths:2 | Killed a quicksilver dragon
 24914 | Depths:2 | Found a one-way gate leading to the halls of Pandemonium.
 25298 | Depths:3 | Noticed a titan
 25307 | Depths:3 | Killed a titan
 25315 | Depths:3 | Noticed a tentacled monstrosity
 25315 | Depths:3 | Noticed a titan
 25370 | Depths:3 | Noticed a lich
 25376 | Depths:3 | Killed a lich
 25381 | Depths:3 | Found Vanarr's Book Boutique.
 25413 | Depths:3 | Reached skill level 15 in Fighting
 25426 | Depths:3 | Killed a tentacled monstrosity
 25751 | Depths:3 | Found a magical portal.
 25754 | WizLab   | Entered Lehudib's Moon Base
 25791 | WizLab   | Reached XP level 19. HP: 108/108 MP: 20/20
 25836 | WizLab   | Found a transporter.
 26212 | WizLab   | Identified the amulet "Cysotausch" {RegenMP rElec rC+
                  | Stlth+}
 26311 | WizLab   | Found a transporter.
 26379 | WizLab   | Reached skill level 15 in Armour
 26529 | WizLab   | Gained mutation: Your health recovers twice as slowly from
                  | being drained. [a neqoxec]
 26838 | WizLab   | Identified the amulet of the Merwolf {Acrobat Rampage
                  | Dex+7}
 26848 | WizLab   | Identified the death talisman "Quisirid" {Str+3}
 26861 | WizLab   | Identified the +3 quarterstaff of Peace {pain, Fly SInv}
 26890 | WizLab   | Got Lehudib's Codex of the Crater and Forces
 27170 | Depths:3 | Noticed a tentacled monstrosity
 27177 | Depths:3 | Killed a tentacled monstrosity
 27216 | Depths:3 | Identified the ring "Disey" {Fly rF++}
 27697 | Depths:3 | Upgraded the game from 0.32-a0-520-g344ed53f66 to
                  | 0.32-a0-540-g866d13106e
 27748 | Depths:4 | Entered Level 4 of the Depths
 28132 | Depths:4 | Noticed a tentacled monstrosity
 28150 | Depths:4 | Reached XP level 20. HP: 102/117 MP: 21/21
 28276 | Depths:4 | Identified the orb of the Beginning {light, Slay+4}
 28276 | Depths:4 | Noticed Frederick
 28335 | Depths:4 | Noticed a caustic shrike
 28335 | Depths:4 | Noticed a caustic shrike
 28335 | Depths:4 | Noticed a caustic shrike
 28336 | Depths:4 | Noticed a caustic shrike
 28336 | Depths:4 | Noticed a caustic shrike
 28343 | Depths:4 | Killed a caustic shrike
 28350 | Depths:4 | Killed a caustic shrike
 28355 | Depths:4 | Killed a caustic shrike
 28363 | Depths:4 | Killed a caustic shrike
 28368 | Depths:4 | Killed a caustic shrike
 28459 | Depths:4 | Bought a scroll of fog for 68 gold pieces
 28689 | Depths:1 | Bought the amulet "Mioroag" {Acrobat ^Drain rPois Will++
                  | Stlth+} for 943 gold pieces
 28813 | Depths:4 | Noticed a caustic shrike
 28815 | Depths:4 | Noticed a caustic shrike
 28816 | Depths:4 | Noticed a caustic shrike
 28861 | Hell     | Entered the Vestibule of Hell
 28894 | Hell     | Noticed Geryon
 28974 | Depths:4 | Noticed a caustic shrike
 28974 | Depths:4 | Noticed a caustic shrike
 28983 | Depths:3 | Killed a caustic shrike
 28996 | Depths:3 | Killed a caustic shrike
 29051 | Depths:4 | Killed a caustic shrike
 29060 | Depths:3 | Killed a caustic shrike
 29092 | Depths:4 | Killed a caustic shrike
 29498 | Depths:4 | Killed Frederick
 29656 | Depths:4 | Noticed a golden dragon
 29668 | Depths:4 | Killed a golden dragon
 29696 | Depths:4 | Found a gate to the Realm of Zot.
 29701 | Depths:4 | Noticed a golden dragon
 29707 | Depths:4 | Killed a golden dragon
 29708 | Depths:4 | Reached XP level 21. HP: 114/126 MP: 22/22
 30490 | D:15     | Killed Agnes
 30690 | Snake:1  | Entered Level 1 of the Snake Pit
 30818 | Snake:1  | Identified the serpent talisman of Ufof {*Corrode Fly rN+++
                  | Dex-3}
 30818 | Snake:1  | Noticed Aizul
 30825 | Snake:1  | Killed Aizul
 31490 | Snake:2  | Found Kuotutatab's Jewellery Shoppe.
 31490 | Snake:2  | Found Enniob's Book Boutique.
 31491 | Snake:2  | Found Zokhlua's Jewellery Shoppe.
 31997 | Snake:3  | Reached skill level 15 in Dodging
 32403 | Snake:4  | Entered Level 4 of the Snake Pit
 32672 | Snake:4  | Found a hazy altar of Hepliaklqana.
 32971 | Snake:4  | Reached XP level 22. HP: 134/134 MP: 23/23
 32985 | Snake:4  | Reached skill level 1 in Shapeshifting
 33075 | Snake:4  | Got a serpentine rune of Zot
 33103 | Snake:4  | Got a jade gem with 181 turns to spare
 33878 | Elf:1    | Found an ancient bone altar of Kikubaaqudgha.
 33913 | Elf:1    | Found a huge runed translucent gate.
 33914 | Elf:1    | Found a huge runed translucent gate.
 33915 | Elf:1    | Found a huge runed translucent gate.
 33917 | Elf:1    | Found a huge runed translucent gate.
 33917 | Elf:1    | Found a huge runed translucent gate.
 33917 | Elf:1    | Found a huge runed translucent gate.
 33917 | Elf:1    | Found a huge runed translucent gate.
 33919 | Elf:1    | Found a huge runed translucent gate.
 33919 | Elf:1    | Found a huge runed translucent gate.
 33919 | Elf:1    | Found a huge runed translucent gate.
 33919 | Elf:1    | Found a huge runed translucent gate.
 33919 | Elf:1    | Found a huge runed translucent gate.
 33919 | Elf:1    | Found a huge runed translucent gate.
 33920 | Elf:1    | Found a huge runed translucent gate.
 33920 | Elf:1    | Found a huge runed translucent gate.
 33924 | Elf:1    | Found a huge runed translucent gate.
 33924 | Elf:1    | Found a huge runed translucent gate.
 33924 | Elf:1    | Found a huge runed translucent gate.
 33928 | Elf:1    | Found a huge runed translucent gate.
 34104 | Elf:1    | Killed Norris
 34105 | Elf:1    | Reached skill level 5 in Shapeshifting
 35061 | Elf:3    | Found a transporter.
 35069 | Elf:3    | Found a transporter.
 35075 | Elf:3    | Found a transporter.
 35180 | Elf:3    | Found a transporter.
 35481 | Elf:3    | Identified the +7 hand axe "Pibizaiq" {venom, Int+5}
 35481 | Elf:3    | Identified the ring "Kuloyn" {rElec Int+6 Dex+3}
 35641 | Elf:3    | Identified the +1 shortbow of Execution {drain, ^Contam rC+
                  | Dex+6}
 35642 | Elf:3    | Identified the staff of the Boar {rF+ rN+ MP+9 Fire}
 35655 | Elf:3    | Identified the +1 war axe of Actus Reus {speed, rN+}
 35666 | Elf:3    | Identified the staff of Qiellod {rElec rN+ Str-4 Conj Air}
 35772 | Elf:3    | Acquired 621 gold pieces
 35833 | Elf:3    | Identified the staff "Ehaukhl Keil" {Int+3 Conj Necro}
 35930 | Elf:3    | Found a transporter.
 35938 | Elf:3    | Found a transporter.
 36222 | Vaults:1 | Entered Level 1 of the Vaults
 36415 | Vaults:1 | Reached XP level 23. HP: 139/139 MP: 24/24
 37694 | Vaults:2 | Reached skill level 15 in Evocations
 37740 | Vaults:2 | Identified the +0 robe of the Forest {Harm Regen+ Int+3
                  | Dex-2}
 37850 | Vaults:2 | Found Petocus's Jewellery Shoppe.
 37870 | Vaults:2 | Found Ganieroo's Assorted Antiques.
 37878 | Vaults:2 | Bought a scroll of teleportation for 90 gold pieces
 38065 | Vaults:2 | Found Bomuasit's General Store.
 38077 | Vaults:2 | Bought a lightning rod (4/4) for 680 gold pieces
 38077 | Vaults:2 | Bought a scroll of blinking for 127 gold pieces
 38224 | Vaults:2 | Found Tupho's Antique Armour Shop.
 38494 | Vaults:2 | Found a portal to a secret trove of treasure.
 38504 | Vaults:2 | Got the Compendium of Cloudy Support
 38846 | Vaults:2 | Reached skill level 10 in Shapeshifting
 39574 | Vaults:3 | Found a staircase to the Crypt.
 39866 | Vaults:3 | Reached XP level 24. HP: 144/144 MP: 24/24
 40067 | Vaults:3 | Found a runed translucent gate.
 40067 | Vaults:3 | Found a runed translucent gate.
 40067 | Vaults:3 | Found a runed translucent gate.
 40069 | Vaults:3 | Noticed Joextigh's ghost (veteran KoHu)
 40148 | Vaults:3 | Killed Joextigh's ghost
 40195 | Vaults:3 | Identified the +0 pair of boots of Vlad {-Cast Fly rN+++
                  | Dex-5}
 40273 | Vaults:3 | Found Equnym's Weapon Shoppe.
 40635 | Vaults:4 | Found a flickering gateway to a bazaar.
 40673 | Bazaar   | Entered a bazaar
 40673 | Bazaar   | Found Sadot's Assorted Antiques.
 40673 | Bazaar   | Found Geliraho's Antique Weapon Shoppe.
 40674 | Bazaar   | Found Puxiuh's Jewellery Emporium.
 40674 | Bazaar   | Found Lohool's Antique Armour Emporium.
 40681 | Bazaar   | Bought a potion of curing for 66 gold pieces
 40681 | Bazaar   | Bought a scroll of teleportation for 66 gold pieces
 40681 | Bazaar   | Bought a potion of curing for 66 gold pieces
 40691 | Bazaar   | Bought a distressingly furry plate armour for 672 gold
                  | pieces
 40691 | Bazaar   | Identified the +4 plate armour "Bitzal" {rN++ rCorr Str+4}
                  | (You bought it in a shop in a bazaar)
 40693 | Bazaar   | Bought a spiked chain mail for 228 gold pieces
 40693 | Bazaar   | Identified the +1 chain mail of Sineth {rPois Int+2} (You
                  | bought it in a shop in a bazaar)
 41718 | Vaults:4 | Reached skill level 15 in Shapeshifting
 42038 | Vaults:5 | Entered Level 5 of the Vaults
 42497 | Vaults:5 | Identified the +3 whip "Deromuaq" {flame, Dex+2}
 42509 | Vaults:5 | Identified the +10 demon trident of Screaming Death {drain,
                  | Str+5 Dex+2}
 42514 | Vaults:5 | Identified the +6 crystal plate armour "Ifoef" {Dex+4}
 42543 | Vaults:5 | Reached XP level 25. HP: 131/149 MP: 24/24
 43097 | Vaults:5 | Got a silver rune of Zot
 43285 | Vaults:5 | Got Sif Muna's Codex of Tropical Jinxing
 43331 | Vaults:5 | Identified the +2 robe "Miuf" {Fly rElec}
 44008 | Shoals:1 | Entered Level 1 of the Shoals
 44037 | Shoals:1 | Found Derat's Self-Improvement Boutique.
 44063 | Shoals:1 | Bought a manual of Shapeshifting for 960 gold pieces
 44871 | Shoals:2 | Noticed Ilsuiw
 44886 | Shoals:2 | Killed Ilsuiw
 45462 | Shoals:3 | Found Mitouvi's Merry Market.
 45511 | Shoals:3 | Noticed Roxanne
 45522 | Shoals:3 | Killed Roxanne
 45537 | Shoals:3 | Noticed Mlioglotl
 45573 | Shoals:3 | Killed Mlioglotl
 45688 | Shoals:3 | Bought a maw talisman for 480 gold pieces
 45688 | Shoals:3 | Bought a potion of mutation for 128 gold pieces
 46024 | Shoals:4 | Entered Level 4 of the Shoals
 46024 | Shoals:4 | Noticed Polyphemus
 46049 | Shoals:4 | Killed Polyphemus
 46151 | Shoals:4 | Identified the +0 plate armour "Wavolaso" {rPois rN+}
 46416 | Shoals:4 | Reached XP level 26. HP: 135/154 MP: 24/24
 46441 | Shoals:4 | Got a barnacled rune of Zot
 46664 | Shoals:4 | Noticed Nikola
 46693 | Shoals:4 | Killed Nikola
 46856 | Shoals:4 | Identified the +7 long sword of the Valley {venom, rN+
                  | Str-2 Dex+5 SInv}
 47060 | Slime:1  | Entered Level 1 of the Pits of Slime
 47088 | Lair:4   | Bought a potion of curing for 135 gold pieces
 47819 | Crypt:1  | Entered Level 1 of the Crypt
 48145 | Crypt:1  | Identified the +2 leather armour "Sogu" {Rampage SInv}
 48693 | Crypt:2  | Found a shimmering blue altar of Sif Muna.
 48699 | Crypt:2  | Identified the orb of the Lich-sworn {mayhem, Int+3 Summ}
 48710 | Crypt:2  | Identified the orb "Seumu" {guile, ^Contam Dex+6 Summ}
 49096 | Crypt:2  | Acquired 761 gold pieces
 49147 | Crypt:2  | Noticed Grunn
 49160 | Crypt:2  | Killed Grunn
 49314 | Crypt:2  | Found a runed translucent door.
 49316 | Crypt:2  | Noticed a dread lich
 49328 | Crypt:2  | Killed a dread lich
 49545 | Crypt:3  | Entered Level 3 of the Crypt
 49674 | Crypt:3  | Found an ancient bone altar of Kikubaaqudgha.
 49828 | Crypt:3  | Reached skill level 1 in Unarmed Combat
 49854 | Crypt:3  | Found a staircase to the Tomb.
 50197 | Crypt:3  | Reached skill level 5 in Unarmed Combat
 50279 | Crypt:3  | Found an ancient bone altar of Kikubaaqudgha.
 50508 | Crypt:3  | Noticed a royal mummy
 50522 | Crypt:3  | Killed a royal mummy
 50549 | Crypt:3  | Identified the staff "Mooqop" {*Slow rPois Will+++ Str-2
                  | Earth}
 50551 | Crypt:3  | Got the Teachings on the Sarcophagus
 51194 | Hell     | Killed Geryon
 51420 | Hell     | Reached XP level 27. HP: 115/130 MP: 24/24
 51446 | Hell     | Found a gateway to the decaying netherworld of Tartarus.
 51538 | Hell     | Found a gateway to the ashen valley of Gehenna.
 51583 | Hell     | Lost mutation: Your health recovers twice as slowly from
                  | being drained. [potion of mutation]
 51583 | Hell     | Gained mutation: You are weak. (Str -2) [potion of
                  | mutation]
 51583 | Hell     | Gained mutation: Your magical capacity is low. (-10% MP)
                  | [potion of mutation]
 51584 | Hell     | Lost mutation: Your magical capacity is low. (-10% MP)
                  | [potion of mutation]
 51584 | Hell     | Lost mutation: You are weak. (Str -2) [potion of mutation]
 51584 | Hell     | Gained mutation: Your body sometimes deteriorates upon
                  | taking damage. [potion of mutation]
 51584 | Hell     | Gained mutation: Your system is resistant to poisons.
                  | (rPois) [potion of mutation]
 51584 | Hell     | Gained mutation: You are partially covered in iridescent
                  | scales. (AC +2) [potion of mutation]
 51585 | Hell     | Lost mutation: You are partially covered in iridescent
                  | scales. (AC +2) [potion of mutation]
 51585 | Hell     | Lost mutation: Your system is resistant to poisons. (rPois)
                  | [potion of mutation]
 51585 | Hell     | Lost mutation: Your body sometimes deteriorates upon taking
                  | damage. [potion of mutation]
 51585 | Hell     | Gained mutation: You have supernaturally acute eyesight.
                  | (SInv) [potion of mutation]
 51585 | Hell     | Gained mutation: Your body sometimes deteriorates upon
                  | taking damage. [potion of mutation]
 51585 | Hell     | Gained mutation: You are resistant to electric shocks.
                  | (rElec) [potion of mutation]
 51586 | Hell     | Lost mutation: Your body sometimes deteriorates upon taking
                  | damage. [potion of mutation]
 51586 | Hell     | Lost mutation: You have supernaturally acute eyesight.
                  | (SInv) [potion of mutation]
 51586 | Hell     | Gained mutation: You passively dampen the noise of your
                  | surroundings. [potion of mutation]
 51586 | Hell     | Gained mutation: You occasionally shout uncontrollably at
                  | your foes. [potion of mutation]
 51586 | Hell     | Gained mutation: You possess an exceptional clarity of
                  | mind. [potion of mutation]
 51652 | Hell     | Found a gateway to the Iron City of Dis.
 51706 | Hell     | Found a gateway to the freezing wastes of Cocytus.
 51800 | Hell     | Reached skill level 10 in Unarmed Combat
 51953 | Tar:1    | Entered Level 1 of Tartarus
 52050 | Tar:1    | You fall into a shaft and drop 1 floor!
 53310 | Tar:6    | Reached skill level 15 in Unarmed Combat
 53428 | Tar:7    | Entered Level 7 of Tartarus
 54219 | Tar:7    | Noticed Ereshkigal
 54244 | Tar:7    | Killed Ereshkigal
 54475 | Tar:7    | Found the ring of Shadows {Umbra +Inv Stlth+}
 54476 | Tar:7    | Noticed an ancient lich
 54477 | Tar:7    | Noticed a dread lich
 54486 | Tar:7    | Killed a dread lich
 54491 | Tar:7    | Killed an ancient lich
 54502 | Tar:7    | Got Sif Muna's Commentary on Calling and Relocation
 54559 | Tar:7    | Got a bone rune of Zot
 54621 | Tar:7    | Noticed a dread lich
 54623 | Tar:7    | Noticed a dread lich
 54630 | Tar:7    | Killed a dread lich
 54638 | Tar:7    | Killed a dread lich
 54647 | Tar:7    | Identified the +10 shadow dragon scales of the End {+Blink
                  | Dex+2 Stlth++++}
 54658 | Tar:7    | Identified the +5 plate armour of Springtime {rF- Dex+3
                  | Stlth+}
 54660 | Tar:7    | Got the Parchment of Excavation and Convocation
 54662 | Tar:7    | Got the Discourse on Lithic Summoning
 54667 | Tar:7    | Identified the staff "Killer Klown's Death" {Will- rCorr
                  | Str+3 Earth}
 54951 | Pan      | Entered Pandemonium
 54988 | Pan      | Noticed Jylaifoski the pandemonium lord
 55103 | Pan      | Killed Jylaifoski the pandemonium lord
 55245 | Pan      | Learned a level 8 spell: Maxwell's Capacitive Coupling
 56550 | Pan      | Noticed Culaesu the pandemonium lord
 56578 | Pan      | Killed Culaesu the pandemonium lord
 56868 | Pan      | Got a demonic rune of Zot
 57065 | Pan      | Found an exit through the horrors of the Abyss.
 57635 | Pan      | Noticed Suvuqul the pandemonium lord
 57647 | Pan      | Killed Suvuqul the pandemonium lord
 58173 | Pan      | Found a huge runed translucent gate.
 58256 | Depths:2 | Escaped Pandemonium
 58263 | Depths:2 | Bought a scroll of teleportation for 81 gold pieces
 58265 | Depths:2 | Bought a +0 helmet of see invisible for 161 gold pieces
 58304 | Pan      | Entered Pandemonium
 59212 | Pan      | Noticed Luatops the pandemonium lord
 59226 | Pan      | Killed Luatops the pandemonium lord
 59983 | Pan      | Noticed Dasiq Itigru the pandemonium lord
 59991 | Pan      | Killed Dasiq Itigru the pandemonium lord
 60673 | Pan      | Noticed Eci Zury the pandemonium lord
 60703 | Pan      | Killed Eci Zury the pandemonium lord
 61570 | Pan      | Entered the realm of Cerebov.
 61570 | Pan      | Found the +6 sword of Cerebov {flame}
 61570 | Pan      | Noticed Cerebov
 61988 | Pan      | Identified the +8 trident of the Floral God {freeze, rC+}
 62098 | Pan      | Killed Cerebov
 62279 | Pan      | Got a fiery rune of Zot
 62380 | Pan      | Found an exit through the horrors of the Abyss.
 62552 | Pan      | Identified the +6 chain mail "Gimuvunn" {rC- Str+2 SInv}
 62555 | Pan      | Identified the +7 arbalest "Lyquf" {penet, rElec rF+ Str+2}
 62561 | Pan      | Identified the +7 great sword of Peace {flame, Str+2}
 62620 | Pan      | Identified the ring of Qamap {Dex+6 SInv}
 63253 | Pan      | Noticed Ignacio
 63265 | Pan      | Killed Ignacio
 63282 | Pan      | Found an exit through the horrors of the Abyss.
 63708 | Pan      | Noticed Fibbagro the pandemonium lord
 63731 | Pan      | Killed Fibbagro the pandemonium lord
 63841 | Pan      | Found an exit through the horrors of the Abyss.
 63871 | Pan      | Reached skill level 1 in Stealth
 64093 | Pan      | Noticed Mennas
 64110 | Pan      | Killed Mennas
 64460 | Pan      | Noticed Duoreusa the pandemonium lord
 64484 | Pan      | Killed Duoreusa the pandemonium lord
 64552 | Pan      | Identified the staff of Umisuol {rF+ Tloc Fire Ice}
 65140 | Pan      | Took an exit into the Abyss.
 65140 | Abyss:1  | Escaped into the Abyss
 65143 | Abyss:1  | Found a corrupted altar of Lugonu.
 65146 | Abyss:1  | Found a corrupted altar of Lugonu.
 65148 | Abyss:2  | Found a corrupted altar of Lugonu.
 65185 | Abyss:3  | Reached skill level 5 in Stealth
 65240 | Abyss:3  | Found a corrupted altar of Lugonu.
 65395 | Abyss:3  | Found a corrupted altar of Lugonu.
 65458 | Abyss:3  | Paralysed by accursed screaming for 1 turns
 66089 | Abyss:4  | Reached skill level 10 in Stealth
 66118 | Abyss:5  | Found a corrupted altar of Lugonu.
 66192 | Abyss:5  | Found a corrupted altar of Lugonu.
 66224 | Abyss:5  | Got an abyssal rune of Zot
 66297 | Depths:2 | Escaped the Abyss
 66567 | Vaults:2 | You paid a toll of a +6 demon blade to enter a treasure
                  | trove
 66568 | Trove    | Entered a treasure trove
 66582 | Trove    | Identified the amulet of Faorph {Reflect Regen+ rCorr SH+5}
 66584 | Trove    | Identified the amulet "Netuwom" {-Tele rF+ Regen+ Int+2}
 66586 | Trove    | Identified the amulet "Lywuodog" {Spirit MP+9 Str+3 SInv}
 66587 | Trove    | Identified the amulet of the Invisible Knives {Acrobat
                  | rCorr Str+3 Int+3}
 67335 | Slime:2  | You fall into a shaft and drop 2 floors!
 67834 | Slime:5  | Entered Level 5 of the Pits of Slime
 67963 | Slime:5  | Found a viscous altar of Jiyva.
 67969 | Slime:5  | Noticed the Royal Jelly
 68003 | Slime:5  | Killed the Royal Jelly
 68004 | Slime:5  | Reached skill level 15 in Stealth
 68027 | Slime:5  | Identified the +2 robe of Life {rCorr MP+9}
 68141 | Slime:5  | Identified the ring "Ofaidem" {*Corrode Will+ Str+5 Int+8}
 68188 | Slime:5  | Identified the staff "Rykosov" {rF- rN+ rCorr Dex+2 Conj}
 68190 | Slime:5  | Identified the +9 long sword "Wayruel" {flame, Int+6}
 68194 | Slime:5  | Got a slimy rune of Zot
 69114 | Slime:3  | Reached skill level 1 in Spellcasting
 69961 | Dis:1    | Entered Level 1 of the Iron City of Dis
 69986 | Dis:1    | Reached skill level 5 in Spellcasting
 70302 | Dis:3    | Noticed a dread lich
 70302 | Dis:3    | Noticed an ancient lich
 70302 | Dis:3    | Noticed an ancient lich
 70310 | Dis:3    | Killed a dread lich
 70316 | Dis:3    | Killed an ancient lich
 70321 | Dis:3    | Killed an ancient lich
 70322 | Dis:3    | Reached skill level 10 in Spellcasting
 70360 | Dis:3    | Noticed a dread lich
 70360 | Dis:3    | Noticed an ancient lich
 70368 | Dis:3    | Killed a dread lich
 70375 | Dis:3    | Killed an ancient lich
 71234 | Dis:6    | Reached skill level 15 in Spellcasting
 71391 | Dis:7    | Entered Level 7 of the Iron City of Dis
 71554 | Dis:7    | Noticed a juggernaut
 71563 | Dis:7    | Killed a juggernaut
 71869 | Dis:7    | Identified the +1 flail of Rylaek {protect, rC+ Int+5}
 71942 | Dis:7    | Noticed the Serpent of Hell
 71961 | Dis:7    | Killed the Serpent of Hell
 72009 | Dis:7    | Noticed a juggernaut
 72027 | Dis:7    | Killed a juggernaut
 72137 | Dis:7    | Noticed Dispater
 72157 | Dis:7    | Killed Dispater
 72187 | Dis:7    | Got an iron rune of Zot
 72252 | Dis:7    | Noticed a juggernaut
 72290 | Dis:7    | Killed a juggernaut
 73237 | Dis:7    | Found the amulet of the Four Winds {rN+ Will+++ Clar}
 73242 | Dis:7    | Identified the ring "Weofal" {Will+ rCorr Int+2}
 73363 | Coc:1    | Entered Level 1 of Cocytus
 73571 | Coc:2    | Noticed a dread lich
 73780 | Coc:2    | Killed a dread lich
 74108 | Geh:1    | Entered Level 1 of Gehenna
 74850 | Pan      | Entered the realm of Gloorx Vloq.
 74850 | Pan      | Entered Pandemonium
 75052 | Pan      | Reached skill level 10 in Shields
 75196 | Pan      | Noticed Gloorx Vloq
 75206 | Pan      | Killed Gloorx Vloq
 75229 | Pan      | Got a dark rune of Zot
 75773 | Pan      | Found an exit through the horrors of the Abyss.
 75977 | Pan      | Entered the realm of Lom Lobon.
 76792 | Pan      | Reached skill level 15 in Shields
 76824 | Pan      | Noticed Lom Lobon
 76840 | Pan      | Killed Lom Lobon
 77211 | Pan      | Got a magical rune of Zot
 77401 | Pan      | Entered the realm of Mnoleg.
 78067 | Pan      | Noticed Mnoleg
 78087 | Pan      | Killed Mnoleg
 78255 | Pan      | Got a glowing rune of Zot
 78624 | Pan      | Noticed Izimagy the pandemonium lord
 78632 | Pan      | Killed Izimagy the pandemonium lord
 78806 | Pan      | Identified the +3 leather armour "Hyruin" {Int+5}
 79385 | Pan      | Found a glowing golden altar of the Shining One.
 79388 | Pan      | Noticed a seraph
 79398 | Pan      | Killed a seraph
 79460 | Pan      | Identified the +4 flail "Lued" {elec, Dex+3}
 79461 | Pan      | Identified the +5 quarterstaff of Defiance {freeze, MP+9}
 79463 | Pan      | Identified the +1 rapier of Destiny {speed, rElec Str+3}
 79465 | Pan      | Identified the +0 mace "Esiynau" {freeze, Str+5 Dex+4}
 79477 | Pan      | Identified the +3 leather armour of the Robin {Str+5 Int+2
                  | Slay+3}
 80502 | Pan      | Found a glowing silver altar of Zin.
 81002 | Depths:2 | Escaped Pandemonium
 81014 | Depths:2 | Learned a level 8 spell: Discord
 81071 | Depths:3 | Bought an Everburning Encyclopedia for 608 gold pieces
 81085 | Depths:3 | Learned a level 8 spell: Ignition
 81746 | Zot:1    | Entered Level 1 of the Realm of Zot
 82147 | Zot:1    | Found a transporter.
 82199 | Zot:1    | Found a transporter.
 82687 | Zot:1    | Identified the +4 chain mail of the Centipede {rF+ rC+}
 83416 | Zot:2    | Found a stormy altar of Qazlal.
 83759 | Zot:3    | Noticed an orb of fire
 83863 | Zot:3    | Found a transporter.
 83865 | Zot:3    | Noticed an ancient lich
 83868 | Zot:3    | Noticed a dread lich
 83868 | Zot:3    | Noticed Bealaq's ghost (legendary GnFE)
 83910 | Zot:3    | Killed an orb of fire
 83986 | Zot:3    | Found the +7 lajatang of Order {silver, rMut}
 84390 | Zot:3    | Found a transporter.
 84690 | Zot:3    | Killed an ancient lich
 84692 | Zot:3    | Killed a dread lich
 84715 | Zot:3    | Killed Bealaq's ghost
 84871 | Zot:4    | Noticed an orb of fire
 84876 | Zot:4    | Killed an orb of fire
 84881 | Zot:5    | Entered Level 5 of the Realm of Zot
 85157 | Zot:5    | Noticed an orb of fire
 85159 | Zot:5    | Noticed an ancient lich
 85168 | Zot:5    | Killed an orb of fire
 85169 | Zot:5    | Noticed a dread lich
 85170 | Zot:5    | Killed an ancient lich
 85170 | Zot:5    | Noticed a dread lich
 85173 | Zot:5    | Killed a dread lich
 85176 | Zot:5    | Killed a dread lich
 85407 | Zot:5    | Noticed an orb of fire
 85409 | Zot:5    | Noticed an orb of fire
 85409 | Zot:5    | Noticed a dread lich
 85412 | Zot:5    | Noticed a dread lich
 85423 | Zot:5    | Killed an orb of fire
 85428 | Zot:5    | Killed a dread lich
 85430 | Zot:5    | Killed a dread lich
 85444 | Zot:5    | Killed an orb of fire
 85521 | Zot:5    | Noticed an orb of fire
 85523 | Zot:5    | Noticed a dread lich
 85530 | Zot:5    | Killed a dread lich
 85536 | Zot:5    | Killed an orb of fire
 86165 | Pan      | Entered Pandemonium
 86223 | Pan      | Found an exit through the horrors of the Abyss.
 86281 | Pan      | Identified the ring of Sunlight {Wiz rElec rN+}
 86307 | Pan      | Noticed Yninucw the pandemonium lord
 86432 | Pan      | Killed Yninucw the pandemonium lord
 87290 | Pan      | Took an exit into the Abyss.
 87290 | Abyss:5  | Escaped into the Abyss
 87290 | Abyss:5  | Found a corrupted altar of Lugonu.
 87306 | Abyss:5  | Found a corrupted altar of Lugonu.
 87459 | Depths:4 | Escaped the Abyss
 87461 | Pan      | Entered Pandemonium
 87577 | Pan      | Found an exit through the horrors of the Abyss.
 87690 | Pan      | Noticed Binywim the pandemonium lord
 87706 | Pan      | Killed Binywim the pandemonium lord
 87906 | Pan      | Identified the +1 long sword of Precise Incision {freeze,
                  | rN+ Int+3 Dex+3}
 88109 | Pan      | Found an exit through the horrors of the Abyss.
 88609 | Pan      | Noticed Puefaor the pandemonium lord
 88618 | Pan      | Killed Puefaor the pandemonium lord
 88910 | Pan      | Found an exit through the horrors of the Abyss.
 89309 | Pan      | Identified the ring "Cimievao" {rElec MP+9 Dex+2 Slay+4}
 89484 | Pan      | Identified the +2 leather armour of Limuhaih {Will+}
 89830 | Pan      | Noticed Marukh the pandemonium lord
 89837 | Pan      | Killed Marukh the pandemonium lord
 90402 | Pan      | Found an opulent altar of Gozag.
 90406 | Pan      | Found Xanebu's Book Boutique.
 90410 | Pan      | Found Xanebu's Superb Hardware.
 90441 | Pan      | Noticed a dread lich
 90463 | Pan      | Killed a dread lich
 90472 | Pan      | Found an opulent altar of Gozag.
 90488 | Pan      | Found Xanebu's Infernal Boutique.
 90499 | Pan      | Found an opulent altar of Gozag.
 90806 | Pan      | Found an exit through the horrors of the Abyss.
 90968 | Pan      | Found Xanebu's Rarities Trove.
 90968 | Pan      | Noticed Xanebu the pandemonium lord
 90984 | Pan      | Killed Xanebu the pandemonium lord
 91337 | Pan      | Noticed Bioh the pandemonium lord
 91362 | Pan      | Killed Bioh the pandemonium lord
 91920 | Pan      | Found an exit through the horrors of the Abyss.
 92081 | Pan      | Identified the +2 long sword of Zupsiekk {speed, rPois rF-
                  | rN++ SInv}
 92112 | Pan      | Found an exit through the horrors of the Abyss.
 92306 | Pan      | Noticed Enyraw the pandemonium lord
 92309 | Pan      | Killed Enyraw the pandemonium lord
 93179 | Pan      | Found an exit through the horrors of the Abyss.
 93562 | Pan      | Noticed Afeadwie the pandemonium lord
 93577 | Pan      | Killed Afeadwie the pandemonium lord
 94169 | Pan      | Noticed Zedgh the pandemonium lord
 94201 | Pan      | Killed Zedgh the pandemonium lord
 95150 | Pan      | Noticed Komeihyx the pandemonium lord
 95164 | Pan      | Killed Komeihyx the pandemonium lord
 95445 | Pan      | Found a runed translucent door.
 95537 | Pan      | Noticed Hoekil the pandemonium lord
 95544 | Pan      | Killed Hoekil the pandemonium lord
 96178 | Pan      | Noticed Joimurr the pandemonium lord
 96213 | Pan      | Killed Joimurr the pandemonium lord
 96504 | Pan      | Found an exit through the horrors of the Abyss.
 96914 | Pan      | Found an exit through the horrors of the Abyss.
 97245 | Pan      | Identified the +9 mace of the Butterfly {flame, rC+ Str+3}
 97360 | Pan      | Noticed Xoxtuam the pandemonium lord
 97376 | Pan      | Killed Xoxtuam the pandemonium lord
 98352 | Pan      | Noticed Waetisut the pandemonium lord
 98359 | Pan      | Killed Waetisut the pandemonium lord
 98806 | Pan      | Found an exit through the horrors of the Abyss.
 98867 | Pan      | Found an exit through the horrors of the Abyss.
 98918 | Pan      | Noticed Acsom the pandemonium lord
 98929 | Pan      | Killed Acsom the pandemonium lord
 99069 | Pan      | Acquired a manual of Shields
 99526 | Pan      | Noticed Pokelew the pandemonium lord
 99538 | Pan      | Killed Pokelew the pandemonium lord
 99686 | Pan      | Identified the serpent talisman "Jitoej" {Int+6}
 99730 | Pan      | Found an exit through the horrors of the Abyss.
100441 | Pan      | Noticed Rimoduna the pandemonium lord
100446 | Pan      | Killed Rimoduna the pandemonium lord
100937 | Pan      | Found a huge runed translucent gate.
100979 | Pan      | Found a huge runed translucent gate.
100980 | Pan      | Found a huge runed translucent gate.
100981 | Pan      | Found a huge runed translucent gate.
100981 | Pan      | Found a huge runed translucent gate.
100981 | Pan      | Found a huge runed translucent gate.
101017 | Pan      | Identified the +6 long sword "Qeckaen" {flame, rC++ Str+3}
101102 | Pan      | Found an exit through the horrors of the Abyss.
101493 | Pan      | Found a huge runed translucent gate.
101495 | Pan      | Noticed Vynavuu the pandemonium lord
101517 | Pan      | Killed Vynavuu the pandemonium lord
102034 | Pan      | Noticed Obexzer the pandemonium lord
102040 | Pan      | Killed Obexzer the pandemonium lord
102106 | Pan      | Found an exit through the horrors of the Abyss.
102507 | Pan      | Noticed Huufeom Qeza the pandemonium lord
102525 | Pan      | Killed Huufeom Qeza the pandemonium lord
102913 | Pan      | Identified the +1 ring mail "Lemis" {*Slow rF++ Str+5}
103141 | Pan      | Found an exit through the horrors of the Abyss.
103157 | Pan      | Noticed Nutwur the pandemonium lord
103168 | Pan      | Killed Nutwur the pandemonium lord
103888 | Pan      | Noticed Gazet the pandemonium lord
103904 | Pan      | Killed Gazet the pandemonium lord
103983 | Pan      | Found an ancient bone altar of Kikubaaqudgha.
104728 | Pan      | Noticed Dyviuris the pandemonium lord
104757 | Pan      | Killed Dyviuris the pandemonium lord
104918 | Pan      | Found an exit through the horrors of the Abyss.
105280 | Pan      | Found an exit through the horrors of the Abyss.
105570 | Pan      | Noticed Kyum the pandemonium lord
105583 | Abyss:5  | Cast into level 5 of the Abyss (+0 demon blade of
                  | distortion)
105603 | Abyss:5  | Found a corrupted altar of Lugonu.
105684 | Abyss:5  | Paralysed by accursed screaming for 1 turns
105716 | Pan      | Escaped the Abyss
105746 | Pan      | Killed Kyum the pandemonium lord
106452 | Pan      | Found an exit through the horrors of the Abyss.
106625 | Pan      | Noticed Vuhut the pandemonium lord
106643 | Pan      | Killed Vuhut the pandemonium lord
107343 | Pan      | Noticed Lillulu the pandemonium lord
107377 | Pan      | Killed Lillulu the pandemonium lord
107499 | Pan      | Got the Precepts of Spectres and the Faeries
108233 | Pan      | Noticed Hoag the pandemonium lord
108248 | Pan      | Killed Hoag the pandemonium lord
108696 | Pan      | Noticed Hirot the pandemonium lord
108701 | Pan      | Killed Hirot the pandemonium lord
108749 | Pan      | Found an exit through the horrors of the Abyss.
109224 | Pan      | Found an exit through the horrors of the Abyss.
110027 | Pan      | Found an exit through the horrors of the Abyss.
110064 | Pan      | Noticed Peaquito the pandemonium lord
110070 | Pan      | Killed Peaquito the pandemonium lord
110392 | Pan      | Noticed Adocail the pandemonium lord
110402 | Pan      | Killed Adocail the pandemonium lord
111380 | Pan      | Upgraded the game from 0.32-a0-540-g866d13106e to
                  | 0.32-a0-558-g233958a4c4
112329 | Pan      | Noticed Jywnamih the pandemonium lord
112340 | Pan      | Killed Jywnamih the pandemonium lord
112373 | Pan      | Identified the +6 short sword of Egiedeobb {vamp, ^Fragile
                  | rF+ rCorr SInv}
112890 | Pan      | Noticed Anaantexko the pandemonium lord
112912 | Pan      | Killed Anaantexko the pandemonium lord
113541 | Pan      | Identified the blade talisman of Liberty {Dex+6}
113760 | Pan      | Found an exit through the horrors of the Abyss.
113831 | Pan      | Identified the blade talisman "Jiowuwuy" {rF+ Will- Dex+3}
113983 | Pan      | Noticed Papn the pandemonium lord
113994 | Pan      | Killed Papn the pandemonium lord
114119 | Pan      | Identified the +5 chain mail of the Blessed Realm {Dex+3}
115045 | Pan      | Noticed Hosul the pandemonium lord
115053 | Pan      | Killed Hosul the pandemonium lord
115073 | Pan      | Identified the +7 plate armour of the Weaver {Will+ Str+2
                  | Int-4}
115124 | Pan      | Found an exit through the horrors of the Abyss.
115208 | Pan      | Reached skill level 27 in Shapeshifting
115783 | Pan      | Noticed Toak the pandemonium lord
115804 | Pan      | Killed Toak the pandemonium lord
116277 | Pan      | Found an exit through the horrors of the Abyss.
116369 | Pan      | Identified the +1 battleaxe of Integrity {flame, Stlth+}
116392 | Pan      | Found a runed translucent door.
117030 | Pan      | Found an exit through the horrors of the Abyss.
117561 | Pan      | Reached skill level 27 in Armour
118302 | Pan      | Reached skill level 27 in Dodging
118541 | Pan      | Found an exit through the horrors of the Abyss.
118576 | Pan      | Noticed Poafaeto the pandemonium lord
118580 | Pan      | Killed Poafaeto the pandemonium lord
119703 | Pan      | Found an exit through the horrors of the Abyss.
120066 | Pan      | Found a transporter.
120211 | Pan      | Found a transporter.
120408 | Pan      | Found a huge runed translucent gate.
120419 | Pan      | Reached skill level 27 in Unarmed Combat
120464 | Pan      | Reached skill level 1 in Fire Magic
120475 | Pan      | Reached skill level 1 in Hexes
120568 | Pan      | Found an exit through the horrors of the Abyss.
121008 | Pan      | Found a huge runed translucent gate.
121009 | Pan      | Found a huge runed translucent gate.
121009 | Pan      | Found a huge runed translucent gate.
121009 | Pan      | Found a huge runed translucent gate.
121009 | Pan      | Found a huge runed translucent gate.
121009 | Pan      | Found a huge runed translucent gate.
121017 | Pan      | Noticed Zorudy the pandemonium lord
121039 | Pan      | Killed Zorudy the pandemonium lord
121131 | Pan      | Reached skill level 27 in Fighting
121134 | Pan      | Reached skill level 5 in Fire Magic
121221 | Pan      | Noticed Josepri the pandemonium lord
121896 | Pan      | Killed Josepri the pandemonium lord
121930 | Pan      | Found an exit through the horrors of the Abyss.
122205 | Pan      | Reached skill level 5 in Hexes
122235 | Pan      | Found an exit through the horrors of the Abyss.
122460 | Pan      | Noticed Vodeoluh the pandemonium lord
122480 | Pan      | Killed Vodeoluh the pandemonium lord
122743 | Pan      | Took an exit into the Abyss.
122743 | Abyss:5  | Escaped into the Abyss
122922 | Abyss:5  | Found a basalt altar of Yredelemnul.
122993 | Depths:4 | Escaped the Abyss
123313 | Crypt:2  | Bought a scroll of teleportation for 42 gold pieces
123313 | Crypt:2  | Bought a scroll of butterflies for 56 gold pieces
123325 | Crypt:2  | Bought a pitted tin ring for 215 gold pieces
123325 | Crypt:2  | Identified the ring of Hapn {Fly rPois rF+ Int-2 Stlth+}
                  | (You bought it in a shop on level 2 of the Crypt)
123339 | Crypt:2  | Bought a glowing cloak for 157 gold pieces
123728 | Coc:3    | Reached skill level 10 in Fire Magic
124046 | Coc:5    | You fall into a shaft and drop 1 floor!
124162 | Coc:7    | Entered Level 7 of Cocytus
124885 | Coc:7    | Noticed Antaeus
124915 | Coc:7    | Reached skill level 10 in Hexes
124939 | Coc:7    | Killed Antaeus
124955 | Coc:7    | Got an icy rune of Zot
124958 | Coc:7    | Identified the ring "Doned" {^Contam rN+ Will+ rCorr Dex+6}
124965 | Coc:7    | Got the Handbook of Glaciation
125279 | Coc:7    | Identified the ring of Xamuor {rElec MP+9 Slay+2 Stlth+}
125550 | Coc:7    | Got the Discourse on Electricity
125967 | Geh:2    | You fall into a shaft and drop 2 floors!
126305 | Geh:5    | Noticed a dread lich
126311 | Geh:5    | Killed a dread lich
126877 | Geh:7    | Entered Level 7 of Gehenna
127431 | Geh:7    | Found the +13 sceptre of Asmodeus
127431 | Geh:7    | Noticed Asmodeus
127446 | Geh:7    | Killed Asmodeus
127467 | Geh:7    | Identified the +4 dire flail "Qosixol" {drain, Int+3}
127468 | Geh:7    | Identified the staff of Spores {rC+ Str+3 Dex-3 Tloc Ice
                  | Alchemy}
127484 | Geh:7    | Identified the amulet "Azuboa" {RegenMP rN+ RegenMP+
                  | Stlth+}
127513 | Geh:7    | Identified the staff of Proximity {rPois rCorr Str+7 Dex-3
                  | Stlth+ Alchemy}
127533 | Geh:7    | Identified the +5 sling of Eternal War {antimagic, rF- rN++
                  | Dex+4}
127543 | Geh:7    | Identified the ring of the Shrinking Gods {rN+ Int+6 Dex+4}
127557 | Geh:7    | Identified the +1 spear "Iffysm" {elec, ^Fragile rC++}
127560 | Geh:7    | Identified the +0 scale mail "Wynifyir" {Int+7 SInv}
127568 | Geh:7    | Got an obsidian rune of Zot
127706 | Geh:7    | Learned a level 9 spell: Polar Vortex
128636 | Tomb:1   | Entered Level 1 of the Tomb of the Ancients
129103 | Tomb:1   | Noticed a royal mummy
129120 | Tomb:1   | Killed a royal mummy
129572 | Tomb:2   | Noticed a royal mummy
129572 | Tomb:2   | Noticed a royal mummy
129595 | Tomb:2   | Killed a royal mummy
129621 | Tomb:2   | Noticed a royal mummy
129627 | Tomb:2   | Reached skill level 15 in Fire Magic
129634 | Tomb:2   | Killed a royal mummy
129672 | Tomb:2   | Killed a royal mummy
129855 | Tomb:2   | Noticed a royal mummy
129867 | Tomb:2   | Killed a royal mummy
130295 | Tomb:1   | Noticed a royal mummy
130296 | Tomb:1   | Noticed a royal mummy
130301 | Tomb:1   | Killed a royal mummy
130303 | Tomb:1   | Noticed a royal mummy
130304 | Tomb:1   | Noticed a royal mummy
130311 | Tomb:1   | Killed a royal mummy
130313 | Tomb:1   | Killed a royal mummy
130316 | Tomb:1   | Killed a royal mummy
130353 | Tomb:1   | Noticed a royal mummy
130359 | Tomb:1   | Killed a royal mummy
130378 | Tomb:1   | Noticed a royal mummy
130378 | Tomb:1   | Noticed a royal mummy
130380 | Tomb:1   | Noticed a royal mummy
130387 | Tomb:1   | Killed a royal mummy
130391 | Tomb:1   | Killed a royal mummy
130399 | Tomb:1   | Killed a royal mummy
130439 | Tomb:1   | Noticed a royal mummy
130441 | Tomb:1   | Noticed a royal mummy
130456 | Tomb:1   | Killed a royal mummy
130467 | Tomb:1   | Killed a royal mummy
130504 | Tomb:1   | Noticed a royal mummy
130505 | Tomb:1   | Noticed a royal mummy
130506 | Tomb:1   | Noticed a royal mummy
130514 | Tomb:1   | Killed a royal mummy
130516 | Tomb:1   | Noticed a royal mummy
130518 | Tomb:1   | Killed a royal mummy
130536 | Tomb:1   | Killed a royal mummy
130545 | Tomb:1   | Killed a royal mummy
130567 | Tomb:1   | Noticed a royal mummy
130571 | Tomb:1   | Noticed a royal mummy
130573 | Tomb:1   | Noticed a royal mummy
130583 | Tomb:1   | Killed a royal mummy
130596 | Tomb:1   | Killed a royal mummy
130611 | Tomb:1   | Killed a royal mummy
130627 | Tomb:1   | Noticed a royal mummy
130628 | Tomb:1   | Noticed a royal mummy
130637 | Tomb:1   | Killed a royal mummy
130640 | Tomb:1   | Noticed a royal mummy
130644 | Tomb:1   | Killed a royal mummy
130646 | Tomb:1   | Noticed a royal mummy
130650 | Tomb:1   | Killed a royal mummy
130655 | Tomb:1   | Killed a royal mummy
130868 | Tomb:3   | Entered Level 3 of the Tomb of the Ancients
130915 | Tomb:3   | Noticed a royal mummy
130917 | Tomb:3   | Noticed a royal mummy
130927 | Tomb:3   | Noticed a royal mummy
130940 | Tomb:3   | Noticed a royal mummy
130941 | Tomb:3   | Noticed a royal mummy
130941 | Tomb:3   | Noticed a royal mummy
130942 | Tomb:3   | Killed a royal mummy
130946 | Tomb:3   | Killed a royal mummy
130957 | Tomb:3   | Killed a royal mummy
130969 | Tomb:3   | Killed a royal mummy
130973 | Tomb:3   | Killed a royal mummy
130976 | Tomb:3   | Noticed a royal mummy
130989 | Tomb:3   | Noticed a royal mummy
131024 | Tomb:3   | Killed a royal mummy
131024 | Tomb:3   | Noticed a royal mummy
131041 | Tomb:3   | Killed a royal mummy
131046 | Tomb:3   | Killed a royal mummy
131066 | Tomb:3   | Killed a royal mummy
131255 | Tomb:3   | Got a golden rune of Zot
131491 | Tomb:3   | Found the +11 Singing Sword {sonic wave}
131506 | Tomb:3   | Identified the +4 whip "Poguju" {venom, rElec}
131508 | Tomb:3   | Identified the amulet "Ulohiorch" {+Inv rPois Regen+ Int+3
                  | SInv}
131549 | Tomb:3   | Identified the +1 cloak of Soft Birdsong {-Cast rN+ Regen+
                  | SInv}
131554 | Tomb:3   | Identified the staff of Pride {rC+ Str+2 Int-3 Dex+4 Conj
                  | Ice}
131598 | Tomb:3   | Identified the +10 shortbow of Tareirr {freeze, rC++
                  | Stlth+}
132297 | Zig:1    | Entered Level 1 of a ziggurat
132315 | Zig:2    | Entered Level 2 of a ziggurat
132345 | Zig:3    | Entered Level 3 of a ziggurat
132371 | Zig:3    | Got the Annotations on Malisons and Exhalation
132374 | Zig:4    | Entered Level 4 of a ziggurat
132385 | Zig:4    | Learned a level 9 spell: Chain Lightning
132425 | Zig:4    | Identified the ring of Quirch {Fire Int+3 SInv}
132433 | Zig:4    | Acquired 607 gold pieces
132434 | Zig:4    | Acquired a manual of Translocations
132435 | Zig:4    | Acquired 577 gold pieces
132443 | Zig:5    | Entered Level 5 of a ziggurat
132490 | Zig:5    | Identified the staff "Ugoyh" {Will- Str+3 Dex+3 Conj}
132491 | Zig:5    | Identified the staff of Hatred {rElec Int+3 Summ Air}
132507 | Zig:6    | Entered Level 6 of a ziggurat
132546 | Zig:7    | Entered Level 7 of a ziggurat
132565 | Zig:7    | Identified the +7 demon whip of Disgust {pain, Int+4 Dex+3}
132606 | Zig:8    | Entered Level 8 of a ziggurat
132620 | Zig:8    | Found the +2 pair of slick slippers {slick, slippery, EV+4}
132644 | Zig:8    | Identified the +11 mace "Raupiefa" {venom, rElec Str+3
                  | Stlth+}
132718 | Zig:9    | Entered Level 9 of a ziggurat
132752 | Zig:9    | Identified the +4 pair of boots of Nipeik {+Inv rN+ Stlth+}
132757 | Zig:9    | Identified the +2 pair of gloves of Virtue {rPois rN+ Str-5
                  | Dex+4}
132832 | Zig:10   | Entered Level 10 of a ziggurat
132879 | Zig:10   | Identified the staff of Ihediphae {rN+ Stlth+ Summ Necro}
132880 | Zig:10   | Identified the ring "Ydeodekh" {Will+ rCorr}
132887 | Zig:10   | Identified the +0 ring mail "Cedagodec" {Fly}
132960 | Zig:11   | Entered Level 11 of a ziggurat
133131 | Zig:11   | Found the +16 obsidian axe {drain, demonic, Mesm ^Drain Fly
                  | SInv}
133207 | Zig:12   | Entered Level 12 of a ziggurat
133227 | Zig:12   | Reached skill level 27 in Spellcasting
133321 | Zig:12   | Identified the ring of Itsailuc {rF+ Int+3}
133326 | Zig:12   | Identified the ring of Aqer {rPois Int+7}
133357 | Zig:13   | Entered Level 13 of a ziggurat
133414 | Zig:13   | Identified the +5 great sword of Evisceration {elec, rPois}
133437 | Zig:13   | Identified the +7 chain mail of Figh {Fly Regen+ MP+9
                  | Str-2}
133444 | Zig:13   | Identified the +5 sling of Wuir {flame, Str+3}
133450 | Zig:13   | Identified the staff of Iquv {Conj Hexes}
133504 | Zig:14   | Entered Level 14 of a ziggurat
133525 | Zig:14   | Noticed a royal mummy
133526 | Zig:14   | Noticed a royal mummy
133529 | Zig:14   | Killed a royal mummy
133541 | Zig:14   | Killed a royal mummy
133607 | Zig:14   | Identified the ring "Hoxzeff" {rF+ Str+4 Int+6 Dex+2
                  | Stlth+}
133627 | Zig:14   | Identified the +3 battleaxe "Deusaodu" {pain, rN++}
133681 | Zig:15   | Entered Level 15 of a ziggurat
133762 | Zig:15   | Identified the +6 falchion of Ambiguity {venom, rElec rC+
                  | Str+4 Dex-5}
133767 | Zig:15   | Identified the staff of Ciegai {^Contam rC+ rN++ Str+5 Ice}
133769 | Zig:15   | Identified the +6 trident of the Purse {flame, Will++
                  | Int+2}
133786 | Zig:15   | Identified the +1 pair of boots of Theory {Dex+5}
133835 | Zig:16   | Entered Level 16 of a ziggurat
133943 | Zig:16   | Identified the +1 ring mail of Autotheism {MP+9 Int+3}
133947 | Zig:16   | Identified the +7 mace "Demonbane" {spect, Str+3}
133952 | Zig:16   | Identified the +4 falchion "Asceticacid's Peril" {flame,
                  | Will+ Str+3}
133961 | Zig:16   | Identified the +4 sling of Sin {freeze, rElec Int-2 Dex+6
                  | Stlth+}
134062 | Zig:17   | Entered Level 17 of a ziggurat
134176 | Zig:17   | Identified the +7 chain mail of the Louse {rElec rN++ rCorr
                  | Str-3}
134188 | Zig:17   | Identified the +8 battleaxe of the Brain {freeze, rElec rC+
                  | Dex+2 Stlth+}
134324 | Zig:18   | Entered Level 18 of a ziggurat
134424 | Zig:18   | Identified the +7 flail of Slow Death {heavy, rC+ Will+
                  | Int+3}
134425 | Zig:18   | Identified the +2 orcbow "Atouwn" {heavy, rPois rC+++ MP-9
                  | Dex+3}
134426 | Zig:18   | Identified the ring "Ronna" {rN+ Str+6}
134430 | Zig:18   | Identified the amulet of Xich {RegenMP rElec rF- RegenMP+
                  | rCorr Int+4}
134546 | Zig:19   | Entered Level 19 of a ziggurat
134594 | Zig:19   | Found the necklace of Bloodlust {Fury *Rage Will++ Int-3
                  | Slay+6}
134759 | Zig:19   | Identified the +2 plate armour "Tetenys" {Int+4}
134760 | Zig:19   | Identified the ring of Wykhlahe {Wiz rElec}
134770 | Zig:19   | Identified the +8 rapier of Hepliaklqana {drain, rElec rN++
                  | Str-4 Int+3}
134779 | Zig:19   | Identified the ring of Quddac {^Contam rElec rPois Dex+4}
134785 | Zig:19   | Identified the staff "Geoshusu" {rPois Fire Alchemy}
134787 | Zig:20   | Entered Level 20 of a ziggurat
134843 | Zig:20   | Found the +3 salamander hide armour {Flames, rFlCloud rF++
                  | rC--}
135015 | Zig:20   | Identified the +10 orcbow "Orgheatza" {drain, Will+ Int+5
                  | Stlth-}
135060 | Zig:21   | Entered Level 21 of a ziggurat
135119 | Zig:21   | Reached skill level 27 in Fire Magic
135124 | Zig:21   | Reached skill level 1 in Air Magic
135132 | Zig:21   | Reached skill level 5 in Air Magic
135173 | Zig:21   | Got the Papyrus of Arrival and Clay
135231 | Zig:21   | Identified the ring "Pyjoaph" {rF+ rN++ Will+ Str-3 SInv}
135234 | Zig:21   | Identified the +1 short sword "Muneipt" {venom, rF+ rC+}
135292 | Zig:22   | Entered Level 22 of a ziggurat
135457 | Zig:22   | Found the +3 pair of seven-league boots {Rampage+∞}
135461 | Zig:22   | Identified the ring "Tattais" {Fly rC+ Dex+6}
135462 | Zig:22   | Identified the +1 leather armour "Higalos" {Rampage +Blink
                  | rC- Str+5}
135473 | Zig:22   | Identified the staff of Truth {rF++ rC+ rN+ Str-4 Necro}
135481 | Zig:22   | Identified the staff of Purpose {^Fragile rC+ Conj Summ Ice
                  | Air}
135533 | Zig:23   | Entered Level 23 of a ziggurat
135566 | Zig:23   | Noticed a dread lich
135567 | Zig:23   | Noticed an ancient lich
135568 | Zig:23   | Noticed a dread lich
135568 | Zig:23   | Noticed an ancient lich
135568 | Zig:23   | Noticed a dread lich
135570 | Zig:23   | Reached skill level 10 in Air Magic
135570 | Zig:23   | Killed a dread lich
135574 | Zig:23   | Killed a dread lich
135583 | Zig:23   | Killed an ancient lich
135599 | Zig:23   | Killed an ancient lich
135604 | Zig:23   | Killed a dread lich
135609 | Zig:23   | Identified the +3 acid dragon scales "Qaytwoh" {rCorr MP+9
                  | SInv}
135625 | Zig:23   | Identified the +6 battleaxe of Oluma {drain, Int+2}
135643 | Zig:23   | Identified the +3 arbalest "Killer Klown's Foe" {penet,
                  | rElec Will+ Int-3 Dex+2}
135644 | Zig:23   | Identified the staff "Eschyres" {+Blink rElec rPois rF-
                  | rC+++ Will- Alchemy}
135652 | Zig:23   | Identified the ring "Nausai" {Will+ EV+5 Slay+5}
135654 | Zig:23   | Identified the +0 chain mail of Ufilud {rC- Dex+7}
135795 | Zig:24   | Entered Level 24 of a ziggurat
135813 | Zig:24   | Noticed an ancient lich
135822 | Zig:24   | Killed an ancient lich
135834 | Zig:24   | Noticed an ancient lich
135898 | Zig:24   | Reached skill level 15 in Air Magic
135946 | Zig:24   | Killed an ancient lich
136095 | Zig:24   | Got the Handbook of the Inflammable Autopsy
136100 | Zig:24   | Identified the ring "Vycwoax" {Str+6 Dex+3}
136106 | Zig:24   | Identified the amulet of Sudol {Acrobat rPois rCorr}
136109 | Zig:24   | Identified the +5 sling "Jocw" {freeze, rN++}
136110 | Zig:24   | Identified the +1 trident "Kuwyuzeo" {drain, rPois rF+}
136119 | Zig:24   | Identified the +1 leather armour "Ommem" {+Inv rPois Regen+
                  | Str+3}
136198 | Zig:25   | Entered Level 25 of a ziggurat
136220 | Zig:25   | Noticed a royal mummy
136220 | Zig:25   | Noticed a royal mummy
136221 | Zig:25   | Noticed a royal mummy
136239 | Zig:25   | Killed a royal mummy
136242 | Zig:25   | Noticed a royal mummy
136243 | Zig:25   | Killed a royal mummy
136243 | Zig:25   | Noticed a royal mummy
136244 | Zig:25   | Noticed a royal mummy
136246 | Zig:25   | Killed a royal mummy
136249 | Zig:25   | Noticed a royal mummy
136252 | Zig:25   | Noticed a royal mummy
136253 | Zig:25   | Killed a royal mummy
136255 | Zig:25   | Noticed a royal mummy
136258 | Zig:25   | Killed a royal mummy
136258 | Zig:25   | Noticed a royal mummy
136258 | Zig:25   | Killed a royal mummy
136261 | Zig:25   | Noticed a royal mummy
136265 | Zig:25   | Noticed a royal mummy
136265 | Zig:25   | Noticed a royal mummy
136268 | Zig:25   | Killed a royal mummy
136270 | Zig:25   | Killed a royal mummy
136270 | Zig:25   | Killed a royal mummy
136274 | Zig:25   | Noticed a royal mummy
136276 | Zig:25   | Killed a royal mummy
136279 | Zig:25   | Killed a royal mummy
136280 | Zig:25   | Killed a royal mummy
136281 | Zig:25   | Killed a royal mummy
136298 | Zig:25   | Killed a royal mummy
136490 | Zig:25   | Identified the amulet "Inaxesk" {Spirit ^Fragile rElec
                  | rPois SInv}
136506 | Zig:25   | Identified the ring of Emosurig {rF+ rC+ rN+ rCorr Str+2}
136528 | Zig:25   | Identified the +4 lajatang of Mesmef {flame, *Noise Will++
                  | Int+3 Dex-3}
136609 | Zig:25   | Upgraded the game from 0.32-a0-558-g233958a4c4 to
                  | 0.32-a0-560-g4c7f4391e0
136612 | Zig:26   | Entered Level 26 of a ziggurat
136931 | Zig:26   | Found the dreamshard necklace {Acrobat *Dream}
136980 | Zig:26   | Identified the +0 chain mail of the Beekeeper {rN+ Str+3
                  | Int-5 Stlth+}
136981 | Zig:26   | Identified the +5 war axe of Usukumus {flame, Int+3}
137045 | Zig:27   | Entered Level 27 of a ziggurat
137088 | Zig:27   | Reached skill level 1 in Ice Magic
137103 | Zig:27   | Reached skill level 5 in Ice Magic
137214 | Zig:27   | Found the ring of the Octopus King
137263 | Zig:27   | Found the +5 demon whip "Spellbinder" {antimagic, disrupt,
                  | Will+}
137273 | Zig:27   | Identified the +8 trident of Vontat {heavy, ^Contam rN+
                  | Int+7 Dex-3}
137284 | Zig:27   | Identified the +3 arbalest "Dragonslayer" {freeze, rElec
                  | rF+ Dex+2 Stlth-}
137296 | Zig:27   | Identified a ring of the Octopus King {HP+2 AC+2 EV+2 SH+2
                  | SInv}
137317 | Zig:27   | Identified the ring of Codaafoi {Fire MP+9 Str+2 Dex+3}
137603 | Zig:1    | Entered Level 1 of a ziggurat
137624 | Zig:2    | Entered Level 2 of a ziggurat
137673 | Zig:3    | Entered Level 3 of a ziggurat
137750 | Zig:4    | Entered Level 4 of a ziggurat
137752 | Zig:4    | Noticed a royal mummy
137753 | Zig:4    | Noticed a royal mummy
137753 | Zig:4    | Found the +8 mithril axe "Arga" {speed, Will+}
137755 | Zig:4    | Killed a royal mummy
137756 | Zig:4    | Reached skill level 10 in Ice Magic
137757 | Zig:4    | Killed a royal mummy
137850 | Zig:4    | Identified the +10 falchion of Damuerph {spect, rN+++ Int-2
                  | Dex+3}
137886 | Zig:5    | Entered Level 5 of a ziggurat
137889 | Zig:5    | Noticed Wado the pandemonium lord
137905 | Zig:5    | Killed Wado the pandemonium lord
137984 | Zig:6    | Entered Level 6 of a ziggurat
137989 | Zig:6    | Noticed Zass the pandemonium lord
137994 | Zig:6    | Killed Zass the pandemonium lord
138003 | Zig:6    | Found the +18 shield of the Gong {Loud rN+ Will+ rCorr
                  | EV-5}
138155 | Zig:7    | Entered Level 7 of a ziggurat
138299 | Zig:8    | Entered Level 8 of a ziggurat
138307 | Zig:8    | Noticed Tejiel's ghost (legendary GrFi)
138307 | Zig:8    | Noticed Pixogrep's ghost (legendary OpCj)
138312 | Zig:8    | Noticed Pixogrep's ghost (legendary OpCj)
138313 | Zig:8    | Killed Tejiel's ghost
138329 | Zig:8    | Killed Pixogrep's ghost
138341 | Zig:8    | Killed Pixogrep's ghost
138414 | Zig:8    | Identified the +4 scale mail of Follow the Leader {+Inv rF-
                  | rC+ SInv}
138416 | Zig:8    | Identified the +9 shortbow "Qocsachy" {freeze, rElec}
138423 | Zig:8    | Identified the +5 great mace of Exquisite Death {vamp,
                  | *Rage rF+ rCorr Str+3}
138427 | Zig:8    | Identified the amulet "Gueph" {Spirit rPois}
138454 | Zig:9    | Entered Level 9 of a ziggurat
138466 | Zig:9    | Reached skill level 15 in Ice Magic
138584 | Zig:10   | Entered Level 10 of a ziggurat
138679 | Zig:10   | Identified the staff of the Heavens {rC+ Str+3 Int+4 Ice}
138681 | Zig:10   | Identified the +6 dagger of the Pill Bug {holy, rC+ Int+3}
138732 | Zig:11   | Entered Level 11 of a ziggurat
138740 | Zig:11   | Noticed Cedweha the pandemonium lord
138777 | Zig:11   | Killed Cedweha the pandemonium lord
138824 | Zig:11   | Identified the +9 plate armour "Bupaugup" {Str+4 Stlth-}
138829 | Zig:11   | Identified the ring "Aning" {rF++ rCorr}
138830 | Zig:11   | Identified the staff of Division {rElec rPois rC+ Air}
138833 | Zig:11   | Identified the staff "Diadam" {rN+ Str+4 Necro Fire}
138918 | Zig:12   | Entered Level 12 of a ziggurat
138929 | Zig:12   | Noticed a juggernaut
138943 | Zig:12   | Killed a juggernaut
139052 | Zig:12   | Identified the +2 short sword "Etenaigo" {venom, Will++
                  | Str+4 Stlth-}
139133 | Zig:13   | Entered Level 13 of a ziggurat
139143 | Zig:13   | Paralysed by an air elemental for 1 turns
139336 | Zig:14   | Entered Level 14 of a ziggurat
139489 | Zig:14   | Identified the +5 long sword of Narris {chaos, MP-9 Str-4
                  | Int+5 Dex+3}
139494 | Zig:14   | Identified the +5 morningstar of Victory {flame, rElec MP+9
                  | Int+4}
139496 | Zig:14   | Identified the +7 hand axe "Imp's Peril" {venom, rPois
                  | Dex+2}
139574 | Zig:15   | Entered Level 15 of a ziggurat
139606 | Zig:15   | Found the macabre finger necklace {Finger+ rN+}
139738 | Zig:15   | Identified the staff of Fenoedasku {+Blink rC+ rN+ Necro}
139827 | Zig:15   | Identified the +9 hand axe "Embalmer" {freeze, ^Drain
                  | Int+6}
139876 | Zig:16   | Entered Level 16 of a ziggurat
140088 | Zig:16   | Identified the +6 chain mail of Resonance {Rampage ^Drain
                  | Int+5 Dex-2}
140091 | Zig:16   | Identified the +6 triple crossbow of Uncertain Death
                  | {penet, +Blink rF+ Str+5}
140117 | Zig:16   | Identified the staff "Hoasar" {*Corrode Will+ Int+3 Conj
                  | Necro}
140146 | Zig:17   | Entered Level 17 of a ziggurat
140214 | Zig:17   | Identified the +5 shortbow of Conflict {heavy, rF+ rC+
                  | Int+3}
140406 | Zig:17   | Identified the +4 great sword of Ambiguity {drain, Dex+3}
140569 | Zig:18   | Entered Level 18 of a ziggurat
140804 | Zig:18   | Identified the +0 robe "Opraal" {Stlth+}
140897 | Zig:19   | Entered Level 19 of a ziggurat
140945 | Zig:19   | Reached skill level 27 in Ice Magic
141017 | Zig:19   | Identified the +3 halberd "Bung" {vamp, Dex+2}
141018 | Zig:19   | Identified the +1 helmet "Iplougom" {rPois}
141034 | Zig:19   | Identified the +3 leather armour "Xuhodgh" {-Tele Int+5
                  | Dex+4}
141043 | Zig:19   | Identified the +5 halberd of Disharmony {venom, rC+ Str+3}
141168 | Zig:20   | Entered Level 20 of a ziggurat
141188 | Zig:20   | Noticed Lagif's ghost (legendary MiFi)
141191 | Zig:20   | Noticed Canwutygu's ghost (veteran MiFi)
141195 | Zig:20   | Reached skill level 5 in Conjurations
141202 | Zig:20   | Noticed Suwusiqo's ghost (legendary DjCj)
141208 | Zig:20   | Noticed Ini Deriu's ghost (legendary DECj)
141208 | Zig:20   | Noticed Tejiel's ghost (legendary GrFi)
141209 | Zig:20   | Noticed Duta's ghost (legendary FoHu)
141212 | Zig:20   | Noticed Nalaklye's ghost (legendary DjCA)
141212 | Zig:20   | Noticed Ometuamn's ghost (legendary OnSh)
141226 | Zig:20   | Noticed Nalaklye's ghost (legendary DjCA)
141228 | Zig:20   | Killed Lagif's ghost
141237 | Zig:20   | Killed Duta's ghost
141240 | Zig:20   | Killed Ometuamn's ghost
141241 | Zig:20   | Noticed Suwusiqo's ghost (legendary DjCj)
141243 | Zig:20   | Noticed Quogoet's ghost (legendary OpSh)
141243 | Zig:20   | Noticed Hoiham's ghost (legendary MiFi)
141247 | Zig:20   | Noticed Nalaklye's ghost (legendary DjCA)
141248 | Zig:20   | Killed Tejiel's ghost
141253 | Zig:20   | Killed Hoiham's ghost
141255 | Zig:20   | Noticed Oxtuo's ghost (legendary DECj)
141255 | Zig:20   | Noticed Tejiel's ghost (legendary GrFi)
141262 | Zig:20   | Killed Tejiel's ghost
141263 | Zig:20   | Reached skill level 10 in Conjurations
141265 | Zig:20   | Killed Suwusiqo's ghost
141266 | Zig:20   | Noticed Lagif's ghost (legendary MiFi)
141271 | Zig:20   | Killed Quogoet's ghost
141271 | Zig:20   | Killed Canwutygu's ghost
141275 | Zig:20   | Killed Ini Deriu's ghost
141277 | Zig:20   | Killed Nalaklye's ghost
141277 | Zig:20   | Killed Nalaklye's ghost
141279 | Zig:20   | Killed Suwusiqo's ghost
141285 | Zig:20   | Killed Nalaklye's ghost
141287 | Zig:20   | Killed Oxtuo's ghost
141303 | Zig:20   | Killed Lagif's ghost
141360 | Zig:20   | Noticed a dread lich
141472 | Zig:20   | Killed a dread lich
141571 | Zig:20   | Found the +4 robe of Folly {Brill Will-∞ Int+8}
141577 | Zig:20   | Identified the ring "Odghoh" {Ice rN+ Str+3 Int+6 Dex-3}
141578 | Zig:20   | Identified the staff of the Vine {rElec rPois rC- rCorr
                  | Str+7 Alchemy}
141586 | Zig:20   | Identified the +0 shortbow "Moapn" {antimagic, ^Contam
                  | Str+5 Stlth+}
141587 | Zig:20   | Identified the +9 great mace "Vethru Iduos" {chaos, rC+
                  | Str+2}
141598 | Zig:20   | Identified the +10 rapier of Ontuacwu {distort, Str-3 Int+3
                  | Dex+2 Stlth+}
141609 | Zig:20   | Identified the ring "Lerroolo" {*Corrode rF+ rC+ Slay+2
                  | Stlth+}
141622 | Zig:21   | Entered Level 21 of a ziggurat
141639 | Zig:21   | Noticed a dread lich
141650 | Zig:21   | Killed a dread lich
141724 | Zig:21   | Noticed an ancient lich
141739 | Zig:21   | Reached skill level 27 in Air Magic
141740 | Zig:21   | Killed an ancient lich
141742 | Zig:21   | Reached skill level 15 in Conjurations
142020 | Zig:21   | Identified the staff of Mordant Responsibility {rC+ Int-3
                  | Dex+6 Summ Ice}
142029 | Zig:21   | Identified the +0 ring mail of Makhleb {Rampage Str+2}
142118 | Zig:22   | Entered Level 22 of a ziggurat
142413 | Zig:22   | Found the +9 sword of Zonguldrok {reap}
142426 | Zig:22   | Identified the ring "Xaacixok" {rElec rN+ Int+3}
142434 | Zig:22   | Identified the ring "Moanar" {rPois Slay+3}
142530 | Zig:23   | Entered Level 23 of a ziggurat
142568 | Zig:23   | Noticed a juggernaut
142572 | Zig:23   | Noticed a juggernaut
142579 | Zig:23   | Killed a juggernaut
142592 | Zig:23   | Killed a juggernaut
142827 | Zig:23   | Identified the +4 falchion of Dyowiss {freeze, rPois Int+3}
142830 | Zig:23   | Identified the ring of Limitation {*Slow rC+++ rN+ rCorr
                  | EV+5}
142836 | Zig:23   | Identified the +2 ring mail "Qastidoo" {rN+ Int+4}
142842 | Zig:23   | Identified the +8 great sword of Contention {freeze, rPois
                  | rC- rN+ rCorr}
142845 | Zig:23   | Identified the ring "Mecun" {*Slow rN+ Int+6 SInv Stlth+}
142856 | Zig:23   | Identified the staff "Pendulum" {rElec Str-5 Conj Tloc Air}
143024 | Zig:24   | Entered Level 24 of a ziggurat
143045 | Zig:24   | Noticed an ancient lich
143049 | Zig:24   | Noticed a dread lich
143052 | Zig:24   | Noticed an ancient lich
143052 | Zig:24   | Noticed an ancient lich
143060 | Zig:24   | Noticed an ancient lich
143060 | Zig:24   | Noticed a dread lich
143061 | Zig:24   | Noticed a dread lich
143062 | Zig:24   | Noticed a dread lich
143063 | Zig:24   | Noticed an ancient lich
143063 | Zig:24   | Noticed an ancient lich
143064 | Zig:24   | Killed a dread lich
143065 | Zig:24   | Noticed an ancient lich
143065 | Zig:24   | Noticed an ancient lich
143067 | Zig:24   | Killed an ancient lich
143067 | Zig:24   | Noticed a dread lich
143067 | Zig:24   | Noticed an ancient lich
143069 | Zig:24   | Killed a dread lich
143069 | Zig:24   | Killed an ancient lich
143070 | Zig:24   | Killed an ancient lich
143072 | Zig:24   | Killed an ancient lich
143072 | Zig:24   | Killed an ancient lich
143072 | Zig:24   | Killed a dread lich
143075 | Zig:24   | Killed a dread lich
143078 | Zig:24   | Killed a dread lich
143078 | Zig:24   | Killed an ancient lich
143084 | Zig:24   | Killed an ancient lich
143086 | Zig:24   | Killed an ancient lich
143091 | Zig:24   | Killed an ancient lich
143254 | Zig:24   | Found the +3 pair of mountain boots {steadfast, rC+}
143273 | Zig:24   | Identified the staff of Acue {^Drain rC+ Str-4 Dex+8 Fire
                  | Ice}
143283 | Zig:24   | Identified the ring of the Past {Ice rElec Str-4 Int+4}
143304 | Zig:24   | Identified the +6 rapier "Arphycao" {freeze, Int+2}
143317 | Zig:24   | Identified the +0 shortbow of the Final Decision {heavy,
                  | SInv}
143409 | Zig:25   | Entered Level 25 of a ziggurat
143425 | Zig:25   | Noticed Vikhlaeme the pandemonium lord
143436 | Zig:25   | Killed Vikhlaeme the pandemonium lord
143441 | Zig:25   | Killed Netuzea the pandemonium lord
143444 | Zig:25   | Noticed Paenacu the pandemonium lord
143446 | Zig:25   | Noticed Aprygeu the pandemonium lord
143447 | Zig:25   | Noticed Ylasaskao the pandemonium lord
143447 | Zig:25   | Noticed Qupliw the pandemonium lord
143447 | Zig:25   | Noticed Mysyrouh the pandemonium lord
143448 | Zig:25   | Noticed Foallyhed the pandemonium lord
143450 | Zig:25   | Noticed Uschuleym the pandemonium lord
143450 | Zig:25   | Noticed Kahefore the pandemonium lord
143450 | Zig:25   | Noticed Umexiwibb the pandemonium lord
143450 | Zig:25   | Noticed Ceaq the pandemonium lord
143450 | Zig:25   | Noticed Cuxte the pandemonium lord
143450 | Zig:25   | Noticed Giho the pandemonium lord
143450 | Zig:25   | Noticed Beaduide the pandemonium lord
143450 | Zig:25   | Noticed Huig the pandemonium lord
143452 | Zig:25   | Noticed Petziom the pandemonium lord
143454 | Zig:25   | Killed Uschuleym the pandemonium lord
143456 | Zig:25   | Killed Qupliw the pandemonium lord
143458 | Zig:25   | Noticed Zimm the pandemonium lord
143458 | Zig:25   | Noticed Vogal the pandemonium lord
143462 | Zig:25   | Killed Beaduide the pandemonium lord
143462 | Zig:25   | Killed Paenacu the pandemonium lord
143462 | Zig:25   | Killed Vogal the pandemonium lord
143462 | Zig:25   | Killed Aprygeu the pandemonium lord
143462 | Zig:25   | Noticed Vutsati the pandemonium lord
143463 | Zig:25   | Killed Ceaq the pandemonium lord
143463 | Zig:25   | Noticed Niw Vecu the pandemonium lord
143465 | Zig:25   | Killed Kahefore the pandemonium lord
143467 | Zig:25   | Killed Ylasaskao the pandemonium lord
143468 | Zig:25   | Killed Cuxte the pandemonium lord
143469 | Zig:25   | Killed Umexiwibb the pandemonium lord
143470 | Zig:25   | Killed Zimm the pandemonium lord
143472 | Zig:25   | Killed Mysyrouh the pandemonium lord
143473 | Zig:25   | Noticed Abluqal the pandemonium lord
143473 | Zig:25   | Noticed Mahiokh the pandemonium lord
143474 | Zig:25   | Noticed Inuzequn the pandemonium lord
143475 | Zig:25   | Killed Huig the pandemonium lord
143476 | Zig:25   | Noticed Wesarr the pandemonium lord
143476 | Zig:25   | Noticed Kisen the pandemonium lord
143476 | Zig:25   | Noticed Atuuq the pandemonium lord
143478 | Zig:25   | Killed Foallyhed the pandemonium lord
143478 | Zig:25   | Noticed Vebodu the pandemonium lord
143479 | Zig:25   | Killed Niw Vecu the pandemonium lord
143479 | Zig:25   | Noticed Etse the pandemonium lord
143480 | Zig:25   | Noticed Axoadileme the pandemonium lord
143480 | Zig:25   | Noticed Semoum the pandemonium lord
143480 | Zig:25   | Noticed Cykh the pandemonium lord
143480 | Zig:25   | Noticed Xeavaerch the pandemonium lord
143484 | Zig:25   | Killed Vutsati the pandemonium lord
143484 | Zig:25   | Noticed Fyfrabb the pandemonium lord
143485 | Zig:25   | Noticed Waeset the pandemonium lord
143485 | Zig:25   | Killed Inuzequn the pandemonium lord
143486 | Zig:25   | Killed Mahiokh the pandemonium lord
143486 | Zig:25   | Killed Kisen the pandemonium lord
143486 | Zig:25   | Killed Xeavaerch the pandemonium lord
143486 | Zig:25   | Killed Etse the pandemonium lord
143488 | Zig:25   | Killed Abluqal the pandemonium lord
143489 | Zig:25   | Killed Wesarr the pandemonium lord
143490 | Zig:25   | Killed Atuuq the pandemonium lord
143490 | Zig:25   | Banished Semoum the pandemonium lord
143491 | Zig:25   | Noticed Qimoaluf the pandemonium lord
143492 | Zig:25   | Killed Vebodu the pandemonium lord
143492 | Zig:25   | Killed Axoadileme the pandemonium lord
143492 | Zig:25   | Noticed Riket the pandemonium lord
143493 | Zig:25   | Killed Fyfrabb the pandemonium lord
143494 | Zig:25   | Noticed Zunuupyu the pandemonium lord
143494 | Zig:25   | Killed Giho the pandemonium lord
143500 | Zig:25   | Killed Cykh the pandemonium lord
143510 | Zig:25   | Killed Petziom the pandemonium lord
143511 | Zig:25   | Reached skill level 27 in Conjurations
143513 | Zig:25   | Killed Riket the pandemonium lord
143518 | Zig:25   | Killed Zunuupyu the pandemonium lord
143521 | Zig:25   | Killed Waeset the pandemonium lord
143521 | Zig:25   | Killed Qimoaluf the pandemonium lord
143680 | Zig:25   | Found the +27 heavy crossbow "Sniper" {heavy, Acc+∞ SInv}
143685 | Zig:25   | Found the +7 great mace "Undeadhunter" {deathbane, rN+}
143689 | Zig:25   | Identified the ring of the Countless Orbs {rF+ rN+ MP+9}
143697 | Zig:25   | Identified the +4 whip "Paitur" {freeze, rPois Str+3}
143698 | Zig:25   | Identified the ring of the Establishment {AC+4 Str-3 Int+6
                  | SInv}
143709 | Zig:25   | Identified the +7 hand axe "Segiy" {freeze, rElec Int+3
                  | Stlth+}
143717 | Zig:25   | Identified the +1 scale mail "Hiorib Wogomn" {rF+}
143860 | Zig:26   | Entered Level 26 of a ziggurat
143886 | Zig:26   | Noticed an ancient lich
143911 | Zig:26   | Killed an ancient lich
143913 | Zig:26   | Noticed a dread lich
143939 | Zig:26   | Killed a dread lich
144216 | Zig:26   | Found the +3 crown of Dyrovepreva {rElec Int+2 SInv}
144245 | Zig:26   | Identified the +3 mace "Vesya" {flame, Str-5 Int-3 Dex+4}
144259 | Zig:26   | Identified the +0 scale mail of Lust {rF++ rN+ Int+4}
144263 | Zig:26   | Identified the +3 trident of Karma {flame, ^Contam rN++
                  | Dex+4}
144268 | Zig:26   | Identified the staff of Fotoe {Air Earth}
144405 | Zig:26   | Learned a level 9 spell: Shatter
144406 | Zig:27   | Entered Level 27 of a ziggurat
144455 | Zig:27   | Reached skill level 27 in Stealth
144875 | Zig:27   | Identified the +5 great sword of the Quick God {drain,
                  | rPois Will+ Dex+3}
144886 | Zig:27   | Identified the +0 scale mail of Evolution {rC- rCorr Int+4}
144892 | Zig:27   | Identified the ring "Xunk" {rF+ rN+ Dex+2}
144897 | Zig:27   | Identified the ring of Atheism {Ice Fly Will+ Int+2 Dex+3}
145534 | Zig:1    | Entered Level 1 of a ziggurat
145588 | Zig:2    | Entered Level 2 of a ziggurat
145629 | Zig:2    | Identified the +12 falchion of Podateugh {flame, rPois
                  | Dex+2}
145663 | Zig:3    | Entered Level 3 of a ziggurat
145724 | Zig:3    | Identified the +1 whip of Accord {freeze, rCorr}
145765 | Zig:4    | Entered Level 4 of a ziggurat
145765 | Zig:4    | Noticed a juggernaut
145770 | Zig:4    | Noticed a juggernaut
145775 | Zig:4    | Killed a juggernaut
145781 | Zig:4    | Killed a juggernaut
145833 | Zig:4    | Identified the +3 dagger "Linwevei" {venom, Will+ Str+3
                  | Dex+2}
145849 | Zig:5    | Entered Level 5 of a ziggurat
145852 | Zig:5    | Noticed Kagro the pandemonium lord
145861 | Zig:5    | Killed Kagro the pandemonium lord
146003 | Zig:5    | Identified the +3 mace of Nelifitu {vamp, rF+ Dex+2}
146031 | Zig:6    | Entered Level 6 of a ziggurat
146040 | Zig:6    | Found the +11 plutonium sword {^Contam Stlth-}
146183 | Zig:7    | Entered Level 7 of a ziggurat
146302 | Zig:7    | Identified the +0 robe "Lewyh" {*Slow rElec rC+++ Int-4}
146382 | Zig:8    | Entered Level 8 of a ziggurat
146631 | Zig:8    | Identified the storm talisman "Vewk" {Dex+6}
146633 | Zig:8    | Identified the staff of the Valley {rElec Int+6 Earth}
146642 | Zig:8    | Identified the amulet of Royalty {RegenMP rF+ Will+
                  | RegenMP+}
146662 | Zig:9    | Entered Level 9 of a ziggurat
146667 | Zig:9    | Noticed an ancient lich
146669 | Zig:9    | Noticed an ancient lich
146669 | Zig:9    | Noticed a dread lich
146669 | Zig:9    | Noticed a dread lich
146670 | Zig:9    | Noticed an ancient lich
146671 | Zig:9    | Killed a dread lich
146673 | Zig:9    | Killed an ancient lich
146678 | Zig:9    | Killed an ancient lich
146678 | Zig:9    | Killed a dread lich
146679 | Zig:9    | Killed an ancient lich
146692 | Zig:9    | Identified the +7 shortbow of Defiance {heavy, rF++ rCorr
                  | Int-4 SInv}
146726 | Zig:9    | Identified the ring "Dycorol" {rPois Int+6 Dex+3}
146771 | Zig:10   | Entered Level 10 of a ziggurat
146775 | Zig:10   | Noticed Nulooc the pandemonium lord
146775 | Zig:10   | Noticed Voypaaf the pandemonium lord
146775 | Zig:10   | Noticed Secveng the pandemonium lord
146777 | Zig:10   | Noticed Dasaoj the pandemonium lord
146777 | Zig:10   | Noticed Ollin the pandemonium lord
146778 | Zig:10   | Noticed Iraramem the pandemonium lord
146778 | Zig:10   | Noticed Epna the pandemonium lord
146778 | Zig:10   | Noticed Zaunin the pandemonium lord
146779 | Zig:10   | Noticed Gush the pandemonium lord
146780 | Zig:10   | Reached skill level 27 in Evocations
146784 | Zig:10   | Killed Zaunin the pandemonium lord
146785 | Zig:10   | Killed Secveng the pandemonium lord
146786 | Zig:10   | Killed Voypaaf the pandemonium lord
146787 | Zig:10   | Killed Dasaoj the pandemonium lord
146788 | Zig:10   | Reached skill level 5 in Earth Magic
146789 | Zig:10   | Killed Epna the pandemonium lord
146790 | Zig:10   | Killed Ollin the pandemonium lord
146797 | Zig:10   | Killed Nulooc the pandemonium lord
146800 | Zig:10   | Killed Iraramem the pandemonium lord
146809 | Zig:10   | Killed Gush the pandemonium lord
146809 | Zig:10   | Noticed Makhy the pandemonium lord
146823 | Zig:10   | Killed Makhy the pandemonium lord
146865 | Zig:10   | Identified the +11 mace of the Crawling Thing {heavy,
                  | +Blink rPois rC-}
146977 | Zig:11   | Entered Level 11 of a ziggurat
146993 | Zig:11   | Found the amulet of Vitality {Regen++ RegenMP++}
147056 | Zig:11   | Identified the ring of Newaur {rElec rPois Will++ Slay+4}
147172 | Zig:12   | Entered Level 12 of a ziggurat
147177 | Zig:12   | Noticed Heshopn the pandemonium lord
147177 | Zig:12   | Noticed Rivujeyt the pandemonium lord
147177 | Zig:12   | Noticed Leebust the pandemonium lord
147177 | Zig:12   | Noticed Tivuq the pandemonium lord
147178 | Zig:12   | Noticed Cucuop the pandemonium lord
147179 | Zig:12   | Noticed Beatog the pandemonium lord
147180 | Zig:12   | Reached skill level 10 in Earth Magic
147181 | Zig:12   | Noticed Nureunoj the pandemonium lord
147181 | Zig:12   | Noticed Xoadybiq the pandemonium lord
147185 | Zig:12   | Killed Cucuop the pandemonium lord
147186 | Zig:12   | Killed Leebust the pandemonium lord
147187 | Zig:12   | Noticed Varycs the pandemonium lord
147187 | Zig:12   | Noticed Zyur the pandemonium lord
147188 | Zig:12   | Killed Nureunoj the pandemonium lord
147190 | Zig:12   | Killed Beatog the pandemonium lord
147190 | Zig:12   | Killed Xoadybiq the pandemonium lord
147190 | Zig:12   | Killed Rivujeyt the pandemonium lord
147191 | Zig:12   | Noticed Moubosk the pandemonium lord
147191 | Zig:12   | Found the +8 whip "Snakebite" {venom, curare, rPois}
147195 | Zig:12   | Killed Moubosk the pandemonium lord
147195 | Zig:12   | Killed Zyur the pandemonium lord
147195 | Zig:12   | Killed Tivuq the pandemonium lord
147196 | Zig:12   | Killed Heshopn the pandemonium lord
147213 | Zig:12   | Killed Varycs the pandemonium lord
147299 | Zig:12   | Identified the ring of Autumn {Int+6 Dex+2}
147362 | Zig:13   | Entered Level 13 of a ziggurat
147362 | Zig:13   | Noticed a juggernaut
147362 | Zig:13   | Noticed a juggernaut
147364 | Zig:13   | Noticed a juggernaut
147365 | Zig:13   | Killed a juggernaut
147366 | Zig:13   | Reached skill level 27 in Shields
147369 | Zig:13   | Noticed a juggernaut
147372 | Zig:13   | Killed a juggernaut
147376 | Zig:13   | Killed a juggernaut
147376 | Zig:13   | Killed a juggernaut
147384 | Zig:13   | Identified the ring of Lideuwah {^Contam rElec rC+ Will+
                  | SInv}
147385 | Zig:13   | Identified the ring "Ojedav" {rF++ EV+5}
147503 | Zig:13   | Identified the +3 double sword of Certain Death {heavy,
                  | *Rage rPois Will+ Str+3}
147702 | Zig:14   | Entered Level 14 of a ziggurat
147711 | Zig:14   | Reached skill level 15 in Earth Magic
147716 | Zig:14   | Found the +13 scythe of Curses {drain, curses, ^Drain}
147873 | Zig:14   | Identified the +3 glaive of Trauma {spect, rC+ rCorr SInv}
147877 | Zig:14   | Identified the +0 pair of gloves of Cobuvien {rF++}
147878 | Zig:14   | Identified the +1 quick blade "Ygef" {flame, rCorr Int+4}
147883 | Zig:14   | Identified the +0 pair of gloves "Kaidun" {*Corrode Will+
                  | Regen+ Int+3}
147993 | Zig:15   | Entered Level 15 of a ziggurat
148012 | Zig:15   | Found the +8 pair of quick blades "Gyre" and "Gimble"
                  | {protect}
148198 | Zig:15   | Identified the ring of Foclum {rPois rN+ Int+6}
148203 | Zig:15   | Identified the +10 broad axe "Embalmer" {drain, rC+ rN+
                  | Str+3 Int-4}
148204 | Zig:15   | Identified the staff "Xunohaf" {Fly rF+ Dex+3 Fire Ice}
148209 | Zig:15   | Identified the +1 cloak "Riut Jaipt" {rC+ rCorr Dex+3
                  | Stlth-}
148210 | Zig:15   | Identified the +1 troll leather armour of the Equator {rC+
                  | Regen+ rCorr}
148343 | Zig:16   | Entered Level 16 of a ziggurat
148348 | Zig:16   | Noticed an ancient lich
148348 | Zig:16   | Noticed a dread lich
148354 | Zig:16   | Noticed an ancient lich
148354 | Zig:16   | Noticed an ancient lich
148354 | Zig:16   | Noticed an ancient lich
148354 | Zig:16   | Noticed an ancient lich
148355 | Zig:16   | Noticed an ancient lich
148355 | Zig:16   | Noticed an ancient lich
148355 | Zig:16   | Noticed a dread lich
148356 | Zig:16   | Noticed an ancient lich
148356 | Zig:16   | Killed an ancient lich
148357 | Zig:16   | Noticed an ancient lich
148357 | Zig:16   | Noticed an ancient lich
148359 | Zig:16   | Killed an ancient lich
148361 | Zig:16   | Killed an ancient lich
148365 | Zig:16   | Killed an ancient lich
148369 | Zig:16   | Noticed a dread lich
148372 | Zig:16   | Killed a dread lich
148374 | Zig:16   | Killed an ancient lich
148375 | Zig:16   | Killed an ancient lich
148376 | Zig:16   | Killed an ancient lich
148380 | Zig:16   | Killed an ancient lich
148381 | Zig:16   | Killed an ancient lich
148382 | Zig:16   | Killed a dread lich
148384 | Zig:16   | Killed a dread lich
148390 | Zig:16   | Killed an ancient lich
148714 | Zig:16   | Identified the +4 plate armour of Ascheato {SInv}
148735 | Zig:16   | Identified the +4 mace "Wobuigeg" {venom, rPois rCorr}
148803 | Zig:17   | Entered Level 17 of a ziggurat
148806 | Zig:17   | Noticed a juggernaut
148807 | Zig:17   | Noticed a juggernaut
148808 | Zig:17   | Noticed a juggernaut
148810 | Zig:17   | Killed a juggernaut
148810 | Zig:17   | Killed a juggernaut
148813 | Zig:17   | Killed a juggernaut
148816 | Zig:17   | Noticed a juggernaut
148826 | Zig:17   | Killed a juggernaut
148828 | Zig:17   | Found the +7 Spriggan's Knife {stab, EV+4 Stlth+}
149006 | Zig:17   | Identified the +2 mace "Zeangumota" {heavy, rC+++ Str-3
                  | Dex+5 Stlth-}
149007 | Zig:17   | Identified the +2 war axe "Oxkafoxu" {flame, MP+9 Str-5
                  | Dex+5}
149236 | Zig:18   | Entered Level 18 of a ziggurat
149276 | Zig:18   | Reached skill level 27 in Earth Magic
149276 | Zig:18   | Reached skill level 1 in Axes
149506 | Zig:18   | Identified the +4 morningstar "Dragonbane" {drain, rC+
                  | Str+5 Stlth+}
149513 | Zig:18   | Identified the +1 robe of Ycudoar {rCorr Str+4 Slay+5}
149535 | Zig:18   | Identified the +8 great sword of Evolution {flame, rC-
                  | Dex+5 SInv}
149540 | Zig:18   | Identified the ring "Ulin" {rCorr Dex+6}
149578 | Zig:19   | Entered Level 19 of a ziggurat
149589 | Zig:19   | Reached skill level 15 in Maces & Flails
149881 | Zig:19   | Identified the staff of Carved Optimality {+Blink rPois rF-
                  | Dex+2 SInv Alchemy}
149891 | Zig:19   | Identified the staff of Beyond {rF- rC+ rN+ Int+2 Earth}
149919 | Zig:20   | Entered Level 20 of a ziggurat
149929 | Zig:20   | Reached skill level 1 in Short Blades
149929 | Zig:20   | Reached skill level 1 in Long Blades
149929 | Zig:20   | Reached skill level 1 in Throwing
149929 | Zig:20   | Reached skill level 1 in Summonings
149929 | Zig:20   | Reached skill level 1 in Necromancy
149929 | Zig:20   | Reached skill level 1 in Translocations
149957 | Zig:20   | Reached skill level 5 in Summonings
149957 | Zig:20   | Reached skill level 5 in Necromancy
149957 | Zig:20   | Reached skill level 5 in Translocations
149958 | Zig:20   | Reached skill level 5 in Short Blades
149958 | Zig:20   | Reached skill level 5 in Long Blades
149958 | Zig:20   | Reached skill level 5 in Throwing
150046 | Zig:20   | Identified the +0 plate armour of the Fife {Harm rN+ MP-9
                  | Stlth+}
150179 | Zig:20   | Identified the staff "Vine Stalker's Doom" {rElec rPois
                  | Earth Alchemy}
150263 | Zig:21   | Entered Level 21 of a ziggurat
150273 | Zig:21   | Noticed Waumevees the pandemonium lord
150273 | Zig:21   | Noticed Onasch the pandemonium lord
150273 | Zig:21   | Noticed Yqeplash the pandemonium lord
150273 | Zig:21   | Noticed Qirakhaz the pandemonium lord
150274 | Zig:21   | Noticed Lobb the pandemonium lord
150274 | Zig:21   | Noticed Roanier the pandemonium lord
150274 | Zig:21   | Noticed Jaumix the pandemonium lord
150274 | Zig:21   | Noticed Owaegab the pandemonium lord
150274 | Zig:21   | Noticed Ihypoi the pandemonium lord
150274 | Zig:21   | Noticed Poessa the pandemonium lord
150274 | Zig:21   | Noticed Buysupn the pandemonium lord
150275 | Zig:21   | Noticed Qoydiomewk the pandemonium lord
150275 | Zig:21   | Noticed Saehut the pandemonium lord
150275 | Zig:21   | Noticed Upimeamm the pandemonium lord
150275 | Zig:21   | Noticed Haitip the pandemonium lord
150275 | Zig:21   | Noticed Lacoz Bif the pandemonium lord
150276 | Zig:21   | Noticed Vona Umn the pandemonium lord
150277 | Zig:21   | Noticed Painuzi the pandemonium lord
150277 | Zig:21   | Noticed Bumifrae the pandemonium lord
150278 | Zig:21   | Killed Qoydiomewk the pandemonium lord
150278 | Zig:21   | Noticed Rodgh the pandemonium lord
150278 | Zig:21   | Noticed Pitting the pandemonium lord
150279 | Zig:21   | Killed Ihypoi the pandemonium lord
150279 | Zig:21   | Killed Owaegab the pandemonium lord
150279 | Zig:21   | Killed Poessa the pandemonium lord
150279 | Zig:21   | Killed Vona Umn the pandemonium lord
150279 | Zig:21   | Killed Lacoz Bif the pandemonium lord
150279 | Zig:21   | Noticed Bexzibiz the pandemonium lord
150280 | Zig:21   | Noticed Suit the pandemonium lord
150281 | Zig:21   | Killed Onasch the pandemonium lord
150281 | Zig:21   | Killed Qirakhaz the pandemonium lord
150281 | Zig:21   | Noticed Rugh the pandemonium lord
150282 | Zig:21   | Killed Bumifrae the pandemonium lord
150282 | Zig:21   | Killed Upimeamm the pandemonium lord
150283 | Zig:21   | Killed Painuzi the pandemonium lord
150283 | Zig:21   | Killed Buysupn the pandemonium lord
150283 | Zig:21   | Noticed Ruuneum the pandemonium lord
150284 | Zig:21   | Noticed Naseh the pandemonium lord
150284 | Zig:21   | Noticed Paijuacu the pandemonium lord
150284 | Zig:21   | Killed Haitip the pandemonium lord
150284 | Zig:21   | Killed Roanier the pandemonium lord
150284 | Zig:21   | Killed Ruuneum the pandemonium lord
150285 | Zig:21   | Noticed Jukonlam the pandemonium lord
150287 | Zig:21   | Noticed Urakhlex the pandemonium lord
150287 | Zig:21   | Killed Lobb the pandemonium lord
150287 | Zig:21   | Noticed Baqatz the pandemonium lord
150292 | Zig:21   | Killed Suit the pandemonium lord
150293 | Zig:21   | Killed Bexzibiz the pandemonium lord
150293 | Zig:21   | Killed Rugh the pandemonium lord
150293 | Zig:21   | Killed Jukonlam the pandemonium lord
150293 | Zig:21   | Noticed Raleah the pandemonium lord
150293 | Zig:21   | Noticed Orhuyfu the pandemonium lord
150295 | Zig:21   | Killed Waumevees the pandemonium lord
150296 | Zig:21   | Killed Jaumix the pandemonium lord
150296 | Zig:21   | Killed Rodgh the pandemonium lord
150298 | Zig:21   | Killed Pitting the pandemonium lord
150300 | Zig:21   | Killed Naseh the pandemonium lord
150307 | Zig:21   | Killed Paijuacu the pandemonium lord
150308 | Zig:21   | Noticed Zugrorir the pandemonium lord
150308 | Zig:21   | Noticed Pogoema the pandemonium lord
150308 | Zig:21   | Killed Baqatz the pandemonium lord
150310 | Zig:21   | Noticed Akism the pandemonium lord
150310 | Zig:21   | Killed Urakhlex the pandemonium lord
150313 | Zig:21   | Reached skill level 10 in Summonings
150314 | Zig:21   | Reached skill level 10 in Necromancy
150314 | Zig:21   | Reached skill level 10 in Translocations
150314 | Zig:21   | Killed Raleah the pandemonium lord
150315 | Zig:21   | Killed Zugrorir the pandemonium lord
150320 | Zig:21   | Killed Orhuyfu the pandemonium lord
150321 | Zig:21   | Killed Pogoema the pandemonium lord
150339 | Zig:21   | Killed Saehut the pandemonium lord
150340 | Zig:21   | Reached skill level 10 in Short Blades
150340 | Zig:21   | Reached skill level 10 in Throwing
150342 | Zig:21   | Killed Yqeplash the pandemonium lord
150343 | Zig:21   | Reached skill level 10 in Long Blades
150345 | Zig:21   | Killed Akism the pandemonium lord
150422 | Zig:21   | Identified the staff of Midsummer {rPois rN+ Necro}
150428 | Zig:21   | Identified the +5 scimitar "Rulair" {vamp, rC+ rCorr}
150639 | Zig:22   | Entered Level 22 of a ziggurat
150659 | Zig:22   | Reached skill level 15 in Hexes
150913 | Zig:22   | Identified the staff of Impatience {rC+++ Str-5 Int+3 Conj}
150915 | Zig:22   | Identified the +1 robe of Nasarauz {rPois rC+ Str-4 Int+3}
150957 | Zig:22   | Identified the +2 flail "Xawos" {pain, rF+ Stlth+}
150970 | Zig:22   | Identified the +1 robe of the Endless Expanse {-Cast rPois
                  | Regen+ Dex+4 SInv}
150973 | Zig:22   | Identified the +11 spear "Goliul" {flame, +Blink Will+
                  | Dex-3}
150974 | Zig:22   | Identified the +0 pair of boots of Gallantry {rC- Str+2
                  | Dex+4}
151045 | Zig:23   | Entered Level 23 of a ziggurat
151060 | Zig:23   | Noticed an ancient lich
151065 | Zig:23   | Noticed an ancient lich
151065 | Zig:23   | Noticed an ancient lich
151071 | Zig:23   | Noticed a dread lich
151076 | Zig:23   | Noticed a dread lich
151077 | Zig:23   | Noticed a dread lich
151077 | Zig:23   | Noticed an ancient lich
151077 | Zig:23   | Noticed a dread lich
151077 | Zig:23   | Noticed a dread lich
151078 | Zig:23   | Noticed a dread lich
151079 | Zig:23   | Noticed a dread lich
151083 | Zig:23   | Killed an ancient lich
151087 | Zig:23   | Noticed an ancient lich
151087 | Zig:23   | Killed a dread lich
151087 | Zig:23   | Killed a dread lich
151087 | Zig:23   | Killed an ancient lich
151087 | Zig:23   | Killed a dread lich
151088 | Zig:23   | Killed a dread lich
151091 | Zig:23   | Killed a dread lich
151092 | Zig:23   | Noticed a dread lich
151094 | Zig:23   | Killed an ancient lich
151095 | Zig:23   | Noticed a dread lich
151095 | Zig:23   | Noticed an ancient lich
151096 | Zig:23   | Killed a dread lich
151099 | Zig:23   | Noticed a dread lich
151111 | Zig:23   | Killed a dread lich
151112 | Zig:23   | Noticed an ancient lich
151113 | Zig:23   | Killed a dread lich
151115 | Zig:23   | Killed an ancient lich
151118 | Zig:23   | Killed an ancient lich
151123 | Zig:23   | Killed a dread lich
151126 | Zig:23   | Killed a dread lich
151130 | Zig:23   | Noticed a dread lich
151130 | Zig:23   | Killed an ancient lich
151133 | Zig:23   | Killed an ancient lich
151167 | Zig:23   | Killed a dread lich
151391 | Zig:23   | Identified the +5 sling of the End {flame, +Blink rElec rC+
                  | Int+2}
151471 | Zig:24   | Entered Level 24 of a ziggurat
151477 | Zig:24   | Noticed an ancient lich
151486 | Zig:24   | Killed an ancient lich
151486 | Zig:24   | Noticed a dread lich
151487 | Zig:24   | Noticed a dread lich
151487 | Zig:24   | Noticed a dread lich
151487 | Zig:24   | Noticed a dread lich
151487 | Zig:24   | Noticed an ancient lich
151487 | Zig:24   | Noticed a dread lich
151488 | Zig:24   | Noticed a dread lich
151488 | Zig:24   | Noticed a dread lich
151489 | Zig:24   | Noticed a dread lich
151489 | Zig:24   | Noticed a dread lich
151490 | Zig:24   | Noticed a dread lich
151491 | Zig:24   | Noticed an ancient lich
151492 | Zig:24   | Reached skill level 15 in Necromancy
151492 | Zig:24   | Killed a dread lich
151492 | Zig:24   | Killed a dread lich
151492 | Zig:24   | Killed a dread lich
151492 | Zig:24   | Killed a dread lich
151492 | Zig:24   | Killed a dread lich
151492 | Zig:24   | Killed a dread lich
151493 | Zig:24   | Noticed a dread lich
151493 | Zig:24   | Noticed an ancient lich
151493 | Zig:24   | Noticed an ancient lich
151493 | Zig:24   | Noticed a dread lich
151493 | Zig:24   | Noticed an ancient lich
151493 | Zig:24   | Noticed an ancient lich
151495 | Zig:24   | Killed a dread lich
151497 | Zig:24   | Killed a dread lich
151498 | Zig:24   | Noticed an ancient lich
151498 | Zig:24   | Killed an ancient lich
151498 | Zig:24   | Killed a dread lich
151499 | Zig:24   | Noticed an ancient lich
151500 | Zig:24   | Killed a dread lich
151503 | Zig:24   | Killed an ancient lich
151504 | Zig:24   | Reached skill level 15 in Short Blades
151504 | Zig:24   | Reached skill level 15 in Throwing
151504 | Zig:24   | Killed an ancient lich
151504 | Zig:24   | Killed a dread lich
151504 | Zig:24   | Killed an ancient lich
151504 | Zig:24   | Killed a dread lich
151508 | Zig:24   | Reached skill level 15 in Summonings
151508 | Zig:24   | Killed an ancient lich
151509 | Zig:24   | Killed an ancient lich
151511 | Zig:24   | Killed an ancient lich
151520 | Zig:24   | Killed an ancient lich
151695 | Zig:24   | Identified the amulet "Nayvelux" {RegenMP rC+ RegenMP+
                  | Str+7 Slay-5}
151754 | Zig:24   | Identified the +7 hand axe of Gravity {protect, ^Fragile
                  | rN+ Str+2}
151764 | Zig:24   | Identified the +1 battleaxe of Exquisite Death {protect,
                  | rCorr}
151768 | Zig:24   | Identified the +1 hat "Jaorgh" {rF+ rCorr Int-2}
151769 | Zig:24   | Identified the +2 pair of boots of the Moon {Regen+}
151772 | Zig:24   | Identified the +8 rapier of Contradiction {elec, rC+ Int+3}
151773 | Zig:24   | Identified the staff "Ryggody" {rPois rN+ Str+3 Conj}
151794 | Zig:25   | Entered Level 25 of a ziggurat
151799 | Zig:25   | Noticed a seraph
151802 | Zig:25   | Noticed a seraph
151811 | Zig:25   | Killed a seraph
151812 | Zig:25   | Identified the +3 tower shield of Gozag's Condemnation
                  | {Harm}
151812 | Zig:25   | Noticed a seraph
151814 | Zig:25   | Killed a seraph
151815 | Zig:25   | Reached skill level 15 in Translocations
151817 | Zig:25   | Noticed a seraph
151819 | Zig:25   | Killed a seraph
151826 | Zig:25   | Killed a seraph
152030 | Zig:25   | Identified the staff "Tormentor" {^Drain Fly rN+ Int+3
                  | Earth}
152256 | Zig:25   | Identified the +7 orcbow of Beogh's Condemnation {freeze,
                  | ^Drain Will++ Str+2}
152275 | Zig:26   | Entered Level 26 of a ziggurat
152296 | Zig:26   | Reached skill level 15 in Long Blades
152636 | Zig:26   | Identified the +7 great sword of Dabum {heavy, rPois Str+5}
152640 | Zig:26   | Identified the staff of Nar Masu {Conj Alchemy}
152660 | Zig:26   | Identified the ring of Wivaseo {AC+4 Str+2}
152681 | Zig:27   | Entered Level 27 of a ziggurat
152902 | Zig:27   | Found the +5 Storm Queen's Shield {shock, Fly rElec}
152929 | Zig:27   | Identified the +7 mace of the Eye-covered God {flame, rF+++
                  | Str-3 Dex+6}
152938 | Zig:27   | Identified the +10 plate armour "Uriruvaf" {Will+ Str+2}
152939 | Zig:27   | Identified the +10 short sword of Nedum {flame, rPois rN++
                  | Str-3 SInv}
152940 | Zig:27   | Identified the staff of Disarray {rN++ Conj Hexes Earth}
152949 | Zig:27   | Identified the +1 troll leather armour "Hin Zeli" {Regen+
                  | Dex+2}
153322 | Depths:2 | Bought a pair of ichor-stained boots for 437 gold pieces
153322 | Depths:2 | Identified the +0 pair of boots of the Untouchables {rF+
                  | Dex+2 Slay+3 Stlth-} (You bought it in a shop on level 2 of
                  | the Depths)
153363 | Depths:2 | Bought a scroll of blinking for 330 gold pieces
153367 | Depths:2 | Bought a scroll of blinking for 217 gold pieces
153372 | Depths:2 | Acquired 761 gold pieces
153373 | Depths:2 | Acquired a +4 demon blade of venom
153380 | Depths:2 | Acquired 928 gold pieces
153409 | Zig:1    | Entered Level 1 of a ziggurat
153597 | Zig:2    | Entered Level 2 of a ziggurat
153665 | Zig:3    | Entered Level 3 of a ziggurat
153667 | Zig:3    | Noticed Emokh the pandemonium lord
153670 | Zig:3    | Found the brooch of Shielding {Spirit SH+8}
153686 | Zig:3    | Killed Emokh the pandemonium lord
153754 | Zig:4    | Entered Level 4 of a ziggurat
153822 | Zig:4    | Identified the +10 spear of Recklessness {chaos, +Blink
                  | Int-5 SInv}
153837 | Zig:5    | Entered Level 5 of a ziggurat
153942 | Zig:6    | Entered Level 6 of a ziggurat
153947 | Zig:6    | Noticed Parehuf the pandemonium lord
153948 | Zig:6    | Noticed Exi Utia the pandemonium lord
153948 | Zig:6    | Noticed Benos the pandemonium lord
153949 | Zig:6    | Noticed Ejimas the pandemonium lord
153950 | Zig:6    | Noticed Athroos the pandemonium lord
153951 | Zig:6    | Noticed Jaegy the pandemonium lord
153957 | Zig:6    | Killed Benos the pandemonium lord
153957 | Zig:6    | Killed Jaegy the pandemonium lord
153964 | Zig:6    | Killed Ejimas the pandemonium lord
153965 | Zig:6    | Killed Parehuf the pandemonium lord
153969 | Zig:6    | Killed Exi Utia the pandemonium lord
153972 | Zig:6    | Killed Athroos the pandemonium lord
154098 | Zig:7    | Entered Level 7 of a ziggurat
154218 | Zig:7    | Identified the ring "Mozegary" {Fire Fly Will+ Int+3}
154283 | Zig:8    | Entered Level 8 of a ziggurat
154285 | Zig:8    | Noticed an ancient lich
154285 | Zig:8    | Noticed an ancient lich
154286 | Zig:8    | Noticed a dread lich
154289 | Zig:8    | Noticed an ancient lich
154289 | Zig:8    | Noticed a dread lich
154294 | Zig:8    | Noticed an ancient lich
154295 | Zig:8    | Noticed a dread lich
154295 | Zig:8    | Noticed a dread lich
154296 | Zig:8    | Noticed a dread lich
154297 | Zig:8    | Killed a dread lich
154300 | Zig:8    | Killed an ancient lich
154302 | Zig:8    | Noticed a dread lich
154303 | Zig:8    | Killed a dread lich
154305 | Zig:8    | Killed an ancient lich
154308 | Zig:8    | Killed an ancient lich
154311 | Zig:8    | Killed a dread lich
154316 | Zig:8    | Killed a dread lich
154322 | Zig:8    | Killed a dread lich
154327 | Zig:8    | Killed an ancient lich
154329 | Zig:8    | Killed a dread lich
154476 | Zig:8    | Identified the +7 war axe "Hotix" {drain, rN+ Int+3}
154478 | Zig:8    | Identified the +8 flail of Instinct {flame, rC+ Int+3}
154490 | Zig:8    | Identified the +0 crystal plate armour of the Monkey {rCorr
                  | Str+3 Int-3}
154517 | Zig:9    | Entered Level 9 of a ziggurat
154518 | Zig:9    | Noticed Kiefouv the pandemonium lord
154518 | Zig:9    | Noticed Depuan the pandemonium lord
154519 | Zig:9    | Noticed Firif the pandemonium lord
154520 | Zig:9    | Noticed Paan Joa the pandemonium lord
154522 | Zig:9    | Killed Depuan the pandemonium lord
154524 | Zig:9    | Noticed Ogagevir the pandemonium lord
154528 | Zig:9    | Killed Kiefouv the pandemonium lord
154529 | Zig:9    | Noticed Weucoih the pandemonium lord
154534 | Zig:9    | Noticed Yntathras the pandemonium lord
154536 | Zig:9    | Killed Paan Joa the pandemonium lord
154539 | Zig:9    | Noticed Ycet the pandemonium lord
154545 | Zig:9    | Killed Recwaurr the pandemonium lord
154547 | Zig:9    | Killed Ogagevir the pandemonium lord
154552 | Zig:9    | Killed Weucoih the pandemonium lord
154557 | Zig:9    | Killed Muyff the pandemonium lord
154562 | Zig:9    | Killed Firif the pandemonium lord
154565 | Zig:9    | Noticed Hipouzoq the pandemonium lord
154565 | Zig:9    | Noticed Boomott the pandemonium lord
154566 | Zig:9    | Killed Boomott the pandemonium lord
154578 | Zig:9    | Killed Yntathras the pandemonium lord
154591 | Abyss:5  | Found a corrupted altar of Lugonu.
154591 | Abyss:5  | Cast into level 5 of the Abyss (Ycet)
154618 | Zig:9    | Escaped the Abyss
154628 | Zig:9    | Killed Hipouzoq the pandemonium lord
154636 | Zig:9    | Killed Ycet the pandemonium lord
154711 | Zig:9    | Identified the +2 short sword of the Elven Halls {holy,
                  | rN+}
154809 | Zig:10   | Entered Level 10 of a ziggurat
155015 | Zig:11   | Entered Level 11 of a ziggurat
155089 | Zig:11   | Identified the ring of Xom's Sleight of Hands {rC+ rCorr
                  | EV+5 Stlth+}
155235 | Zig:12   | Entered Level 12 of a ziggurat
155235 | Zig:12   | Noticed a juggernaut
155235 | Zig:12   | Noticed a juggernaut
155236 | Zig:12   | Noticed a juggernaut
155236 | Zig:12   | Killed a juggernaut
155237 | Zig:12   | Reached skill level 1 in Polearms
155237 | Zig:12   | Reached skill level 1 in Staves
155238 | Zig:12   | Noticed a juggernaut
155238 | Zig:12   | Noticed a juggernaut
155238 | Zig:12   | Noticed a juggernaut
155243 | Zig:12   | Killed a juggernaut
155246 | Zig:12   | Killed a juggernaut
155249 | Zig:12   | Killed a juggernaut
155251 | Zig:12   | Killed a juggernaut
155251 | Zig:12   | Killed a juggernaut
155252 | Zig:12   | Noticed a juggernaut
155252 | Zig:12   | Noticed a juggernaut
155253 | Zig:12   | Noticed a juggernaut
155261 | Zig:12   | Killed a juggernaut
155263 | Zig:12   | Killed a juggernaut
155265 | Zig:12   | Killed a juggernaut
155480 | Zig:12   | Identified the staff "Ruocysio" {rPois rN+ Alchemy}
155493 | Zig:12   | Identified the +0 scale mail of Acastuuk {Fly Dex+2}
155535 | Zig:13   | Entered Level 13 of a ziggurat
155543 | Zig:13   | Reached skill level 5 in Axes
155544 | Zig:13   | Reached skill level 5 in Polearms
155544 | Zig:13   | Reached skill level 5 in Staves
155737 | Zig:13   | Identified the +2 helmet of the Sky {rC+ Int+3}
155764 | Zig:13   | Identified the +2 glaive "Dragonbane" {freeze, rF+ Dex+3
                  | Stlth+}
155894 | Zig:14   | Entered Level 14 of a ziggurat
155897 | Zig:14   | Noticed Nalaklye's ghost (legendary DjCA)
155897 | Zig:14   | Noticed Mibih's ghost (legendary DjAE)
155900 | Zig:14   | Noticed Ysol's ghost (legendary OpHW)
155904 | Zig:14   | Noticed Duta's ghost (legendary FoHu)
155904 | Zig:14   | Noticed Hoiham's ghost (legendary MiFi)
155904 | Zig:14   | Noticed Tejiel's ghost (legendary GrFi)
155904 | Zig:14   | Noticed Coyd's ghost (legendary HOMo)
155905 | Zig:14   | Noticed Duta's ghost (legendary FoHu)
155905 | Zig:14   | Noticed Duta's ghost (legendary FoHu)
155906 | Zig:14   | Noticed Pixogrep's ghost (legendary OpCj)
155906 | Zig:14   | Noticed Oxtuo's ghost (legendary DECj)
155906 | Zig:14   | Noticed Mibih's ghost (legendary DjAE)
155906 | Zig:14   | Noticed Ussulutyn's ghost (legendary DsFi)
155909 | Zig:14   | Noticed Coyd's ghost (legendary HOMo)
155909 | Zig:14   | Noticed Feuw's ghost (veteran MiBe)
155910 | Zig:14   | Noticed Feuw's ghost (veteran MiBe)
155913 | Zig:14   | Killed Ysol's ghost
155914 | Zig:14   | Noticed Quogoet's ghost (legendary OpSh)
155915 | Zig:14   | Noticed Tejiel's ghost (legendary GrFi)
155915 | Zig:14   | Noticed Duta's ghost (legendary FoHu)
155917 | Zig:14   | Noticed Mibih's ghost (legendary DjAE)
155917 | Zig:14   | Noticed Quogoet's ghost (legendary OpSh)
155918 | Zig:14   | Killed Tejiel's ghost
155931 | Zig:14   | Killed Mibih's ghost
155939 | Zig:14   | Killed Coyd's ghost
155942 | Zig:14   | Killed Oxtuo's ghost
155944 | Zig:14   | Killed Quogoet's ghost
155947 | Zig:14   | Killed Tejiel's ghost
155947 | Zig:14   | Killed Duta's ghost
155952 | Zig:14   | Killed Pixogrep's ghost
155957 | Zig:14   | Killed Mibih's ghost
155958 | Zig:14   | Killed Ussulutyn's ghost
155958 | Zig:14   | Killed Hoiham's ghost
155958 | Zig:14   | Killed Duta's ghost
155960 | Zig:14   | Killed Duta's ghost
155960 | Zig:14   | Killed Feuw's ghost
155963 | Zig:14   | Killed Duta's ghost
155967 | Zig:14   | Killed Quogoet's ghost
155968 | Zig:14   | Killed Nalaklye's ghost
155972 | Zig:14   | Killed Mibih's ghost
155976 | Zig:14   | Killed Feuw's ghost
155978 | Zig:14   | Killed Coyd's ghost
156073 | Zig:14   | Identified the staff of the Spider {rN+ Dex-2 Stlth+ Conj
                  | Ice}
156075 | Zig:14   | Identified the +0 barding of Virtue {rN+ Int+2}
156129 | Zig:14   | Identified the +3 scale mail "Dosetsun" {Harm}
156143 | Zig:14   | Identified the +6 quarterstaff "Hintosm" {freeze, *Slow
                  | ^Fragile Fly rCorr}
156144 | Zig:14   | Identified the ring "Idulason" {rC+ AC+4 Slay+2}
156196 | Zig:15   | Entered Level 15 of a ziggurat
156198 | Zig:15   | Noticed a dread lich
156198 | Zig:15   | Noticed a dread lich
156198 | Zig:15   | Noticed a dread lich
156201 | Zig:15   | Noticed a dread lich
156202 | Zig:15   | Noticed a dread lich
156202 | Zig:15   | Noticed a dread lich
156202 | Zig:15   | Killed a dread lich
156203 | Zig:15   | Noticed an ancient lich
156203 | Zig:15   | Killed a dread lich
156204 | Zig:15   | Noticed an ancient lich
156204 | Zig:15   | Noticed a dread lich
156205 | Zig:15   | Noticed a dread lich
156205 | Zig:15   | Noticed an ancient lich
156205 | Zig:15   | Noticed a dread lich
156206 | Zig:15   | Noticed a dread lich
156206 | Zig:15   | Noticed a dread lich
156207 | Zig:15   | Noticed an ancient lich
156207 | Zig:15   | Noticed a dread lich
156212 | Zig:15   | Killed a dread lich
156213 | Zig:15   | Killed a dread lich
156213 | Zig:15   | Killed an ancient lich
156213 | Zig:15   | Killed a dread lich
156213 | Zig:15   | Killed an ancient lich
156214 | Zig:15   | Killed a dread lich
156214 | Zig:15   | Killed a dread lich
156215 | Zig:15   | Reached skill level 10 in Axes
156215 | Zig:15   | Killed an ancient lich
156226 | Zig:15   | Killed a dread lich
156227 | Zig:15   | Reached skill level 10 in Polearms
156228 | Zig:15   | Killed a dread lich
156228 | Zig:15   | Killed a dread lich
156228 | Zig:15   | Killed a dread lich
156229 | Zig:15   | Reached skill level 10 in Staves
156231 | Zig:15   | Killed a dread lich
156234 | Zig:15   | Killed an ancient lich
156420 | Zig:15   | Identified the +0 cloak "Adaaw" {rC+ Regen+ Int+5 Dex-3}
156422 | Zig:15   | Identified the +0 chain mail of Boredom {Fly rPois rC++
                  | Int-3}
156423 | Zig:15   | Identified the staff "Grim" {rElec Dex+7 Air}
156436 | Zig:15   | Identified the +4 longbow of Qazlal's Inspiration {elec,
                  | rF- Int+2 Dex+2}
156439 | Zig:15   | Identified the +0 long sword of Untruth {elec, rElec rPois
                  | Dex+3}
156454 | Zig:16   | Entered Level 16 of a ziggurat
156457 | Zig:16   | Noticed an ancient lich
156460 | Zig:16   | Killed an ancient lich
156461 | Zig:16   | Noticed a dread lich
156468 | Zig:16   | Killed a dread lich
156697 | Zig:16   | Identified the +2 robe "Aki Exut" {rCorr Dex+4 Archmagi}
156705 | Zig:16   | Identified the amulet "Viteat" {RegenMP Rampage Regen+
                  | RegenMP+ SInv}
156751 | Zig:16   | Learned a level 9 spell: Fire Storm
156781 | Zig:17   | Entered Level 17 of a ziggurat
156784 | Zig:17   | Noticed Ussulutyn's ghost (legendary DsFi)
156784 | Zig:17   | Noticed Pixogrep's ghost (legendary OpCj)
156784 | Zig:17   | Noticed Hoiham's ghost (legendary MiFi)
156784 | Zig:17   | Noticed Canwutygu's ghost (veteran MiFi)
156787 | Zig:17   | Noticed Mibih's ghost (legendary DjAE)
156788 | Zig:17   | Noticed Nalaklye's ghost (legendary DjCA)
156788 | Zig:17   | Noticed Coyd's ghost (legendary HOMo)
156788 | Zig:17   | Noticed Bines's ghost (legendary OpSh)
156789 | Zig:17   | Noticed Pixogrep's ghost (legendary OpCj)
156791 | Zig:17   | Noticed Quogoet's ghost (legendary OpSh)
156793 | Zig:17   | Noticed Quogoet's ghost (legendary OpSh)
156795 | Zig:17   | Killed Hoiham's ghost
156795 | Zig:17   | Noticed Canwutygu's ghost (veteran MiFi)
156799 | Zig:17   | Noticed Hoiham's ghost (legendary MiFi)
156799 | Zig:17   | Killed Quogoet's ghost
156802 | Zig:17   | Noticed Duta's ghost (legendary FoHu)
156802 | Zig:17   | Noticed Bines's ghost (legendary OpSh)
156803 | Zig:17   | Noticed Ometuamn's ghost (legendary OnSh)
156805 | Zig:17   | Killed Ussulutyn's ghost
156805 | Zig:17   | Killed Hoiham's ghost
156805 | Zig:17   | Noticed Pixogrep's ghost (legendary OpCj)
156805 | Zig:17   | Noticed Suwusiqo's ghost (legendary DjCj)
156806 | Zig:17   | Noticed Ysol's ghost (legendary OpHW)
156806 | Zig:17   | Noticed Ometuamn's ghost (legendary OnSh)
156806 | Zig:17   | Noticed Bines's ghost (legendary OpSh)
156807 | Zig:17   | Killed Pixogrep's ghost
156807 | Zig:17   | Noticed Nalaklye's ghost (legendary DjCA)
156807 | Zig:17   | Noticed Omay's ghost (master MiFi)
156808 | Zig:17   | Noticed Quogoet's ghost (legendary OpSh)
156808 | Zig:17   | Killed Coyd's ghost
156810 | Zig:17   | Killed Mibih's ghost
156810 | Zig:17   | Killed Pixogrep's ghost
156811 | Zig:17   | Killed Nalaklye's ghost
156811 | Zig:17   | Killed Duta's ghost
156812 | Zig:17   | Killed Ysol's ghost
156812 | Zig:17   | Killed Quogoet's ghost
156813 | Zig:17   | Killed Canwutygu's ghost
156814 | Zig:17   | Killed Bines's ghost
156815 | Zig:17   | Killed Pixogrep's ghost
156815 | Zig:17   | Killed Ometuamn's ghost
156816 | Zig:17   | Killed Bines's ghost
156817 | Zig:17   | Killed Quogoet's ghost
156818 | Zig:17   | Killed Ometuamn's ghost
156820 | Zig:17   | Killed Nalaklye's ghost
156838 | Zig:17   | Killed Omay's ghost
156850 | Zig:17   | Killed Suwusiqo's ghost
156853 | Zig:17   | Killed Bines's ghost
156858 | Zig:17   | Killed Canwutygu's ghost
156904 | Zig:17   | Found the ring of the Hare {EV+10}
156920 | Zig:17   | Identified the +3 demon blade of the Heart {elec, rElec
                  | rPois}
156921 | Zig:17   | Identified the +2 cloak "Coecenuoq" {Harm Dex+3}
156922 | Zig:17   | Identified the +0 short sword of Proximity {freeze, Int+2}
156923 | Zig:17   | Identified the +2 falchion "Qarusoto" {elec, rC+ Int+3}
157105 | Zig:18   | Entered Level 18 of a ziggurat
157111 | Zig:18   | Noticed an orb of fire
157111 | Zig:18   | Noticed an orb of fire
157111 | Zig:18   | Noticed an orb of fire
157111 | Zig:18   | Noticed an orb of fire
157113 | Zig:18   | Noticed an orb of fire
157114 | Zig:18   | Noticed an orb of fire
157114 | Zig:18   | Noticed an orb of fire
157114 | Zig:18   | Noticed an orb of fire
157114 | Zig:18   | Noticed an orb of fire
157114 | Zig:18   | Noticed an orb of fire
157114 | Zig:18   | Noticed an orb of fire
157115 | Zig:18   | Noticed an orb of fire
157115 | Zig:18   | Noticed an orb of fire
157116 | Zig:18   | Noticed an orb of fire
157116 | Zig:18   | Noticed an orb of fire
157116 | Zig:18   | Noticed an orb of fire
157116 | Zig:18   | Noticed an orb of fire
157116 | Zig:18   | Noticed an orb of fire
157116 | Zig:18   | Noticed an orb of fire
157118 | Zig:18   | Noticed an orb of fire
157118 | Zig:18   | Noticed an orb of fire
157118 | Zig:18   | Noticed an orb of fire
157118 | Zig:18   | Noticed an orb of fire
157118 | Zig:18   | Noticed an orb of fire
157119 | Zig:18   | Killed an orb of fire
157120 | Zig:18   | Noticed an orb of fire
157121 | Zig:18   | Noticed an orb of fire
157121 | Zig:18   | Noticed an orb of fire
157122 | Zig:18   | Noticed an orb of fire
157122 | Zig:18   | Noticed an orb of fire
157123 | Zig:18   | Killed an orb of fire
157123 | Zig:18   | Killed an orb of fire
157123 | Zig:18   | Noticed an orb of fire
157124 | Zig:18   | Killed an orb of fire
157124 | Zig:18   | Killed an orb of fire
157124 | Zig:18   | Killed an orb of fire
157124 | Zig:18   | Killed an orb of fire
157124 | Zig:18   | Killed an orb of fire
157125 | Zig:18   | Killed an orb of fire
157126 | Zig:18   | Killed an orb of fire
157126 | Zig:18   | Killed an orb of fire
157126 | Zig:18   | Killed an orb of fire
157126 | Zig:18   | Noticed an orb of fire
157127 | Zig:18   | Killed an orb of fire
157127 | Zig:18   | Killed an orb of fire
157127 | Zig:18   | Killed an orb of fire
157127 | Zig:18   | Noticed an orb of fire
157127 | Zig:18   | Killed an orb of fire
157128 | Zig:18   | Killed an orb of fire
157128 | Zig:18   | Killed an orb of fire
157128 | Zig:18   | Killed an orb of fire
157128 | Zig:18   | Killed an orb of fire
157128 | Zig:18   | Noticed an orb of fire
157129 | Zig:18   | Killed an orb of fire
157129 | Zig:18   | Killed an orb of fire
157129 | Zig:18   | Killed an orb of fire
157129 | Zig:18   | Killed an orb of fire
157129 | Zig:18   | Killed an orb of fire
157129 | Zig:18   | Killed an orb of fire
157129 | Zig:18   | Killed an orb of fire
157130 | Zig:18   | Noticed an orb of fire
157130 | Zig:18   | Noticed an orb of fire
157130 | Zig:18   | Noticed an orb of fire
157131 | Zig:18   | Noticed an orb of fire
157132 | Zig:18   | Noticed an orb of fire
157132 | Zig:18   | Noticed an orb of fire
157133 | Zig:18   | Noticed an orb of fire
157133 | Zig:18   | Noticed an orb of fire
157134 | Zig:18   | Killed an orb of fire
157140 | Zig:18   | Killed an orb of fire
157142 | Zig:18   | Killed an orb of fire
157143 | Zig:18   | Killed an orb of fire
157143 | Zig:18   | Killed an orb of fire
157144 | Zig:18   | Killed an orb of fire
157148 | Zig:18   | Killed an orb of fire
157149 | Zig:18   | Killed an orb of fire
157153 | Zig:18   | Killed an orb of fire
157158 | Zig:18   | Killed an orb of fire
157160 | Zig:18   | Killed an orb of fire
157164 | Zig:18   | Killed an orb of fire
157166 | Zig:18   | Killed an orb of fire
157169 | Zig:18   | Killed an orb of fire
157298 | Zig:18   | Identified the +7 halberd of Peril {freeze, rC+ Str+4}
157312 | Zig:18   | Identified the +11 short sword "Qaxki" {flame, rN+ Str+3
                  | Dex+4}
157335 | Zig:18   | Identified the +10 arbalest of Zotet {penet, Fly rN+ rCorr}
157373 | Zig:19   | Entered Level 19 of a ziggurat
157416 | Zig:19   | Found the +3 Elemental Staff {ele, rElec rF+ rC+ AC+3}
157713 | Zig:19   | Identified the +5 morningstar of Ancient Evil {chaos, rN+}
157716 | Zig:19   | Identified the +4 short sword of Famine {heavy, Fly}
157729 | Zig:19   | Identified the staff of Proximity {rPois rN+ Necro}
157773 | Zig:19   | Identified the +7 spear of Change {freeze, rC+ Str-5
                  | Stlth+}
157804 | Zig:20   | Entered Level 20 of a ziggurat
157807 | Zig:20   | Noticed a juggernaut
157808 | Zig:20   | Noticed a juggernaut
157809 | Zig:20   | Noticed a juggernaut
157809 | Zig:20   | Noticed a juggernaut
157810 | Zig:20   | Noticed a juggernaut
157810 | Zig:20   | Noticed a juggernaut
157811 | Zig:20   | Noticed a juggernaut
157811 | Zig:20   | Killed a juggernaut
157811 | Zig:20   | Killed a juggernaut
157812 | Zig:20   | Noticed a juggernaut
157812 | Zig:20   | Noticed a juggernaut
157813 | Zig:20   | Killed a juggernaut
157813 | Zig:20   | Killed a juggernaut
157813 | Zig:20   | Killed a juggernaut
157814 | Zig:20   | Noticed a juggernaut
157814 | Zig:20   | Noticed a juggernaut
157814 | Zig:20   | Noticed a juggernaut
157814 | Zig:20   | Noticed a juggernaut
157814 | Zig:20   | Noticed a juggernaut
157816 | Zig:20   | Noticed a juggernaut
157816 | Zig:20   | Noticed a juggernaut
157816 | Zig:20   | Killed a juggernaut
157816 | Zig:20   | Killed a juggernaut
157816 | Zig:20   | Killed a juggernaut
157816 | Zig:20   | Killed a juggernaut
157816 | Zig:20   | Noticed a juggernaut
157816 | Zig:20   | Noticed a juggernaut
157822 | Zig:20   | Killed a juggernaut
157822 | Zig:20   | Noticed a juggernaut
157823 | Zig:20   | Noticed a juggernaut
157823 | Zig:20   | Noticed a juggernaut
157823 | Zig:20   | Noticed a juggernaut
157823 | Zig:20   | Noticed a juggernaut
157825 | Zig:20   | Noticed a juggernaut
157827 | Zig:20   | Killed a juggernaut
157827 | Zig:20   | Killed a juggernaut
157828 | Zig:20   | Noticed a juggernaut
157829 | Zig:20   | Killed a juggernaut
157830 | Zig:20   | Killed a juggernaut
157832 | Zig:20   | Killed a juggernaut
157832 | Zig:20   | Killed a juggernaut
157832 | Zig:20   | Killed a juggernaut
157833 | Zig:20   | Killed a juggernaut
157833 | Zig:20   | Killed a juggernaut
157834 | Zig:20   | Killed a juggernaut
157835 | Zig:20   | Killed a juggernaut
157839 | Zig:20   | Killed a juggernaut
157840 | Zig:20   | Killed a juggernaut
158185 | Zig:20   | Identified the staff of Xol Tach {^Fragile rF+ rN+ Str+5
                  | Dex+3 Necro}
158189 | Zig:20   | Identified the +2 hand axe "Newtslayer" {heavy, *Slow rElec
                  | rN+ Dex+3}
158194 | Zig:20   | Identified the +0 robe "Bemeiczo" {Regen+ Str+3 Dex+3
                  | Archmagi}
158197 | Zig:20   | Identified the +5 quarterstaff of Wyrd {flame, Int+5}
158274 | Zig:21   | Entered Level 21 of a ziggurat
158280 | Zig:21   | Identified the +2 tower shield of True Grit {*Slow Str+5}
158287 | Zig:21   | Noticed a seraph
158288 | Zig:21   | Noticed a seraph
158293 | Zig:21   | Noticed a seraph
158293 | Zig:21   | Noticed a seraph
158293 | Zig:21   | Noticed a seraph
158294 | Zig:21   | Noticed a seraph
158294 | Zig:21   | Killed a seraph
158295 | Zig:21   | Killed a seraph
158296 | Zig:21   | Reached skill level 15 in Axes
158302 | Zig:21   | Reached skill level 15 in Staves
158302 | Zig:21   | Killed a seraph
158303 | Zig:21   | Noticed a seraph
158304 | Zig:21   | Noticed a seraph
158312 | Zig:21   | Killed a seraph
158313 | Zig:21   | Identified the +4 buckler "Quizxufe" {Harm Int+2}
158314 | Zig:21   | Reached skill level 15 in Polearms
158317 | Zig:21   | Annihilated by a seraph

Illustrated notes

Levels and vault maps discovered:
D:1:      sevenhm_arrival_forest_fort_large_4, layout_rooms, serial_bayou_ford_a
D:2:      layout_basic, basic_altar
D:3:      layout_basic, grunt_temple_overflow_forces_of_nature,
          lemuel_coloured_pillars_altar, led_sif_book, lemuel_crystal_altar,
          portal_sewer_entry_b, uniq_natasha
D:4:      layout_gridville, trog_ov_bears_minmay, uniq_pikel
D:5:      layout_basic, lemuel_mausoleum_altar_yredelemnul
D:6:      layout_basic, serial_park_tiny_pond
D:7:      layout_rooms, mainiacjoe_overflow_six_doors_small, lemuel_round_altar,
          minmay_temple_entry_glassed_door, the_hattery, uniq_maggie,
          uniq_jeremiah
D:8:      layout_loops_ring, minivault_22
D:9:      layout_cross, mainiacjoe_overflow_cross_hatched, serial_bayou_lagoon_a
D:10:     layout_loops_ring, okawaru_altar_gauntlet_db, david_lair_generic,
          uniq_gastronok, uniq_sonja
D:11:     layout_roguey
D:12:     layout_loops_ring, uniq_nergalle
D:13:     layout_basic, nicolae_ru_awakened_eye
D:14:     layout_loops_corners, skrybe_vaults_entry_preservation
D:15:     grunt_enter_depths_giant_problem, layout_long_grid,
          nicolae_vehumet_altar_sigil, uniq_agnes, uniq_rupert
Temple:   grunt_temple_mini_profane
Lair:1:   layout_cellular_growth, bh_autumn_forest_stairs,
          chequers_serial_rivers_micro_a, uniq_harold
Lair:2:   layout_small_grid, minmay_shoals_entry_lonely_mermaid,
          minmay_snake_entry_six_corridors, basic_altar
Lair:3:   layout_regular_city, serial_bayou_shore_b, serial_bayou_shore_a
Lair:4:   layout_cave_pods, dpeg_slime_entry_enclosed, st_stairs_3,
          grunt_megastairs_4
Lair:5:   minmay_lair_end_frog_pond, layout_gridlike, lemuel_fruit_fields
Shoals:1: layout_shoals, nicolae_shop_self_help
Shoals:2: layout_shoals, nicolae_shoals_gull_way, uniq_ilsuiw
Shoals:3: layout_shoals, nicolae_alphabet_shops, uniq_roxanne, uniq_mlioglotl
Shoals:4: shoals_end_grunt_garden, layout_shoals, nicolae_shoals_land_atoll,
          uniq_polyphemus, uniq_nikola
Snake:1:  layout_rooms, uniq_aizul
Snake:2:  layout_rooms, drop_trap, minmay_shop_grove, serial_bayou_shore_b
Snake:3:  layout_misc_corridors, grunt_ministairs_15
Snake:4:  johnstein_snake_rune_scales, layout_gridlike, basic_altar,
          serial_library_hellmonk_room_c
Slime:1:  layout_caves
Slime:2:  layout_caves
Slime:3:  layout_caves
Slime:4:  layout_caves
Slime:5:  slime_pit_nicolae_amoeboid
Orc:1:    layout_caves
Orc:2:    kennysheep_orc_mage_school, layout_diamond_mine,
          portal_ice_cave_entry_ice_simulacra, serial_shops,
          nicolae_square_shop, uniq_azrael, uniq_donald, uniq_erolcha
Elf:1:    eino_elf_arrival_sip, layout_geoelf_octagon, basic_altar,
          hangedman_elf_represent, nicolae_rare_books,
          nicolae_elf_big_sculpture_1, palyth_stone_intersect,
          grunt_ministairs_2, uniq_norris
Elf:2:    nicolae_elf_blades_splatter_lattice
          [nicolae_blade_entry_sentries_behind_glass], layout_loops_cross,
          guppyfry_elf_garden, uniq_saint_roka
Elf:3:    minmay_elf_hall_dome, layout_geoelf_octagon, serial_nicolae_subway,
          nicolae_sub_station_crystal, nicolae_sub_station_metal,
          nicolae_sub_station_stone
Vaults:1: nicolae_vaults_triangles, v_misc_3, hangedman_vaults_slice,
          nicolae_vaults_big_ls, vaults_mumra_minichess,
          hangedman_vaults_capsules, vaults_dpeg_diagonal,
          nicolae_vaults_shipping_containers_2, v_misc_8,
          nicolae_vaults_diamond_2, nicolae_vaults_trapezoid_layered,
          layout_vaults_ring
Vaults:2: minmay_orc_keep, nicolae_vaults_double_plus_3,
          hangedman_vaults_restitches, nicolae_vaults_branching_niches,
          v_misc_12, nicolae_vaults_trapezoid_layered,
          nicolae_vaults_stepped_doors, nicolae_vaults_tetromino_T_1,
          vaults_room_fours, nicolae_vaults_closet_pinwheel_1,
          layout_vaults_chaotic_city, serial_shops,
          nicolae_shop_temple_entry_statues_fountains, shop_statue, shop, shop,
          nicolae_trove_entry_free_sample
Vaults:3: gammafunk_ghost_tricky_traps, nicolae_vaults_offset_grid_hallway_3,
          v_misc_17, nicolae_vaults_trapezoid_lopsided_2,
          hangedman_vaults_river_flow, minmay_crypt_entry_simple_plaza,
          v_alt_pattern_5, nicolae_vaults_little_squares_6,
          ontoclasm_vaults_ligature, grunt_vaults_hallway_short,
          kennysheep_ogre_elephant_herders, ontoclasm_vaults_idyll,
          nicolae_vaults_bisected_exclaves, vaults_dpeg_ring,
          vaults_room_semicircle, nicolae_vaults_tetromino_Z_2,
          layout_vaults_big_cross, serial_shops, nicolae_shop_mannequins
Vaults:4: hangedman_vaults_trim, nicolae_vaults_little_squares_4,
          v_alt_pattern_1, vaults_room_fours, nicolae_vaults_ninety_degrees,
          nicolae_vaults_storage_closets_1, ontoclasm_vaults_bender,
          ontoclasm_vaults_pinch, nicolae_vaults_diamond_1,
          layout_vaults_quadrants, serial_shops, freezing_bzr
Vaults:5
Crypt:1:  layout_gridlike
Crypt:2:  cheibrodos_crypt_cold_storage, layout_misc_corridors,
          hangedman_summoners_spam, uniq_grunn
Crypt:3:  church_of_pain_bobbens, layout_chaotic_city,
          tomb_entry_forgotten_bobbens, basic_altar, grunt_ministairs_15,
          nicolae_crypt_lichyard
Tomb:1
Tomb:2
Tomb:3
Depths:1: layout_twisted_cross, nicolae_ashenzari_skybound, grunt_hell_horde,
          drop_trap, nicolae_elyvilon_peaceful_grove, grunt_megastairs_2,
          minmay_shoptagon
Depths:2: hangedman_arch_fort, layout_honeycomb, ziggurat_fallback, hell_entry,
          abyss_entry_glasseish, grunt_dithmenos_smoke_and_mirrors,
          rand_demon_pan_entry_9, hellmonk_scale_shop, firewood_loft
Depths:3: minmay_diamond_stairs, layout_cave_shapes, abyss_entry,
          serial_library_hellmonk_long_bookcase, hell_entry, mu_enter_wizlab_7,
          serial_shops, nicolae_shop_behind_doors
Depths:4: lemuel_castle_with_subvaults [lemuel_castle_interior_carwin_2],
          layout_basic, rand_demon_pan_entry_4, corexii_corridor_pit,
          pf_coc_iceberg, minmay_stone_trees_medium, uniq_frederick
Hell
Dis:1:    layout_subdivisions
Dis:2:    layout_jigsaw
Dis:3:    layout_subdivisions, nicolae_dis_liches_on_tour
Dis:4:    layout_jigsaw
Dis:5:    layout_overlapping_boxes
Dis:6:    layout_gridville
Dis:7:    dis_grunt_layers
Geh:1:    nicolae_geh_seventh_circle, layout_gehenna_pools_box
Geh:2:    layout_gehenna_pools_triple, hangedman_gehenna_grave_pits
Geh:4:    layout_gehenna_pools_basic
Geh:5:    layout_gehenna_pools_box, nicolae_hells_seeping_fissure
Geh:6:    layout_gehenna_pools_triple
Geh:7:    geh_mu
Coc:1:    layout_cocytus_delve
Coc:2:    layout_ice_bergs
Coc:3:    layout_cocytus_delve
Coc:4:    layout_cocytus_delve
Coc:5:    layout_cocytus_water_paths
Coc:6:    layout_ice_bergs
Coc:7:    coc_mu
Tar:1:    layout_grid_maze
Tar:2:    layout_honeycomb, nicolae_tar_four_comb_rooms
Tar:3:    layout_honeycomb
Tar:4:    layout_grid_maze, nicolae_tar_cuneiform_city
Tar:5:    layout_grid_maze
Tar:6:    layout_grid_maze
Tar:7:    tar_grunt_cathedral
Zot:1:    gammafunk_sealed_arena, layout_twisted_circle
Zot:2:    kennysheep_room_grid, layout_onion_interference,
          regret_index_zotdec_storm_pass
Zot:3:    layout_gridville, gammafunk_ghost_mausoleum, lemuel_elevator
Zot:4:    layout_onion, regret_index_zotdec_split_disrupt,
          hellmonk_greenhouse_of_terror, uniq_vv
Zot:5:    layout_gridlike, st_stairs_1, grunt_ministairs_11
Zig:21:   ziggurat_pillar_centre_what's_kraken,
          ziggurat_pillar_centre_what's_kraken,
          ziggurat_pillar_centre_what's_kraken,
          ziggurat_pillar_centre_what's_kraken, ziggurat_pillar_centre_armed,
          ziggurat_pillar_centre_armed, ziggurat_pillar_centre_armed,
          ziggurat_pillar_centre_armed

Skill      XL: |  1  2  3  4  5  6  7  8  9 10 11 12 13 14 15 16 17 18 19 20 21 22 23 24 25 26 27 |
---------------+----------------------------------------------------------------------------------+-----
Maces & Flails | 2 3 4 5 6 9 10 12 26 | 26.3
Armour         | 4 9 11 12 13 14 15 16 17 27 | 27.0
Fighting       | 9 11 13 15 17 19 20 27 | 27.0
Evocations     | 1 9 10 13 15 27 | 27.0
Dodging        | 9 12 13 14 15 27 | 27.0
Shields        | 6 9 27 | 27.0
Shapeshifting  | 8 12 16 22 23 27 | 27.0
Unarmed Combat | 8 27 | 27.0
Stealth        | 27 | 27.0
Spellcasting   | 27 | 27.0
Fire Magic     | 27 | 27.0
Hexes          | 24 | 24.6
Air Magic      | 27 | 27.0
Ice Magic      | 27 | 27.0
Conjurations   | 27 | 27.0
Earth Magic    | 27 | 27.0
Axes           | 15 | 15.3
Short Blades   | 23 | 23.5
Long Blades    | 21 | 21.8
Throwing       | 24 | 24.3
Summonings     | 23 | 23.4
Necromancy     | 24 | 24.6
Translocations | 23 | 23.1
Polearms       | 15 | 15.1
Staves         | 15 | 15.3

Action                     |  1- 3 |  4- 6 |  7- 9 | 10-12 | 13-15 | 16-18 | 19-21 | 22-24 | 25-27 || total
---------------------------+-------+-------+-------+-------+-------+-------+-------+-------+-------++-------
  Melee: Flail             |    86 |   166 |    49 |       |       |       |       |       |       ||   301
         Bite              |    12 |    35 |    90 |   303 |   552 |   639 |   586 |   696 |  7042 ||  9955
         Whip              |       |       |   252 |   732 |  1062 |   921 |       |       |       ||  2967
         Demon whip        |       |       |       |       |       |   234 |  1062 |  1183 |  2590 ||  5069
         Unarmed           |       |       |       |       |       |       |       |       | 11402 || 11402
         Punch             |       |       |       |       |       |       |       |       |  1852 ||  1852
  Throw: Dart              |       |       |     2 |     4 |     2 |     1 |       |       |       ||     9
   Cast: Ignition          |       |       |       |       |       |       |       |       |   495 ||   495
         Shatter           |       |       |       |       |       |       |       |       |    43 ||    43
         Polar Vortex      |       |       |       |       |       |       |       |       |    43 ||    43
         Chain Lightning   |       |       |       |       |       |       |       |       |    17 ||    17
         Fire Storm        |       |       |       |       |       |       |       |       |     4 ||     4
 Invoke: Potion Petition   |       |       |       |     2 |     2 |     5 |       |     1 |    91 ||   101
         Call Merchant     |       |       |       |     1 |     2 |       |     3 |     1 |    25 ||    32
Ability: Evoke Blink       |       |       |       |       |       |     1 |       |       |    21 ||    22
         Siphon Essence    |       |       |       |       |       |       |       |       |     5 ||     5
         Begin Untransform |       |       |       |       |       |       |       |       |     2 ||     2
  Evoke: Wand              |       |       |     3 |     6 |       |     5 |       |       |    50 ||    64
         Phial of floods   |       |       |       |       |       |     2 |       |       |       ||     2
         Lightning rod     |       |       |       |       |       |       |       |       |     4 ||     4
         Horn of Geryon    |       |       |       |       |       |       |       |       |     3 ||     3
         Figurine of a zig |       |       |       |       |       |       |       |       |     3 ||     3
         Condenser vane    |       |       |       |       |       |       |       |       |     2 ||     2
         Box of beasts     |       |       |       |       |       |       |       |       |     1 ||     1
    Use: Scroll            |     2 |     6 |     4 |     6 |    14 |    16 |     1 |     4 |    18 ||    71
         Potion            |       |       |     1 |       |     2 |     6 |     1 |       |    16 ||    26
   Stab: Invisible         |       |       |     1 |     3 |       |     3 |       |       |     5 ||    12
         Distracted        |       |       |       |     4 |    10 |     9 |    14 |    17 |   756 ||   810
         Petrified         |       |       |       |       |     3 |       |       |       |     1 ||     4
         Petrifying        |       |       |       |       |     1 |       |       |       |     1 ||     2
         Sleeping          |       |       |       |       |       |       |       |       |   203 ||   203
         Confused          |       |       |       |       |       |       |       |       |     2 ||     2
         Paralysed         |       |       |       |       |       |       |       |       |     1 ||     1
 Armour: Scale mail        |    80 |   209 |    82 |       |       |       |       |       |       ||   371
         Chain mail        |       |       |    54 |       |   515 |   477 |   381 |   402 |   909 ||  2738
         Gold dragon scale |       |       |    44 |   514 |    50 |       |       |       |       ||   608
         Skin              |       |       |       |       |       |       |       |       |     5 ||     5
         Shadow dragon sca |       |       |       |       |       |       |       |       |  3520 ||  3520
  Dodge: Dodged            |    45 |   125 |    65 |    96 |   435 |   583 |   590 |   913 | 10874 || 13726
         Repelled          |       |    16 |       |       |    17 |    37 |     9 |       |       ||    79
  Block: Buckler           |    23 |    85 |    62 |   139 |   280 |   360 |   143 |       |       ||  1092
         Other             |       |       |       |       |       |       |       |       |   702 ||   702
         Reflection        |       |       |       |       |       |       |       |       |    29 ||    29
   Form: Death             |       |       |       |       |       |       |       |       |     4 ||     4
                           |       |       |       |       |       |       |       |       |     1 ||     1

Table legend: (Time is in decaauts)
 A = Elapsed time spent in this place.
 B = Non-inter-level travel time spent in this place.
 C = Inter-level travel time spent in this place.
 D = Time resting spent in this place.
 E = Time spent auto-exploring this place.
 F = Levels seen in this place.
 G = Mean time per level.
                   A        B        C        D        E       F      G
               +--------+--------+--------+--------+--------+-----+--------+
         Total | 149454 | 138059 |  11395 |   1011 |  90268 | 262 |  570.4 |
       Dungeon |  13534 |  10667 |   2867 |     55 |   7801 |  15 |  902.3 |
        Temple |     72 |     31 |     41 |      0 |      0 |   1 |   72.0 |
          Lair |   5708 |   4477 |   1231 |     18 |   3320 |   5 | 1141.6 |
        Shoals |   3060 |   2885 |    175 |      0 |   2022 |   4 |  765.0 |
     Snake Pit |   2778 |   2636 |    142 |      0 |   2034 |   4 |  694.5 |
    Slime Pits |   2677 |   2580 |     97 |      0 |   2030 |   5 |  535.4 |
  Orcish Mines |   2353 |   1710 |    643 |      0 |    961 |   2 | 1176.5 |
   Elven Halls |   3781 |   3527 |    254 |    435 |   1888 |   3 | 1260.3 |
        Vaults |   8572 |   6729 |   1843 |    138 |   4828 |   5 | 1714.4 |
         Crypt |   3053 |   2737 |    316 |      3 |   1841 |   3 | 1017.7 |
          Tomb |   3113 |   2782 |    331 |      0 |   1597 |   3 | 1037.7 |
        Depths |   7436 |   5493 |   1943 |    116 |   3108 |   4 | 1859.0 |
          Hell |   1264 |    957 |    307 |    174 |    455 |   1 | 1264.0 |
           Dis |   2987 |   2733 |    254 |      0 |   1786 |   7 |  426.7 |
       Gehenna |   2758 |   2536 |    222 |      0 |   1743 |   6 |  459.7 |
       Cocytus |   2674 |   2499 |    175 |      0 |   1409 |   7 |  382.0 |
      Tartarus |   2561 |   2419 |    142 |      0 |   1601 |   7 |  365.9 |
           Zot |   4094 |   3690 |    404 |      0 |   2829 |   5 |  818.8 |
         Abyss |   1484 |   1484 |      0 |      0 |    340 |   9 |  164.9 |
   Pandemonium |  49506 |  49506 |      0 |     23 |  32992 |  59 |  839.1 |
      Ziggurat |  23720 |  23720 |      0 |     24 |  14638 | 102 |  232.5 |
        Bazaar |     52 |     52 |      0 |      0 |     13 |   1 |   52.0 |
         Trove |    137 |    137 |      0 |      0 |     30 |   1 |  137.0 |
         Sewer |    804 |    804 |      0 |     24 |    334 |   1 |  804.0 |
      Ice Cave |    182 |    182 |      0 |      0 |     49 |   1 |  182.0 |
        Wizlab |   1082 |   1082 |      0 |      0 |    610 |   1 | 1082.0 |
               +--------+--------+--------+--------+--------+-----+--------+

Top non-repeatable levels by time:
Depths:2: 2354 daAuts
Vaults:1: 2197 daAuts
Depths:4: 2125 daAuts
Vaults:2: 1933 daAuts
    D:14: 1929 daAuts
   Orc:2: 1751 daAuts
   Dis:7: 1717 daAuts
  Zig:27: 1668 daAuts
   Coc:7: 1646 daAuts
Vaults:3: 1501 daAuts
Depths:1: 1494 daAuts
Vaults:4: 1476 daAuts
Vaults:5: 1464 daAuts
Depths:3: 1461 daAuts
   Elf:2: 1438 daAuts
